Workbook
Name \A: #REF!
Name \A: #REF!
Name \g: #REF!
Name \g: #REF!
Name \S: #REF!
Name \S: #REF!
Name ACTIVATE: #REF!
Name ACTIVATE: #REF!
Name ASSUMPT: #REF!
Name ASSUMPT: #REF!
Name ASSUMPTIONS: #REF!
Name ASSUMPTIONS: #REF!
Name basicdata1: #REF!
Name basicdata1: #REF!
Name basicdata2: #REF!
Name basicdata2: #REF!
Name BCA_NGDP: [5]Q6!$E$10:$AH$10
Name BMG: [5]Q6!$E$27:$AH$27
Name BOP: #REF!
Name BOP: #REF!
Name BXG: [5]Q6!$E$19:$AH$19
Name CAPITAL: #REF!
Name CAPITAL: #REF!
Name CARGO_BY_TYPE: '[6]Table No.18-Exports goods+servi'!#REF!
Name CARGO_BY_TYPE: '[6]Table No.18-Exports goods+servi'!#REF!
Name CCode: [7]Codes!$A$2
Name CENTRALG: #REF!
Name CENTRALG: #REF!
Name CFLOW: #REF!
Name CFLOW: #REF!
Name chart1: #REF!
Name chart1: #REF!
Name Chart11: #REF!
Name Chart11: #REF!
Name chart2: #REF!
Name chart2: #REF!
Name Chart22: #REF!
Name Chart22: #REF!
Name COUNTER: #REF!
Name COUNTER: #REF!
Name CurrVintage: [8]Current!$D$66
Name Date: [7]Current!$D$67
Name DEBT: #REF!
Name DEBT: #REF!
Name Discount_NC: [9]NPV_base!#REF!
Name Discount_NC: [9]NPV_base!#REF!
Name DiscountRate: #REF!
Name DiscountRate: #REF!
Name empty: [1]Micro!#REF!
Name empty: [1]Micro!#REF!
Name EX_IMP: #REF!
Name EX_IMP: #REF!
Name GCB_NGDP: [5]Q4!$E$19:$AH$19
Name GGB_NGDP: [5]Q4!$E$41:$AH$41
Name Grace_NC: [9]NPV_base!#REF!
Name Grace_NC: [9]NPV_base!#REF!
Name IMPORT: #REF!
Name IMPORT: #REF!
Name IN_OUT: #REF!
Name IN_OUT: #REF!

Sheet Rec y Obligaciones
A1: Versión 05 | B1: Recursos Banxico | S1: Obligaciones Banxico | AH1: Recursos Banca nacional | AV1: Obligaciones Banca nacional | BJ1: Recursos Banca Privada y Mixta | BY1: Obligaciones Banca Privada y Mixta | CM1: Recursos de las Instituciones de Crédito | CS1: Obligaciones de las Instituciones de Crédito
A2: Año | B2: Recursos Banxico (A + B) | C2: 1. Disponibilidades Reservas internacionales | D2: 2. Financiamiento al Gobierno | E2: a. Valores | F2: b. Crédito | G2: 3. Financiamiento a Empresas y Particulares | H2: a. Valores | I2: b. Crédito | J2: 4. Financiamiento a Bancos | K2: a. Valores | L2: a. Crédito | M2: i. Banca Nacional | N2: ii. Banca Privada | O2: Disponibilidades en bancos y Otros | P2: a. Disponibilidades en Bancos | Q2: b. Otros Recursos | S2: Año | T2: Obligaciones Banxico | U2: A. Billetes y Monedas | V2: 1. Billetes | W2: 2. Monedas | X2: B. Cheques | Y2: 1. Moneda Nacional | Z2: i. De los Cuales a Emp. y Part. | AA2: ii. Otros | AB2: 2. Moneda Extranjera | AC2: i. De los Cuales a Emp. y Part. | AD2: ii. Otros | AE2: C. Depositos | AF2: D. Otras Obligaciones | AH2: Año | AI2: Recursos Banca Nacional | AJ2: 1. Disponibilidades | AK2: a. Disponibilidades en Oro, Plata y Divisas | AL2: b. Disponibilidades en Otros Bancos | AM2: c. Otras Disponibilidades | AN2: 2. Financiamiento al Gobierno (Valores) | AO2: 4. Financiamiento a Emp. y Part. (Valores) | AP2: 5. Crédito a Gobierno, Empresas y Particulares | AQ2: 6. Financiamiento a Bancos | AR2: a. Valores a Bancos | AS2: a. Crédito a Bancos | AT2: 7. Otros Recursos | AV2: Año | AW2: Obligaciones Banca Nacional | AX2: 1. Cheques | AY2: a. Moneda Nacional | AZ2: i. De los Cuales a Emp. y Part. | BA2: ii. Otros | BB2: b. Moneda Extranjera | BC2: i. De los Cuales a Emp. y Part. | BD2: ii. Otros | BE2: 2. Depositos y Obligaciones | BF2: a. Depositos de Ahorro y Plazo | BG2: b. Obligaciones | BH2: 3. Capital y Otras Obligaciones | BJ2: Año | BK2: Recursos Totales de la Banca Privada | BL2: 1. Disponibilidades | BM2: a. Disponibilidades en Oro, Plata y Divisas | BN2: b. Disponibilidades en Otros Bancos | BO2: c. Reservas en Banco de México | BP2: d. Otras Disponibilidades | BQ2: 2. Financiamiento al Gobierno (Valores) | BR2: 3. Financiamiento a Emp. y Part. (Valores) | BS2: 4. Crédito a Gobierno, Empresas y Particulares | BT2: 5. Financiamiento a Bancos | BU2: a. Valores a Bancos | BV2: a. Crédito a Bancos | BW2: 6. Otros Recursos | BY2: Año | BZ2: Obligaciones Banca Privada | CA2: 1. Cheques | CB2: a. Moneda Nacional | CC2: i. De los Cuales a Emp. y Part. | CD2: ii. Otros | CE2: b. Moneda Extranjera | CF2: i. De los Cuales a Emp. y Part. | CG2: ii. Otros | CH2: 2. Depositos y Obligaciones | CI2: a. Depositos de Ahorro y Plazo | CJ2: b. Obligaciones | CK2: 3. Capital y Otras Obligaciones | CM2: Año | CN2: Recursos Inst. de Crédito | CO2: Disponibilidades | CP2: Financiamiento no bancario | CQ2: Otros recursos | CS2: Año | CT2: Obligaciones Inst. de Crédito | CU2: 1. Billetes y Monedas | CV2: 2. Cheques M. N. y M. E. | CW2: a. Cheques Moneda Nacional (Emp. y Part.) | CX2: b. Cheques Moneda Extranjera (Emp. y Part.) | CY2: 3. Depositos | CZ2: 4. Otras Obligaciones, capital, etc | DB2: Años | DC2: Financiamiento a la BN de BM | DD2: Financiamiento a la BP de BM | DE2: Financiamiento a BN Y BP de BM | DF2: Financiamiento al GF de BM | DG2: Financiamiento a Emp y Part de BM | DH2: Financiamiento al GF de la BN | DI2: Financiamiento a Emp y Part de BN | DJ2: Financiamiento a la BP de la BN | DK2: Financiamiento al GF de la BP | DL2: Financiamiento a Emp y Part de la BP | DM2: Financiamiento a la BN de la BP | DN2: Financiamiento al GF del SF | DO2: Financiamiento a Emp y Part del SF | DP2: Financiamiento total del BM | DQ2: Financiamiento total del BN | DR2: Financiamiento total del BP | DS2: Financiamiento total del SF sin Banca | DT2: Financiamientoa la banca de bancos | DU2: Financiamiento total del SF con Banca | DW2: Año | DX2: M1 Diciembre | DY2: M1 Promedio | DZ2: M2 | EA2: Base monetaria
A5: 1920 | B5: - | C5: - | D5: - | E5: - | F5: - | G5: - | H5: - | I5: - | J5: - | K5: - | L5: - | M5: - | N5: - | O5: - | P5: - | Q5: - | S5: 1920 | T5: - | U5: - | V5: - | W5: - | X5: - | Y5: - | Z5: - | AA5: - | AB5: - | AC5: - | AD5: - | AE5: - | AF5: - | AH5: 1920 | AI5: - | AJ5: - | AK5: - | AL5: - | AM5: - | AN5: - | AO5: - | AP5: - | AQ5: - | AR5: - | AS5: - | AT5: - | AV5: 1920 | AW5: - | AX5: - | AY5: - | AZ5: - | BA5: - | BB5: - | BC5: - | BD5: - | BE5: - | BF5: - | BG5: - | BH5: - | BJ5: 1920 | BK5: - | BL5: - | BM5: - | BN5: - | BO5: - | BP5: - | BQ5: - | BR5: - | BS5: - | BT5: - | BU5: - | BV5: - | BW5: - | BY5: 1920 | BZ5: - | CA5: - | CB5: - | CC5: - | CD5: - | CE5: - | CF5: - | CG5: - | CH5: - | CI5: - | CJ5: - | CK5: - | CM5: 1920 | CN5: - | CO5: - | CP5: - | CQ5: - | CS5: 1920 | CT5: - | CU5: - | CV5: - | CW5: - | CX5: - | CY5: - | CZ5: - | DB5: 1920 | DF5: - | DG5: - | DH5: - | DI5: - | DK5: - | DN5: - | DO5: - | DW5: 1920 | DX5: - | DY5: - | DZ5: - | EA5: -
A6: 1921 | B6: - | C6: - | D6: - | E6: - | F6: - | G6: - | H6: - | I6: - | J6: - | K6: - | L6: - | M6: - | N6: - | O6: - | P6: - | Q6: - | S6: 1921 | T6: - | U6: - | V6: - | W6: - | X6: - | Y6: - | Z6: - | AA6: - | AB6: - | AC6: - | AD6: - | AE6: - | AF6: - | AH6: 1921 | AI6: - | AJ6: - | AK6: - | AL6: - | AM6: - | AN6: - | AO6: - | AP6: - | AQ6: - | AR6: - | AS6: - | AT6: - | AV6: 1921 | AW6: - | AX6: - | AY6: - | AZ6: - | BA6: - | BB6: - | BC6: - | BD6: - | BE6: - | BF6: - | BG6: - | BH6: - | BJ6: 1921 | BK6: - | BL6: - | BM6: - | BN6: - | BO6: - | BP6: - | BQ6: - | BR6: - | BS6: - | BT6: - | BU6: - | BV6: - | BW6: - | BY6: 1921 | BZ6: - | CA6: - | CB6: - | CC6: - | CD6: - | CE6: - | CF6: - | CG6: - | CH6: - | CI6: - | CJ6: - | CK6: - | CM6: 1921 | CN6: - | CO6: - | CP6: - | CQ6: - | CS6: 1921 | CT6: - | CU6: - | CV6: - | CW6: - | CX6: - | CY6: - | CZ6: - | DB6: 1921 | DF6: - | DG6: - | DH6: - | DI6: - | DK6: - | DN6: - | DO6: - | DW6: 1921 | DX6: - | DY6: - | DZ6: - | EA6: -
A7: 1922 | B7: - | C7: - | D7: - | E7: - | F7: - | G7: - | H7: - | I7: - | J7: - | K7: - | L7: - | M7: - | N7: - | O7: - | P7: - | Q7: - | S7: 1922 | T7: - | U7: - | V7: - | W7: - | X7: - | Y7: - | Z7: - | AA7: - | AB7: - | AC7: - | AD7: - | AE7: - | AF7: - | AH7: 1922 | AI7: - | AJ7: - | AK7: - | AL7: - | AM7: - | AN7: - | AO7: - | AP7: - | AQ7: - | AR7: - | AS7: - | AT7: - | AV7: 1922 | AW7: - | AX7: - | AY7: - | AZ7: - | BA7: - | BB7: - | BC7: - | BD7: - | BE7: - | BF7: - | BG7: - | BH7: - | BJ7: 1922 | BK7: - | BL7: - | BM7: - | BN7: - | BO7: - | BP7: - | BQ7: - | BR7: - | BS7: - | BT7: - | BU7: - | BV7: - | BW7: - | BY7: 1922 | BZ7: - | CA7: - | CB7: - | CC7: - | CD7: - | CE7: - | CF7: - | CG7: - | CH7: - | CI7: - | CJ7: - | CK7: - | CM7: 1922 | CN7: - | CO7: - | CP7: - | CQ7: - | CS7: 1922 | CT7: - | CU7: - | CV7: - | CW7: - | CX7: - | CY7: - | CZ7: - | DB7: 1922 | DF7: - | DG7: - | DH7: - | DI7: - | DK7: - | DN7: - | DO7: - | DW7: 1922 | DX7: - | DY7: - | DZ7: - | EA7: -
A8: 1923 | B8: - | C8: - | D8: - | E8: - | F8: - | G8: - | H8: - | I8: - | J8: - | K8: - | L8: - | M8: - | N8: - | O8: - | P8: - | Q8: - | S8: 1923 | T8: - | U8: - | V8: - | W8: - | X8: - | Y8: - | Z8: - | AA8: - | AB8: - | AC8: - | AD8: - | AE8: - | AF8: - | AH8: 1923 | AI8: - | AJ8: - | AK8: - | AL8: - | AM8: - | AN8: - | AO8: - | AP8: - | AQ8: - | AR8: - | AS8: - | AT8: - | AV8: 1923 | AW8: - | AX8: - | AY8: - | AZ8: - | BA8: - | BB8: - | BC8: - | BD8: - | BE8: - | BF8: - | BG8: - | BH8: - | BJ8: 1923 | BK8: - | BL8: - | BM8: - | BN8: - | BO8: - | BP8: - | BQ8: - | BR8: - | BS8: - | BT8: - | BU8: - | BV8: - | BW8: - | BY8: 1923 | BZ8: - | CA8: - | CB8: - | CC8: - | CD8: - | CE8: - | CF8: - | CG8: - | CH8: - | CI8: - | CJ8: - | CK8: - | CM8: 1923 | CN8: - | CO8: - | CP8: - | CQ8: - | CS8: 1923 | CT8: - | CU8: - | CV8: - | CW8: - | CX8: - | CY8: - | CZ8: - | DB8: 1923 | DF8: - | DG8: - | DH8: - | DI8: - | DK8: - | DN8: - | DO8: - | DW8: 1923 | DX8: - | DY8: - | DZ8: - | EA8: -
A9: 1924 | B9: - | C9: - | D9: - | E9: - | F9: - | G9: - | H9: - | I9: - | J9: - | K9: - | L9: - | M9: - | N9: - | O9: - | P9: - | Q9: - | S9: 1924 | T9: - | U9: - | V9: - | W9: - | X9: - | Y9: - | Z9: - | AA9: - | AB9: - | AC9: - | AD9: - | AE9: - | AF9: - | AH9: 1924 | AI9: - | AJ9: - | AK9: - | AL9: - | AM9: - | AN9: - | AO9: - | AP9: - | AQ9: - | AR9: - | AS9: - | AT9: - | AV9: 1924 | AW9: - | AX9: - | AY9: - | AZ9: - | BA9: - | BB9: - | BC9: - | BD9: - | BE9: - | BF9: - | BG9: - | BH9: - | BJ9: 1924 | BK9: - | BL9: - | BM9: - | BN9: - | BO9: - | BP9: - | BQ9: - | BR9: - | BS9: - | BT9: - | BU9: - | BV9: - | BW9: - | BY9: 1924 | BZ9: - | CA9: - | CB9: - | CC9: - | CD9: - | CE9: - | CF9: - | CG9: - | CH9: - | CI9: - | CJ9: - | CK9: - | CM9: 1924 | CN9: - | CO9: - | CP9: - | CQ9: - | CS9: 1924 | CT9: - | CU9: - | CV9: - | CW9: - | CX9: - | CY9: - | CZ9: - | DB9: 1924 | DF9: - | DG9: - | DH9: - | DI9: - | DK9: - | DN9: - | DO9: - | DW9: 1924 | DX9: - | DY9: - | DZ9: - | EA9: -
A10: 1925 | B10: - | C10: - | D10: - | E10: - | F10: - | G10: - | H10: - | I10: - | J10: - | K10: - | L10: - | M10: - | N10: - | O10: - | P10: - | Q10: - | S10: 1925 | T10: - | U10: - | V10: - | W10: - | X10: - | Y10: - | Z10: - | AA10: - | AB10: - | AC10: - | AD10: - | AE10: - | AF10: - | AH10: 1925 | AI10: - | AJ10: - | AK10: - | AL10: - | AM10: - | AN10: - | AO10: - | AP10: - | AQ10: - | AR10: - | AS10: - | AT10: - | AV10: 1925 | AW10: - | AX10: - | AY10: - | AZ10: - | BA10: - | BB10: - | BC10: - | BD10: - | BE10: - | BF10: - | BG10: - | BH10: - | BJ10: 1925 | BK10: - | BL10: - | BM10: - | BN10: - | BO10: - | BP10: - | BQ10: - | BR10: - | BS10: - | BT10: - | BU10: - | BV10: - | BW10: - | BY10: 1925 | BZ10: - | CA10: - | CB10: - | CC10: - | CD10: - | CE10: - | CF10: - | CG10: - | CH10: - | CI10: - | CJ10: - | CK10: - | CM10: 1925 | CN10: - | CO10: - | CP10: - | CQ10: - | CS10: 1925 | CT10: - | CU10: - | CV10: - | CW10: - | CX10: - | CY10: - | CZ10: - | DB10: 1925 | DF10: - | DG10: - | DH10: - | DI10: - | DK10: - | DN10: - | DO10: - | DW10: 1925 | DX10: 462 | DY10: - | DZ10: 400 | EA10: -
A11: 1926 | B11: - | C11: - | D11: - | E11: - | F11: - | G11: - | H11: - | I11: - | J11: - | K11: - | L11: - | M11: - | N11: - | O11: - | P11: - | Q11: - | S11: 1926 | T11: - | U11: - | V11: - | W11: - | X11: - | Y11: - | Z11: - | AA11: - | AB11: - | AC11: - | AD11: - | AE11: - | AF11: - | AH11: 1926 | AI11: - | AJ11: - | AK11: - | AL11: - | AM11: - | AN11: - | AO11: - | AP11: - | AQ11: - | AR11: - | AS11: - | AT11: - | AV11: 1926 | AW11: - | AX11: - | AY11: - | AZ11: - | BA11: - | BB11: - | BC11: - | BD11: - | BE11: - | BF11: - | BG11: - | BH11: - | BJ11: 1926 | BK11: - | BL11: - | BM11: - | BN11: - | BO11: - | BP11: - | BQ11: - | BR11: - | BS11: - | BT11: - | BU11: - | BV11: - | BW11: - | BY11: 1926 | BZ11: - | CA11: - | CB11: - | CC11: - | CD11: - | CE11: - | CF11: - | CG11: - | CH11: - | CI11: - | CJ11: - | CK11: - | CM11: 1926 | CN11: - | CO11: - | CP11: - | CQ11: - | CS11: 1926 | CT11: - | CU11: - | CV11: - | CW11: - | CX11: - | CY11: - | CZ11: - | DB11: 1926 | DF11: - | DG11: - | DH11: - | DI11: - | DK11: - | DN11: - | DO11: - | DW11: 1926 | DX11: 537 | DY11: - | DZ11: 500 | EA11: -
A12: 1927 | B12: - | C12: - | D12: - | E12: - | F12: - | G12: - | H12: - | I12: - | J12: - | K12: - | L12: - | M12: - | N12: - | O12: - | P12: - | Q12: - | S12: 1927 | T12: - | U12: - | V12: - | W12: - | X12: - | Y12: - | Z12: - | AA12: - | AB12: - | AC12: - | AD12: - | AE12: - | AF12: - | AH12: 1927 | AI12: - | AJ12: - | AK12: - | AL12: - | AM12: - | AN12: - | AO12: - | AP12: - | AQ12: - | AR12: - | AS12: - | AT12: - | AV12: 1927 | AW12: - | AX12: - | AY12: - | AZ12: - | BA12: - | BB12: - | BC12: - | BD12: - | BE12: - | BF12: - | BG12: - | BH12: - | BJ12: 1927 | BK12: - | BL12: - | BM12: - | BN12: - | BO12: - | BP12: - | BQ12: - | BR12: - | BS12: - | BT12: - | BU12: - | BV12: - | BW12: - | BY12: 1927 | BZ12: - | CA12: - | CB12: - | CC12: - | CD12: - | CE12: - | CF12: - | CG12: - | CH12: - | CI12: - | CJ12: - | CK12: - | CM12: 1927 | CN12: - | CO12: - | CP12: - | CQ12: - | CS12: 1927 | CT12: - | CU12: - | CV12: - | CW12: - | CX12: - | CY12: - | CZ12: - | DB12: 1927 | DF12: - | DG12: - | DH12: - | DI12: - | DK12: - | DN12: - | DO12: - | DW12: 1927 | DX12: 489 | DY12: - | DZ12: 400 | EA12: -
A13: 1928 | B13: - | C13: - | D13: - | E13: - | F13: - | G13: - | H13: - | I13: - | J13: - | K13: - | L13: - | M13: - | N13: - | O13: - | P13: - | Q13: - | S13: 1928 | T13: - | U13: - | V13: - | W13: - | X13: - | Y13: - | Z13: - | AA13: - | AB13: - | AC13: - | AD13: - | AE13: - | AF13: - | AH13: 1928 | AI13: - | AJ13: - | AK13: - | AL13: - | AM13: - | AN13: - | AO13: - | AP13: - | AQ13: - | AR13: - | AS13: - | AT13: - | AV13: 1928 | AW13: - | AX13: - | AY13: - | AZ13: - | BA13: - | BB13: - | BC13: - | BD13: - | BE13: - | BF13: - | BG13: - | BH13: - | BJ13: 1928 | BK13: - | BL13: - | BM13: - | BN13: - | BO13: - | BP13: - | BQ13: - | BR13: - | BS13: - | BT13: - | BU13: - | BV13: - | BW13: - | BY13: 1928 | BZ13: - | CA13: - | CB13: - | CC13: - | CD13: - | CE13: - | CF13: - | CG13: - | CH13: - | CI13: - | CJ13: - | CK13: - | CM13: 1928 | CN13: - | CO13: - | CP13: - | CQ13: - | CS13: 1928 | CT13: - | CU13: - | CV13: - | CW13: - | CX13: - | CY13: - | CZ13: - | DB13: 1928 | DF13: - | DG13: - | DH13: - | DI13: - | DK13: - | DN13: - | DO13: - | DW13: 1928 | DX13: 628 | DY13: - | DZ13: 600 | EA13: -
A14: 1929 | B14: - | C14: - | D14: - | E14: - | F14: - | G14: - | H14: - | I14: - | J14: - | K14: - | L14: - | M14: - | N14: - | O14: - | P14: - | Q14: - | S14: 1929 | T14: - | U14: - | V14: - | W14: - | X14: - | Y14: - | Z14: - | AA14: - | AB14: - | AC14: - | AD14: - | AE14: - | AF14: - | AH14: 1929 | AI14: - | AJ14: - | AK14: - | AL14: - | AM14: - | AN14: - | AO14: - | AP14: - | AQ14: - | AR14: - | AS14: - | AT14: - | AV14: 1929 | AW14: - | AX14: - | AY14: - | AZ14: - | BA14: - | BB14: - | BC14: - | BD14: - | BE14: - | BF14: - | BG14: - | BH14: - | BJ14: 1929 | BK14: - | BL14: - | BM14: - | BN14: - | BO14: - | BP14: - | BQ14: - | BR14: - | BS14: - | BT14: - | BU14: - | BV14: - | BW14: - | BY14: 1929 | BZ14: - | CA14: - | CB14: - | CC14: - | CD14: - | CE14: - | CF14: - | CG14: - | CH14: - | CI14: - | CJ14: - | CK14: - | CM14: 1929 | CN14: - | CO14: - | CP14: - | CQ14: - | CS14: 1929 | CT14: - | CU14: - | CV14: - | CW14: - | CX14: - | CY14: - | CZ14: - | DB14: 1929 | DF14: - | DG14: - | DH14: - | DI14: - | DK14: - | DN14: - | DO14: - | DW14: 1929 | DX14: 656 | DY14: - | DZ14: 600 | EA14: -
A15: 1930 | B15: - | C15: - | D15: - | E15: - | F15: - | G15: - | H15: - | I15: - | J15: - | K15: - | L15: - | M15: - | N15: - | O15: - | P15: - | Q15: - | S15: 1930 | T15: - | U15: - | V15: - | W15: - | X15: - | Y15: - | Z15: - | AA15: - | AB15: - | AC15: - | AD15: - | AE15: - | AF15: - | AH15: 1930 | AI15: - | AJ15: - | AK15: - | AL15: - | AM15: - | AN15: - | AO15: - | AP15: - | AQ15: - | AR15: - | AS15: - | AT15: - | AV15: 1930 | AW15: - | AX15: - | AY15: - | AZ15: - | BA15: - | BB15: - | BC15: - | BD15: - | BE15: - | BF15: - | BG15: - | BH15: - | BJ15: 1930 | BK15: - | BL15: - | BM15: - | BN15: - | BO15: - | BP15: - | BQ15: - | BR15: - | BS15: - | BT15: - | BU15: - | BV15: - | BW15: - | BY15: 1930 | BZ15: - | CA15: - | CB15: - | CC15: - | CD15: - | CE15: - | CF15: - | CG15: - | CH15: - | CI15: - | CJ15: - | CK15: - | CM15: 1930 | CN15: - | CO15: - | CP15: - | CQ15: - | CS15: 1930 | CT15: - | CU15: - | CV15: - | CW15: - | CX15: - | CY15: - | CZ15: - | DB15: 1930 | DF15: - | DG15: - | DH15: - | DI15: - | DK15: - | DN15: - | DO15: - | DW15: 1930 | DX15: 684 | DY15: - | DZ15: 600 | EA15: -
A16: 1931 | B16: - | C16: - | D16: - | E16: - | F16: - | G16: - | H16: - | I16: - | J16: - | K16: - | L16: - | M16: - | N16: - | O16: - | P16: - | Q16: - | S16: 1931 | T16: - | U16: - | V16: - | W16: - | X16: - | Y16: - | Z16: - | AA16: - | AB16: - | AC16: - | AD16: - | AE16: - | AF16: - | AH16: 1931 | AI16: - | AJ16: - | AK16: - | AL16: - | AM16: - | AN16: - | AO16: - | AP16: - | AQ16: - | AR16: - | AS16: - | AT16: - | AV16: 1931 | AW16: - | AX16: - | AY16: - | AZ16: - | BA16: - | BB16: - | BC16: - | BD16: - | BE16: - | BF16: - | BG16: - | BH16: - | BJ16: 1931 | BK16: - | BL16: - | BM16: - | BN16: - | BO16: - | BP16: - | BQ16: - | BR16: - | BS16: - | BT16: - | BU16: - | BV16: - | BW16: - | BY16: 1931 | BZ16: - | CA16: - | CB16: - | CC16: - | CD16: - | CE16: - | CF16: - | CG16: - | CH16: - | CI16: - | CJ16: - | CK16: - | CM16: 1931 | CN16: - | CO16: - | CP16: - | CQ16: - | CS16: 1931 | CT16: - | CU16: - | CV16: - | CW16: - | CX16: - | CY16: - | CZ16: - | DB16: 1931 | DF16: - | DG16: - | DH16: - | DI16: - | DK16: - | DN16: - | DO16: - | DW16: 1931 | DX16: 272 | DY16: - | DZ16: 200 | EA16: -
A17: 1932 | B17: - | C17: - | D17: - | E17: - | F17: - | G17: - | H17: - | I17: - | J17: - | K17: - | L17: - | M17: - | N17: - | O17: - | P17: - | Q17: - | S17: 1932 | T17: - | U17: - | V17: - | W17: - | X17: - | Y17: - | Z17: - | AA17: - | AB17: - | AC17: - | AD17: - | AE17: - | AF17: - | AH17: 1932 | AI17: - | AJ17: - | AK17: - | AL17: - | AM17: - | AN17: - | AO17: - | AP17: - | AQ17: - | AR17: - | AS17: - | AT17: - | AV17: 1932 | AW17: - | AX17: - | AY17: - | AZ17: - | BA17: - | BB17: - | BC17: - | BD17: - | BE17: - | BF17: - | BG17: - | BH17: - | BJ17: 1932 | BK17: - | BL17: - | BM17: - | BN17: - | BO17: - | BP17: - | BQ17: - | BR17: - | BS17: - | BT17: - | BU17: - | BV17: - | BW17: - | BY17: 1932 | BZ17: - | CA17: - | CB17: - | CC17: - | CD17: - | CE17: - | CF17: - | CG17: - | CH17: - | CI17: - | CJ17: - | CK17: - | CM17: 1932 | CN17: - | CO17: - | CP17: - | CQ17: - | CS17: 1932 | CT17: - | CU17: - | CV17: - | CW17: - | CX17: - | CY17: - | CZ17: - | DB17: 1932 | DF17: - | DG17: - | DH17: - | DI17: - | DK17: - | DN17: - | DO17: - | DW17: 1932 | DX17: 357 | DY17: - | DZ17: 300 | EA17: -
A18: 1933 | B18: 458 | C18: 131 | D18: =E18+F18 -> 10 | E18: 0 | F18: 10 | G18: =H18+I18 -> 30 | H18: 0 | I18: 30 | J18: =K18+L18 -> 9 | K18: 9 | L18: 0 | M18: 0 | N18: =L18-M18 -> 0 | O18: =P18+Q18 -> 278 | P18: 2 | Q18: 276 | S18: 1933 | T18: =B18 -> 458 | U18: =V18+W18 -> 288 | V18: 78 | W18: 210 | X18: =Y18+AB18 -> 55 | Y18: 53 | Z18: 27 | AA18: =Y18-Z18 -> 26 | AB18: 2 | AC18: 1 | AD18: =AB18-AC18 -> 1 | AE18: 14 | AF18: 101 | AH18: 1933 | AI18: 48 | AJ18: =AK18+AL18+AM18 -> 4 | AK18: 0 | AL18: 4 | AM18: 0 | AN18: 0 | AO18: 0 | AP18: 30 | AQ18: =AR18+AS18 -> 3 | AR18: 3 | AS18: 0 | AT18: =AI18-AK18-AL18-AM18-AN18-AO18-AP18-AQ18 -> 11 | AV18: 1933 | AW18: =AI18 -> 48 | AX18: =AY18+BB18 -> 0 | AY18: 0 | AZ18: 0 | BA18: 0 | BB18: 0 | BC18: 0 | BD18: 0 | BE18: 8 | BF18: 0 | BG18: =BE18-BF18 -> 8 | BH18: 40 | BJ18: 1933 | BK18: 418 | BL18: 113 | BM18: 26 | BN18: 8 | BO18: 32 | BP18: =BL18-BM18-BN18-BO18 -> 47 | BQ18: 0 | BR18: 0 | BS18: 264 | BT18: =BU18+BV18 -> 0 | BU18: 0 | BV18: 0 | BW18: =BK18-BM18-BQ18-BR18-BS18-BT18-BN18-BP18 -> 73 | BY18: 1933 | BZ18: =BK18 -> 418 | CA18: =CB18+CE18 -> 183 | CB18: 143 | CC18: 143 | CD18: =CB18-CC18 -> 0 | CE18: 40 | CF18: 40 | CG18: =CE18-CF18 -> 0 | CH18: 142 | CI18: 79 | CJ18: =CH18-CI18 -> 63 | CK18: 93 | CM18: 1933 | CN18: 819 | CO18: =C18+AK18+BM18 -> 157 | CP18: =D18+G18+AN18+AO18+AP18+BQ18+BR18+BS18 -> 334 | CQ18: =CN18-CO18-CP18 -> 328 | CS18: 1933 | CT18: =CN18 -> 819 | CU18: 241 | CV18: =CW18+CX18 -> 211 | CW18: 170 | CX18: =AC18+BC18+CF18 -> 41 | CY18: 93 | CZ18: =CT18-CU18-CV18-CY18 -> 274 | DB18: 1933 | DC18: =DE18-DD18 -> 9 | DD18: =N18 -> 0 | DE18: =J18 -> 9 | DF18: =D18 -> 10 | DG18: =G18 -> 30 | DH18: =AN18 -> 0 | DI18: =AO18+AP18 -> 30 | DJ18: =AQ18 -> 3 | DK18: =BQ18 -> 0 | DL18: =BR18+BS18 -> 264 | DM18: =BT18 -> 0 | DN18: =DF18+DH18+DK18 -> 10 | DO18: =DG18+DI18+DL18 -> 324 | DP18: =DE18+DF18+DG18 -> 49 | DQ18: =DH18+DI18+DJ18 -> 33 | DR18: =DK18+DL18+DM18 -> 264 | DS18: =DN18+DO18 -> 334 | DT18: =DE18+DJ18+DM18 -> 12 | DU18: =DP18+DQ18+DR18 -> 346 | DW18: 1933 | DX18: ='Rec y Obligaciones'!CU18+'Rec y Obligaciones'!CW18 -> 411 | DY18: 378.1 | DZ18: 500 | EA18: =DE18+DF18+DG18+C18 -> 180
A19: 1934 | B19: 537 | C19: 191 | D19: =E19+F19 -> -11 | E19: 2 | F19: -13 | G19: =H19+I19 -> 42 | H19: 0 | I19: 42 | J19: =K19+L19 -> 28 | K19: 14 | L19: 14 | M19: 0 | N19: =L19-M19 -> 14 | O19: =P19+Q19 -> 287 | P19: 4 | Q19: 283 | S19: 1934 | T19: =B19 -> 537 | U19: =V19+W19 -> 332 | V19: 100 | W19: 232 | X19: =Y19+AB19 -> 71 | Y19: 68 | Z19: 37 | AA19: =Y19-Z19 -> 31 | AB19: 3 | AC19: 2 | AD19: =AB19-AC19 -> 1 | AE19: 22 | AF19: 112 | AH19: 1934 | AI19: 89 | AJ19: =AK19+AL19+AM19 -> 3 | AK19: 0 | AL19: 2 | AM19: 1 | AN19: 0 | AO19: 0 | AP19: 54 | AQ19: =AR19+AS19 -> 7 | AR19: 7 | AS19: 0 | AT19: =AI19-AK19-AL19-AM19-AN19-AO19-AP19-AQ19 -> 25 | AV19: 1934 | AW19: =AI19 -> 89 | AX19: =AY19+BB19 -> 0 | AY19: 0 | AZ19: 0 | BA19: 0 | BB19: 0 | BC19: 0 | BD19: 0 | BE19: 26 | BF19: 0 | BG19: =BE19-BF19 -> 26 | BH19: 63 | BJ19: 1934 | BK19: 428 | BL19: 137 | BM19: 35 | BN19: 17 | BO19: 32 | BP19: =BL19-BM19-BN19-BO19 -> 53 | BQ19: 0 | BR19: 0 | BS19: 256 | BT19: =BU19+BV19 -> 0 | BU19: 0 | BV19: 0 | BW19: =BK19-BM19-BQ19-BR19-BS19-BT19-BN19-BP19 -> 67 | BY19: 1934 | BZ19: =BK19 -> 428 | CA19: =CB19+CE19 -> 193 | CB19: 152 | CC19: 152 | CD19: =CB19-CC19 -> 0 | CE19: 41 | CF19: 41 | CG19: =CE19-CF19 -> 0 | CH19: 146 | CI19: 71 | CJ19: =CH19-CI19 -> 75 | CK19: 89 | CM19: 1934 | CN19: 910 | CO19: =C19+AK19+BM19 -> 226 | CP19: =D19+G19+AN19+AO19+AP19+BQ19+BR19+BS19 -> 341 | CQ19: =CN19-CO19-CP19 -> 343 | CS19: 1934 | CT19: =CN19 -> 910 | CU19: 279 | CV19: =CW19+CX19 -> 232 | CW19: 189 | CX19: =AC19+BC19+CF19 -> 43 | CY19: 78 | CZ19: =CT19-CU19-CV19-CY19 -> 321 | DB19: 1934 | DC19: =DE19-DD19 -> 14 | DD19: =N19 -> 14 | DE19: =J19 -> 28 | DF19: =D19 -> -11 | DG19: =G19 -> 42 | DH19: =AN19 -> 0 | DI19: =AO19+AP19 -> 54 | DJ19: =AQ19 -> 7 | DK19: =BQ19 -> 0 | DL19: =BR19+BS19 -> 256 | DM19: =BT19 -> 0 | DN19: =DF19+DH19+DK19 -> -11 | DO19: =DG19+DI19+DL19 -> 352 | DP19: =DE19+DF19+DG19 -> 59 | DQ19: =DH19+DI19+DJ19 -> 61 | DR19: =DK19+DL19+DM19 -> 256 | DS19: =DN19+DO19 -> 341 | DT19: =DE19+DJ19+DM19 -> 35 | DU19: =DP19+DQ19+DR19 -> 376 | DW19: 1934 | DX19: ='Rec y Obligaciones'!CU19+'Rec y Obligaciones'!CW19 -> 468 | DY19: 454.5 | DZ19: 500 | EA19: =DE19+DF19+DG19+C19 -> 250
A20: 1935 | B20: 600 | C20: 335 | D20: =E20+F20 -> -22 | E20: 5 | F20: -27 | G20: =H20+I20 -> 47 | H20: 0 | I20: 47 | J20: =K20+L20 -> 28 | K20: 14 | L20: 14 | M20: 0 | N20: =L20-M20 -> 14 | O20: =P20+Q20 -> 212 | P20: 6 | Q20: 206 | S20: 1935 | T20: =B20 -> 600 | U20: =V20+W20 -> 363 | V20: 221 | W20: 142 | X20: =Y20+AB20 -> 77 | Y20: 75 | Z20: 39 | AA20: =Y20-Z20 -> 36 | AB20: 2 | AC20: 1 | AD20: =AB20-AC20 -> 1 | AE20: 44 | AF20: 116 | AH20: 1935 | AI20: 104 | AJ20: =AK20+AL20+AM20 -> 8 | AK20: 0 | AL20: 3 | AM20: 5 | AN20: 10 | AO20: 2 | AP20: 54 | AQ20: =AR20+AS20 -> 22 | AR20: 13 | AS20: 9 | AT20: =AI20-AK20-AL20-AM20-AN20-AO20-AP20-AQ20 -> 8 | AV20: 1935 | AW20: =AI20 -> 104 | AX20: =AY20+BB20 -> 0 | AY20: 0 | AZ20: 0 | BA20: 0 | BB20: 0 | BC20: 0 | BD20: 0 | BE20: 46 | BF20: 0 | BG20: =BE20-BF20 -> 46 | BH20: 58 | BJ20: 1935 | BK20: 477 | BL20: 147 | BM20: 57 | BN20: 10 | BO20: 11 | BP20: =BL20-BM20-BN20-BO20 -> 69 | BQ20: 4 | BR20: 5 | BS20: 274 | BT20: =BU20+BV20 -> 8 | BU20: 8 | BV20: 0 | BW20: =BK20-BM20-BQ20-BR20-BS20-BT20-BN20-BP20 -> 50 | BY20: 1935 | BZ20: =BK20 -> 477 | CA20: =CB20+CE20 -> 200 | CB20: 160 | CC20: 160 | CD20: =CB20-CC20 -> 0 | CE20: 40 | CF20: 40 | CG20: =CE20-CF20 -> 0 | CH20: 182 | CI20: 47 | CJ20: =CH20-CI20 -> 135 | CK20: 95 | CM20: 1935 | CN20: 1018 | CO20: =C20+AK20+BM20 -> 392 | CP20: =D20+G20+AN20+AO20+AP20+BQ20+BR20+BS20 -> 374 | CQ20: =CN20-CO20-CP20 -> 252 | CS20: 1935 | CT20: =CN20 -> 1018 | CU20: 316 | CV20: =CW20+CX20 -> 240 | CW20: 199 | CX20: =AC20+BC20+CF20 -> 41 | CY20: 169 | CZ20: =CT20-CU20-CV20-CY20 -> 293 | DB20: 1935 | DC20: =DE20-DD20 -> 14 | DD20: =N20 -> 14 | DE20: =J20 -> 28 | DF20: =D20 -> -22 | DG20: =G20 -> 47 | DH20: =AN20 -> 10 | DI20: =AO20+AP20 -> 56 | DJ20: =AQ20 -> 22 | DK20: =BQ20 -> 4 | DL20: =BR20+BS20 -> 279 | DM20: =BT20 -> 8 | DN20: =DF20+DH20+DK20 -> -8 | DO20: =DG20+DI20+DL20 -> 382 | DP20: =DE20+DF20+DG20 -> 53 | DQ20: =DH20+DI20+DJ20 -> 88 | DR20: =DK20+DL20+DM20 -> 291 | DS20: =DN20+DO20 -> 374 | DT20: =DE20+DJ20+DM20 -> 58 | DU20: =DP20+DQ20+DR20 -> 432 | DW20: 1935 | DX20: ='Rec y Obligaciones'!CU20+'Rec y Obligaciones'!CW20 -> 515 | DY20: 505.5 | DZ20: 500 | EA20: =DE20+DF20+DG20+C20 -> 388
A21: 1936 | B21: 682 | C21: 322 | D21: =E21+F21 -> 26 | E21: 15 | F21: 11 | G21: =H21+I21 -> 61 | H21: 1 | I21: 60 | J21: =K21+L21 -> 28 | K21: 14 | L21: 14 | M21: 0 | N21: =L21-M21 -> 14 | O21: =P21+Q21 -> 245 | P21: 2 | Q21: 243 | S21: 1936 | T21: =B21 -> 682 | U21: =V21+W21 -> 454 | V21: 270 | W21: 184 | X21: =Y21+AB21 -> 86 | Y21: 78 | Z21: 32 | AA21: =Y21-Z21 -> 46 | AB21: 8 | AC21: 7 | AD21: =AB21-AC21 -> 1 | AE21: 45 | AF21: 97 | AH21: 1936 | AI21: 164 | AJ21: =AK21+AL21+AM21 -> 7 | AK21: 0 | AL21: 3 | AM21: 4 | AN21: 19 | AO21: 6 | AP21: 105 | AQ21: =AR21+AS21 -> 6 | AR21: 6 | AS21: 0 | AT21: =AI21-AK21-AL21-AM21-AN21-AO21-AP21-AQ21 -> 21 | AV21: 1936 | AW21: =AI21 -> 164 | AX21: =AY21+BB21 -> 0 | AY21: 0 | AZ21: 0 | BA21: 0 | BB21: 0 | BC21: 0 | BD21: 0 | BE21: 70 | BF21: 0 | BG21: =BE21-BF21 -> 70 | BH21: 94 | BJ21: 1936 | BK21: 527 | BL21: 140 | BM21: 34 | BN21: 14 | BO21: 0 | BP21: =BL21-BM21-BN21-BO21 -> 92 | BQ21: 4 | BR21: 7 | BS21: 319 | BT21: =BU21+BV21 -> 11 | BU21: 11 | BV21: 0 | BW21: =BK21-BM21-BQ21-BR21-BS21-BT21-BN21-BP21 -> 46 | BY21: 1936 | BZ21: =BK21 -> 527 | CA21: =CB21+CE21 -> 212 | CB21: 188 | CC21: 187 | CD21: =CB21-CC21 -> 1 | CE21: 24 | CF21: 24 | CG21: =CE21-CF21 -> 0 | CH21: 215 | CI21: 38 | CJ21: =CH21-CI21 -> 177 | CK21: 100 | CM21: 1936 | CN21: 1213 | CO21: =C21+AK21+BM21 -> 356 | CP21: =D21+G21+AN21+AO21+AP21+BQ21+BR21+BS21 -> 547 | CQ21: =CN21-CO21-CP21 -> 310 | CS21: 1936 | CT21: =CN21 -> 1213 | CU21: 407 | CV21: =CW21+CX21 -> 250 | CW21: 219 | CX21: =AC21+BC21+CF21 -> 31 | CY21: 217 | CZ21: =CT21-CU21-CV21-CY21 -> 339 | DB21: 1936 | DC21: =DE21-DD21 -> 14 | DD21: =N21 -> 14 | DE21: =J21 -> 28 | DF21: =D21 -> 26 | DG21: =G21 -> 61 | DH21: =AN21 -> 19 | DI21: =AO21+AP21 -> 111 | DJ21: =AQ21 -> 6 | DK21: =BQ21 -> 4 | DL21: =BR21+BS21 -> 326 | DM21: =BT21 -> 11 | DN21: =DF21+DH21+DK21 -> 49 | DO21: =DG21+DI21+DL21 -> 498 | DP21: =DE21+DF21+DG21 -> 115 | DQ21: =DH21+DI21+DJ21 -> 136 | DR21: =DK21+DL21+DM21 -> 341 | DS21: =DN21+DO21 -> 547 | DT21: =DE21+DJ21+DM21 -> 45 | DU21: =DP21+DQ21+DR21 -> 592 | DW21: 1936 | DX21: ='Rec y Obligaciones'!CU21+'Rec y Obligaciones'!CW21 -> 626 | DY21: 573.9 | DZ21: 800 | EA21: =DE21+DF21+DG21+C21 -> 437
A22: 1937 | B22: 695 | C22: 202 | D22: =E22+F22 -> 42 | E22: 17 | F22: 25 | G22: =H22+I22 -> 53 | H22: 1 | I22: 52 | J22: =K22+L22 -> 127 | K22: 21 | L22: 106 | M22: 89.3 | N22: =L22-M22 -> 16.7 | O22: =P22+Q22 -> 271 | P22: 3 | Q22: 268 | S22: 1937 | T22: =B22 -> 695 | U22: =V22+W22 -> 504 | V22: 287 | W22: 217 | X22: =Y22+AB22 -> 68 | Y22: 58 | Z22: 24 | AA22: =Y22-Z22 -> 34 | AB22: 10 | AC22: 9 | AD22: =AB22-AC22 -> 1 | AE22: 31 | AF22: 92 | AH22: 1937 | AI22: 273 | AJ22: =AK22+AL22+AM22 -> 9 | AK22: 3 | AL22: 2 | AM22: 4 | AN22: 19 | AO22: 14 | AP22: 213 | AQ22: =AR22+AS22 -> 8 | AR22: 8 | AS22: 0 | AT22: =AI22-AK22-AL22-AM22-AN22-AO22-AP22-AQ22 -> 10 | AV22: 1937 | AW22: =AI22 -> 273 | AX22: =AY22+BB22 -> 1 | AY22: 1 | AZ22: 1 | BA22: 0 | BB22: 0 | BC22: 0 | BD22: 0 | BE22: 161 | BF22: 0 | BG22: =BE22-BF22 -> 161 | BH22: 111 | BJ22: 1937 | BK22: 536 | BL22: 122 | BM22: 23 | BN22: 10 | BO22: 0 | BP22: =BL22-BM22-BN22-BO22 -> 89 | BQ22: 7 | BR22: 10 | BS22: 340 | BT22: =BU22+BV22 -> 13 | BU22: 13 | BV22: 0 | BW22: =BK22-BM22-BQ22-BR22-BS22-BT22-BN22-BP22 -> 44 | BY22: 1937 | BZ22: =BK22 -> 536 | CA22: =CB22+CE22 -> 194 | CB22: 183 | CC22: 182 | CD22: =CB22-CC22 -> 1 | CE22: 11 | CF22: 11 | CG22: =CE22-CF22 -> 0 | CH22: 217 | CI22: 43 | CJ22: =CH22-CI22 -> 174 | CK22: 125 | CM22: 1937 | CN22: 1268 | CO22: =C22+AK22+BM22 -> 228 | CP22: =D22+G22+AN22+AO22+AP22+BQ22+BR22+BS22 -> 698 | CQ22: =CN22-CO22-CP22 -> 342 | CS22: 1937 | CT22: =CN22 -> 1268 | CU22: 456 | CV22: =CW22+CX22 -> 227 | CW22: 207 | CX22: =AC22+BC22+CF22 -> 20 | CY22: 309 | CZ22: =CT22-CU22-CV22-CY22 -> 276 | DB22: 1937 | DC22: =DE22-DD22 -> 110.3 | DD22: =N22 -> 16.7 | DE22: =J22 -> 127 | DF22: =D22 -> 42 | DG22: =G22 -> 53 | DH22: =AN22 -> 19 | DI22: =AO22+AP22 -> 227 | DJ22: =AQ22 -> 8 | DK22: =BQ22 -> 7 | DL22: =BR22+BS22 -> 350 | DM22: =BT22 -> 13 | DN22: =DF22+DH22+DK22 -> 68 | DO22: =DG22+DI22+DL22 -> 630 | DP22: =DE22+DF22+DG22 -> 222 | DQ22: =DH22+DI22+DJ22 -> 254 | DR22: =DK22+DL22+DM22 -> 370 | DS22: =DN22+DO22 -> 698 | DT22: =DE22+DJ22+DM22 -> 148 | DU22: =DP22+DQ22+DR22 -> 846 | DW22: 1937 | DX22: ='Rec y Obligaciones'!CU22+'Rec y Obligaciones'!CW22 -> 663 | DY22: 686.9 | DZ22: 800 | EA22: =DE22+DF22+DG22+C22 -> 424
A23: 1938 | B23: 775 | C23: 212 | D23: =E23+F23 -> 149 | E23: 31 | F23: 118 | G23: =H23+I23 -> 75 | H23: 1 | I23: 74 | J23: =K23+L23 -> 39 | K23: 19 | L23: 20 | M23: 0 | N23: =L23-M23 -> 20 | O23: =P23+Q23 -> 300 | P23: 6 | Q23: 294 | S23: 1938 | T23: =B23 -> 775 | U23: =V23+W23 -> 566 | V23: 297 | W23: 269 | X23: =Y23+AB23 -> 83 | Y23: 80 | Z23: 27 | AA23: =Y23-Z23 -> 53 | AB23: 3 | AC23: 1 | AD23: =AB23-AC23 -> 2 | AE23: 27 | AF23: 99 | AH23: 1938 | AI23: 295 | AJ23: =AK23+AL23+AM23 -> 11 | AK23: 4 | AL23: 3 | AM23: 4 | AN23: 8 | AO23: 20 | AP23: 210 | AQ23: =AR23+AS23 -> 24 | AR23: 6 | AS23: 18 | AT23: =AI23-AK23-AL23-AM23-AN23-AO23-AP23-AQ23 -> 22 | AV23: 1938 | AW23: =AI23 -> 295 | AX23: =AY23+BB23 -> 1 | AY23: 1 | AZ23: 1 | BA23: 0 | BB23: 0 | BC23: 0 | BD23: 0 | BE23: 134 | BF23: 0 | BG23: =BE23-BF23 -> 134 | BH23: 160 | BJ23: 1938 | BK23: 521 | BL23: 153 | BM23: 25 | BN23: 17 | BO23: 49 | BP23: =BL23-BM23-BN23-BO23 -> 62 | BQ23: 11 | BR23: 15 | BS23: 284 | BT23: =BU23+BV23 -> 9 | BU23: 9 | BV23: 0 | BW23: =BK23-BM23-BQ23-BR23-BS23-BT23-BN23-BP23 -> 98 | BY23: 1938 | BZ23: =BK23 -> 521 | CA23: =CB23+CE23 -> 210 | CB23: 197 | CC23: 196 | CD23: =CB23-CC23 -> 1 | CE23: 13 | CF23: 13 | CG23: =CE23-CF23 -> 0 | CH23: 184 | CI23: 35 | CJ23: =CH23-CI23 -> 149 | CK23: 127 | CM23: 1938 | CN23: 1380 | CO23: =C23+AK23+BM23 -> 241 | CP23: =D23+G23+AN23+AO23+AP23+BQ23+BR23+BS23 -> 772 | CQ23: =CN23-CO23-CP23 -> 367 | CS23: 1938 | CT23: =CN23 -> 1380 | CU23: 513 | CV23: =CW23+CX23 -> 238 | CW23: 224 | CX23: =AC23+BC23+CF23 -> 14 | CY23: 271 | CZ23: =CT23-CU23-CV23-CY23 -> 358 | DB23: 1938 | DC23: =DE23-DD23 -> 19 | DD23: =N23 -> 20 | DE23: =J23 -> 39 | DF23: =D23 -> 149 | DG23: =G23 -> 75 | DH23: =AN23 -> 8 | DI23: =AO23+AP23 -> 230 | DJ23: =AQ23 -> 24 | DK23: =BQ23 -> 11 | DL23: =BR23+BS23 -> 299 | DM23: =BT23 -> 9 | DN23: =DF23+DH23+DK23 -> 168 | DO23: =DG23+DI23+DL23 -> 604 | DP23: =DE23+DF23+DG23 -> 263 | DQ23: =DH23+DI23+DJ23 -> 262 | DR23: =DK23+DL23+DM23 -> 319 | DS23: =DN23+DO23 -> 772 | DT23: =DE23+DJ23+DM23 -> 72 | DU23: =DP23+DQ23+DR23 -> 844 | DW23: 1938 | DX23: ='Rec y Obligaciones'!CU23+'Rec y Obligaciones'!CW23 -> 737 | DY23: 671.4 | DZ23: 800 | EA23: =DE23+DF23+DG23+C23 -> 475
A24: 1939 | B24: 864 | C24: 210 | D24: =E24+F24 -> 223 | E24: 102 | F24: 121 | G24: =H24+I24 -> 94 | H24: 1 | I24: 93 | J24: =K24+L24 -> 33 | K24: 17 | L24: 16 | M24: 0 | N24: =L24-M24 -> 16 | O24: =P24+Q24 -> 304 | P24: 5 | Q24: 299 | S24: 1939 | T24: =B24 -> 864 | U24: =V24+W24 -> 647 | V24: 373 | W24: 274 | X24: =Y24+AB24 -> 79 | Y24: 71 | Z24: 19 | AA24: =Y24-Z24 -> 52 | AB24: 8 | AC24: 2 | AD24: =AB24-AC24 -> 6 | AE24: 33 | AF24: 105 | AH24: 1939 | AI24: 353 | AJ24: =AK24+AL24+AM24 -> 9 | AK24: 3 | AL24: 3 | AM24: 3 | AN24: 12 | AO24: 16 | AP24: 265 | AQ24: =AR24+AS24 -> 30 | AR24: 7 | AS24: 23 | AT24: =AI24-AK24-AL24-AM24-AN24-AO24-AP24-AQ24 -> 21 | AV24: 1939 | AW24: =AI24 -> 353 | AX24: =AY24+BB24 -> 2 | AY24: 2 | AZ24: 2 | BA24: 0 | BB24: 0 | BC24: 0 | BD24: 0 | BE24: 181 | BF24: 0 | BG24: =BE24-BF24 -> 181 | BH24: 170 | BJ24: 1939 | BK24: 644 | BL24: 167 | BM24: 31 | BN24: 27 | BO24: 56 | BP24: =BL24-BM24-BN24-BO24 -> 53 | BQ24: 13 | BR24: 18 | BS24: 380 | BT24: =BU24+BV24 -> 10 | BU24: 10 | BV24: 0 | BW24: =BK24-BM24-BQ24-BR24-BS24-BT24-BN24-BP24 -> 112 | BY24: 1939 | BZ24: =BK24 -> 644 | CA24: =CB24+CE24 -> 286 | CB24: 265 | CC24: 264 | CD24: =CB24-CC24 -> 1 | CE24: 21 | CF24: 21 | CG24: =CE24-CF24 -> 0 | CH24: 222 | CI24: 35 | CJ24: =CH24-CI24 -> 187 | CK24: 136 | CM24: 1939 | CN24: 1639 | CO24: =C24+AK24+BM24 -> 244 | CP24: =D24+G24+AN24+AO24+AP24+BQ24+BR24+BS24 -> 1021 | CQ24: =CN24-CO24-CP24 -> 374 | CS24: 1939 | CT24: =CN24 -> 1639 | CU24: 598 | CV24: =CW24+CX24 -> 308 | CW24: 285 | CX24: =AC24+BC24+CF24 -> 23 | CY24: 348 | CZ24: =CT24-CU24-CV24-CY24 -> 385 | DB24: 1939 | DC24: =DE24-DD24 -> 17 | DD24: =N24 -> 16 | DE24: =J24 -> 33 | DF24: =D24 -> 223 | DG24: =G24 -> 94 | DH24: =AN24 -> 12 | DI24: =AO24+AP24 -> 281 | DJ24: =AQ24 -> 30 | DK24: =BQ24 -> 13 | DL24: =BR24+BS24 -> 398 | DM24: =BT24 -> 10 | DN24: =DF24+DH24+DK24 -> 248 | DO24: =DG24+DI24+DL24 -> 773 | DP24: =DE24+DF24+DG24 -> 350 | DQ24: =DH24+DI24+DJ24 -> 323 | DR24: =DK24+DL24+DM24 -> 421 | DS24: =DN24+DO24 -> 1021 | DT24: =DE24+DJ24+DM24 -> 73 | DU24: =DP24+DQ24+DR24 -> 1094 | DW24: 1939 | DX24: ='Rec y Obligaciones'!CU24+'Rec y Obligaciones'!CW24 -> 883 | DY24: 807.6 | DZ24: 1000 | EA24: =DE24+DF24+DG24+C24 -> 560
A25: 1940 | B25: 1076 | C25: 310 | D25: =E25+F25 -> 308 | E25: 296 | F25: 12 | G25: =H25+I25 -> 85 | H25: 3 | I25: 82 | J25: =K25+L25 -> 19 | K25: 16 | L25: 3 | M25: 0 | N25: =L25-M25 -> 3 | O25: =P25+Q25 -> 354 | P25: 3 | Q25: 351 | S25: 1940 | T25: =B25 -> 1076 | U25: =V25+W25 -> 747 | V25: 421 | W25: 326 | X25: =Y25+AB25 -> 181 | Y25: 171 | Z25: 20 | AA25: =Y25-Z25 -> 151 | AB25: 10 | AC25: 3 | AD25: =AB25-AC25 -> 7 | AE25: 35 | AF25: 113 | AH25: 1940 | AI25: 349 | AJ25: =AK25+AL25+AM25 -> 12 | AK25: 1 | AL25: 6 | AM25: 5 | AN25: 9 | AO25: 28 | AP25: 246 | AQ25: =AR25+AS25 -> 17 | AR25: 7 | AS25: 10 | AT25: =AI25-AK25-AL25-AM25-AN25-AO25-AP25-AQ25 -> 37 | AV25: 1940 | AW25: =AI25 -> 349 | AX25: =AY25+BB25 -> 3 | AY25: 3 | AZ25: 3 | BA25: 0 | BB25: 0 | BC25: 0 | BD25: 0 | BE25: 114 | BF25: 0 | BG25: =BE25-BF25 -> 114 | BH25: 232 | BJ25: 1940 | BK25: 794 | BL25: 305 | BM25: 25 | BN25: 35 | BO25: 161 | BP25: =BL25-BM25-BN25-BO25 -> 84 | BQ25: 23 | BR25: 21 | BS25: 386 | BT25: =BU25+BV25 -> 12 | BU25: 12 | BV25: 0 | BW25: =BK25-BM25-BQ25-BR25-BS25-BT25-BN25-BP25 -> 208 | BY25: 1940 | BZ25: =BK25 -> 794 | CA25: =CB25+CE25 -> 420 | CB25: 382 | CC25: 377 | CD25: =CB25-CC25 -> 5 | CE25: 38 | CF25: 38 | CG25: =CE25-CF25 -> 0 | CH25: 236 | CI25: 76 | CJ25: =CH25-CI25 -> 160 | CK25: 138 | CM25: 1940 | CN25: 1878 | CO25: =C25+AK25+BM25 -> 336 | CP25: =D25+G25+AN25+AO25+AP25+BQ25+BR25+BS25 -> 1106 | CQ25: =CN25-CO25-CP25 -> 436 | CS25: 1940 | CT25: =CN25 -> 1878 | CU25: 662 | CV25: =CW25+CX25 -> 441 | CW25: 400 | CX25: =AC25+BC25+CF25 -> 41 | CY25: 315 | CZ25: =CT25-CU25-CV25-CY25 -> 460 | DB25: 1940 | DC25: =DE25-DD25 -> 16 | DD25: =N25 -> 3 | DE25: =J25 -> 19 | DF25: =D25 -> 308 | DG25: =G25 -> 85 | DH25: =AN25 -> 9 | DI25: =AO25+AP25 -> 274 | DJ25: =AQ25 -> 17 | DK25: =BQ25 -> 23 | DL25: =BR25+BS25 -> 407 | DM25: =BT25 -> 12 | DN25: =DF25+DH25+DK25 -> 340 | DO25: =DG25+DI25+DL25 -> 766 | DP25: =DE25+DF25+DG25 -> 412 | DQ25: =DH25+DI25+DJ25 -> 300 | DR25: =DK25+DL25+DM25 -> 442 | DS25: =DN25+DO25 -> 1106 | DT25: =DE25+DJ25+DM25 -> 48 | DU25: =DP25+DQ25+DR25 -> 1154 | DW25: 1940 | DX25: ='Rec y Obligaciones'!CU25+'Rec y Obligaciones'!CW25 -> 1062 | DY25: 905.1 | DZ25: 1200 | EA25: =DE25+DF25+DG25+C25 -> 722
A26: 1941 | B26: 1213 | C26: 300 | D26: =E26+F26 -> 454 | E26: 442 | F26: 12 | G26: =H26+I26 -> 90 | H26: 3 | I26: 87 | J26: =K26+L26 -> 25 | K26: 15 | L26: 10 | M26: 0 | N26: =L26-M26 -> 10 | O26: =P26+Q26 -> 344 | P26: 7 | Q26: 337 | S26: 1941 | T26: =B26 -> 1213 | U26: =V26+W26 -> 867 | V26: 563 | W26: 304 | X26: =Y26+AB26 -> 174 | Y26: 167 | Z26: 21 | AA26: =Y26-Z26 -> 146 | AB26: 7 | AC26: 5 | AD26: =AB26-AC26 -> 2 | AE26: 45 | AF26: 127 | AH26: 1941 | AI26: 437 | AJ26: =AK26+AL26+AM26 -> 21 | AK26: 1 | AL26: 9 | AM26: 11 | AN26: 11 | AO26: 53 | AP26: 310 | AQ26: =AR26+AS26 -> 10 | AR26: 10 | AS26: 0 | AT26: =AI26-AK26-AL26-AM26-AN26-AO26-AP26-AQ26 -> 32 | AV26: 1941 | AW26: =AI26 -> 437 | AX26: =AY26+BB26 -> 5 | AY26: 5 | AZ26: 5 | BA26: 0 | BB26: 0 | BC26: 0 | BD26: 0 | BE26: 159 | BF26: 0 | BG26: =BE26-BF26 -> 159 | BH26: 273 | BJ26: 1941 | BK26: 984 | BL26: 307 | BM26: 38 | BN26: 53 | BO26: 148 | BP26: =BL26-BM26-BN26-BO26 -> 68 | BQ26: 7 | BR26: 35 | BS26: 559 | BT26: =BU26+BV26 -> 18 | BU26: 18 | BV26: 0 | BW26: =BK26-BM26-BQ26-BR26-BS26-BT26-BN26-BP26 -> 206 | BY26: 1941 | BZ26: =BK26 -> 984 | CA26: =CB26+CE26 -> 493 | CB26: 453 | CC26: 446 | CD26: =CB26-CC26 -> 7 | CE26: 40 | CF26: 40 | CG26: =CE26-CF26 -> 0 | CH26: 320 | CI26: 103 | CJ26: =CH26-CI26 -> 217 | CK26: 171 | CM26: 1941 | CN26: 2286 | CO26: =C26+AK26+BM26 -> 339 | CP26: =D26+G26+AN26+AO26+AP26+BQ26+BR26+BS26 -> 1519 | CQ26: =CN26-CO26-CP26 -> 428 | CS26: 1941 | CT26: =CN26 -> 2286 | CU26: 796 | CV26: =CW26+CX26 -> 517 | CW26: 472 | CX26: =AC26+BC26+CF26 -> 45 | CY26: 434 | CZ26: =CT26-CU26-CV26-CY26 -> 539 | DB26: 1941 | DC26: =DE26-DD26 -> 15 | DD26: =N26 -> 10 | DE26: =J26 -> 25 | DF26: =D26 -> 454 | DG26: =G26 -> 90 | DH26: =AN26 -> 11 | DI26: =AO26+AP26 -> 363 | DJ26: =AQ26 -> 10 | DK26: =BQ26 -> 7 | DL26: =BR26+BS26 -> 594 | DM26: =BT26 -> 18 | DN26: =DF26+DH26+DK26 -> 472 | DO26: =DG26+DI26+DL26 -> 1047 | DP26: =DE26+DF26+DG26 -> 569 | DQ26: =DH26+DI26+DJ26 -> 384 | DR26: =DK26+DL26+DM26 -> 619 | DS26: =DN26+DO26 -> 1519 | DT26: =DE26+DJ26+DM26 -> 53 | DU26: =DP26+DQ26+DR26 -> 1572 | DW26: 1941 | DX26: ='Rec y Obligaciones'!CU26+'Rec y Obligaciones'!CW26 -> 1268 | DY26: 1172.7 | DZ26: 1400 | EA26: =DE26+DF26+DG26+C26 -> 869
A27: 1942 | B27: 1681 | C27: 493 | D27: =E27+F27 -> 593 | E27: 581 | F27: 12 | G27: =H27+I27 -> 133 | H27: 2 | I27: 131 | J27: =K27+L27 -> 95 | K27: 21 | L27: 74 | M27: 0 | N27: =L27-M27 -> 74 | O27: =P27+Q27 -> 367 | P27: 7 | Q27: 360 | S27: 1942 | T27: =B27 -> 1681 | U27: =V27+W27 -> 1096 | V27: 753 | W27: 343 | X27: =Y27+AB27 -> 372 | Y27: 346 | Z27: 39 | AA27: =Y27-Z27 -> 307 | AB27: 26 | AC27: 24 | AD27: =AB27-AC27 -> 2 | AE27: 52 | AF27: 161 | AH27: 1942 | AI27: 586 | AJ27: =AK27+AL27+AM27 -> 33 | AK27: 2 | AL27: 21 | AM27: 10 | AN27: 154 | AO27: 46 | AP27: 285 | AQ27: =AR27+AS27 -> 32 | AR27: 13 | AS27: 19 | AT27: =AI27-AK27-AL27-AM27-AN27-AO27-AP27-AQ27 -> 36 | AV27: 1942 | AW27: =AI27 -> 586 | AX27: =AY27+BB27 -> 3 | AY27: 3 | AZ27: 3 | BA27: 0 | BB27: 0 | BC27: 0 | BD27: 0 | BE27: 319 | BF27: 1 | BG27: =BE27-BF27 -> 318 | BH27: 264 | BJ27: 1942 | BK27: 1486 | BL27: 524 | BM27: 42 | BN27: 86 | BO27: 323 | BP27: =BL27-BM27-BN27-BO27 -> 73 | BQ27: 21 | BR27: 66 | BS27: 727 | BT27: =BU27+BV27 -> 79 | BU27: 58 | BV27: 21 | BW27: =BK27-BM27-BQ27-BR27-BS27-BT27-BN27-BP27 -> 392 | BY27: 1942 | BZ27: =BK27 -> 1486 | CA27: =CB27+CE27 -> 760 | CB27: 720 | CC27: 687 | CD27: =CB27-CC27 -> 33 | CE27: 40 | CF27: 38 | CG27: =CE27-CF27 -> 2 | CH27: 467 | CI27: 129 | CJ27: =CH27-CI27 -> 338 | CK27: 259 | CM27: 1942 | CN27: 3029 | CO27: =C27+AK27+BM27 -> 537 | CP27: =D27+G27+AN27+AO27+AP27+BQ27+BR27+BS27 -> 2025 | CQ27: =CN27-CO27-CP27 -> 467 | CS27: 1942 | CT27: =CN27 -> 3029 | CU27: 1021 | CV27: =CW27+CX27 -> 791 | CW27: 729 | CX27: =AC27+BC27+CF27 -> 62 | CY27: 593 | CZ27: =CT27-CU27-CV27-CY27 -> 624 | DB27: 1942 | DC27: =DE27-DD27 -> 21 | DD27: =N27 -> 74 | DE27: =J27 -> 95 | DF27: =D27 -> 593 | DG27: =G27 -> 133 | DH27: =AN27 -> 154 | DI27: =AO27+AP27 -> 331 | DJ27: =AQ27 -> 32 | DK27: =BQ27 -> 21 | DL27: =BR27+BS27 -> 793 | DM27: =BT27 -> 79 | DN27: =DF27+DH27+DK27 -> 768 | DO27: =DG27+DI27+DL27 -> 1257 | DP27: =DE27+DF27+DG27 -> 821 | DQ27: =DH27+DI27+DJ27 -> 517 | DR27: =DK27+DL27+DM27 -> 893 | DS27: =DN27+DO27 -> 2025 | DT27: =DE27+DJ27+DM27 -> 206 | DU27: =DP27+DQ27+DR27 -> 2231 | DW27: 1942 | DX27: ='Rec y Obligaciones'!CU27+'Rec y Obligaciones'!CW27 -> 1750 | DY27: 1445.6 | DZ27: 2000 | EA27: =DE27+DF27+DG27+C27 -> 1314
A28: 1943 | B28: 2559 | C28: 1174 | D28: =E28+F28 -> 531 | E28: 522 | F28: 9 | G28: =H28+I28 -> 202 | H28: 12 | I28: 190 | J28: =K28+L28 -> 145 | K28: 30 | L28: 115 | M28: 0 | N28: =L28-M28 -> 115 | O28: =P28+Q28 -> 507 | P28: 40 | Q28: 467 | S28: 1943 | T28: =B28 -> 2559 | U28: =V28+W28 -> 1614 | V28: 1171 | W28: 443 | X28: =Y28+AB28 -> 701 | Y28: 686 | Z28: 46 | AA28: =Y28-Z28 -> 640 | AB28: 15 | AC28: 10 | AD28: =AB28-AC28 -> 5 | AE28: 73 | AF28: 171 | AH28: 1943 | AI28: 838 | AJ28: =AK28+AL28+AM28 -> 43 | AK28: 6 | AL28: 24 | AM28: 13 | AN28: 199 | AO28: 134 | AP28: 330 | AQ28: =AR28+AS28 -> 84 | AR28: 69 | AS28: 15 | AT28: =AI28-AK28-AL28-AM28-AN28-AO28-AP28-AQ28 -> 48 | AV28: 1943 | AW28: =AI28 -> 838 | AX28: =AY28+BB28 -> 11 | AY28: 10 | AZ28: 10 | BA28: 0 | BB28: 1 | BC28: 1 | BD28: 0 | BE28: 542 | BF28: 2 | BG28: =BE28-BF28 -> 540 | BH28: 285 | BJ28: 1943 | BK28: 2263 | BL28: 917 | BM28: 44 | BN28: 120 | BO28: 620 | BP28: =BL28-BM28-BN28-BO28 -> 133 | BQ28: 35 | BR28: 97 | BS28: 898 | BT28: =BU28+BV28 -> 44 | BU28: 19 | BV28: 25 | BW28: =BK28-BM28-BQ28-BR28-BS28-BT28-BN28-BP28 -> 892 | BY28: 1943 | BZ28: =BK28 -> 2263 | CA28: =CB28+CE28 -> 1226 | CB28: 1182 | CC28: 1139 | CD28: =CB28-CC28 -> 43 | CE28: 44 | CF28: 43 | CG28: =CE28-CF28 -> 1 | CH28: 704 | CI28: 214 | CJ28: =CH28-CI28 -> 490 | CK28: 333 | CM28: 1943 | CN28: 4337 | CO28: =C28+AK28+BM28 -> 1224 | CP28: =D28+G28+AN28+AO28+AP28+BQ28+BR28+BS28 -> 2426 | CQ28: =CN28-CO28-CP28 -> 687 | CS28: 1943 | CT28: =CN28 -> 4337 | CU28: 1477 | CV28: =CW28+CX28 -> 1249 | CW28: 1195 | CX28: =AC28+BC28+CF28 -> 54 | CY28: -37 | CZ28: =CT28-CU28-CV28-CY28 -> 1648 | DB28: 1943 | DC28: =DE28-DD28 -> 30 | DD28: =N28 -> 115 | DE28: =J28 -> 145 | DF28: =D28 -> 531 | DG28: =G28 -> 202 | DH28: =AN28 -> 199 | DI28: =AO28+AP28 -> 464 | DJ28: =AQ28 -> 84 | DK28: =BQ28 -> 35 | DL28: =BR28+BS28 -> 995 | DM28: =BT28 -> 44 | DN28: =DF28+DH28+DK28 -> 765 | DO28: =DG28+DI28+DL28 -> 1661 | DP28: =DE28+DF28+DG28 -> 878 | DQ28: =DH28+DI28+DJ28 -> 747 | DR28: =DK28+DL28+DM28 -> 1074 | DS28: =DN28+DO28 -> 2426 | DT28: =DE28+DJ28+DM28 -> 273 | DU28: =DP28+DQ28+DR28 -> 2699 | DW28: 1943 | DX28: ='Rec y Obligaciones'!CU28+'Rec y Obligaciones'!CW28 -> 2672 | DY28: 2247.3 | DZ28: 3000 | EA28: =DE28+DF28+DG28+C28 -> 2052
A29: 1944 | B29: 3179 | C29: 1357 | D29: =E29+F29 -> 616 | E29: 618 | F29: -2 | G29: =H29+I29 -> 436 | H29: 23 | I29: 413 | J29: =K29+L29 -> 196 | K29: 73 | L29: 123 | M29: 0 | N29: =L29-M29 -> 123 | O29: =P29+Q29 -> 574 | P29: 22 | Q29: 552 | S29: 1944 | T29: =B29 -> 3179 | U29: =V29+W29 -> 1882 | V29: 1358 | W29: 524 | X29: =Y29+AB29 -> 1025 | Y29: 1009 | Z29: 60 | AA29: =Y29-Z29 -> 949 | AB29: 16 | AC29: 4 | AD29: =AB29-AC29 -> 12 | AE29: 57 | AF29: 215 | AH29: 1944 | AI29: 946 | AJ29: =AK29+AL29+AM29 -> 28 | AK29: 2 | AL29: 9 | AM29: 17 | AN29: 251 | AO29: 180 | AP29: 334 | AQ29: =AR29+AS29 -> 97 | AR29: 31 | AS29: 66 | AT29: =AI29-AK29-AL29-AM29-AN29-AO29-AP29-AQ29 -> 56 | AV29: 1944 | AW29: =AI29 -> 946 | AX29: =AY29+BB29 -> 10 | AY29: 9 | AZ29: 9 | BA29: 0 | BB29: 1 | BC29: 1 | BD29: 0 | BE29: 675 | BF29: 0 | BG29: =BE29-BF29 -> 675 | BH29: 261 | BJ29: 1944 | BK29: 2949 | BL29: 1238 | BM29: 75 | BN29: 142 | BO29: 910 | BP29: =BL29-BM29-BN29-BO29 -> 111 | BQ29: 73 | BR29: 141 | BS29: 1221 | BT29: =BU29+BV29 -> 163 | BU29: 133 | BV29: 30 | BW29: =BK29-BM29-BQ29-BR29-BS29-BT29-BN29-BP29 -> 1023 | BY29: 1944 | BZ29: =BK29 -> 2949 | CA29: =CB29+CE29 -> 1578 | CB29: 1510 | CC29: 1473 | CD29: =CB29-CC29 -> 37 | CE29: 68 | CF29: 67 | CG29: =CE29-CF29 -> 1 | CH29: 958 | CI29: 294 | CJ29: =CH29-CI29 -> 664 | CK29: 413 | CM29: 1944 | CN29: 5408 | CO29: =C29+AK29+BM29 -> 1434 | CP29: =D29+G29+AN29+AO29+AP29+BQ29+BR29+BS29 -> 3252 | CQ29: =CN29-CO29-CP29 -> 722 | CS29: 1944 | CT29: =CN29 -> 5408 | CU29: 1767 | CV29: =CW29+CX29 -> 1614 | CW29: 1542 | CX29: =AC29+BC29+CF29 -> 72 | CY29: 1180 | CZ29: =CT29-CU29-CV29-CY29 -> 847 | DB29: 1944 | DC29: =DE29-DD29 -> 73 | DD29: =N29 -> 123 | DE29: =J29 -> 196 | DF29: =D29 -> 616 | DG29: =G29 -> 436 | DH29: =AN29 -> 251 | DI29: =AO29+AP29 -> 514 | DJ29: =AQ29 -> 97 | DK29: =BQ29 -> 73 | DL29: =BR29+BS29 -> 1362 | DM29: =BT29 -> 163 | DN29: =DF29+DH29+DK29 -> 940 | DO29: =DG29+DI29+DL29 -> 2312 | DP29: =DE29+DF29+DG29 -> 1248 | DQ29: =DH29+DI29+DJ29 -> 862 | DR29: =DK29+DL29+DM29 -> 1598 | DS29: =DN29+DO29 -> 3252 | DT29: =DE29+DJ29+DM29 -> 456 | DU29: =DP29+DQ29+DR29 -> 3708 | DW29: 1944 | DX29: ='Rec y Obligaciones'!CU29+'Rec y Obligaciones'!CW29 -> 3309 | DY29: 2982.7 | DZ29: 3900 | EA29: =DE29+DF29+DG29+C29 -> 2605
... A60: 1975 | B60: 158566 | C60: 20153 | D60: =E60+F60 -> 123409 | E60: 125904 | F60: -2495 | G60: =H60+I60 -> 5056 | H60: 1181 | I60: 3875 | J60: =K60+L60 -> 816 | K60: 666 | L60: 150 | M60: 150 | N60: =L60-M60 -> 0 | O60: =P60+Q60 -> 9132 | P60: 1147 | Q60: 7985 | S60: 1975 | T60: =B60 -> 158566 | U60: =V60+W60 -> 56708 | V60: 53131 | W60: 3577 | X60: =Y60+AB60 -> 2742 | Y60: 1111 | Z60: 856 | AA60: =Y60-Z60 -> 255 | AB60: 1631 | AC60: 13 | AD60: =AB60-AC60 -> 1618 | AE60: 85574 | AF60: 13542 | AH60: 1975 | AI60: 202442 | AJ60: =AK60+AL60+AM60 -> 4194 | AK60: 1162 | AL60: 2022 | AM60: 1010 | AN60: 4587 | AO60: 9143 | AP60: 140836 | AQ60: =AR60+AS60 -> 31216 | AR60: 3416 | AS60: 27800 | AT60: =AI60-AK60-AL60-AM60-AN60-AO60-AP60-AQ60 -> 12466 | AV60: 1975 | AW60: =AI60 -> 202442 | AX60: =AY60+BB60 -> 1479 | AY60: 1440 | AZ60: 1440 | BA60: 0 | BB60: 39 | BC60: 39 | BD60: 0 | BE60: 170857 | BF60: 1601 | BG60: =BE60-BF60 -> 169256 | BH60: 30106 | BJ60: 1975 | BK60: 318903 | BL60: 98141 | BM60: 750 | BN60: 7767 | BO60: 85381 | BP60: =BL60-BM60-BN60-BO60 -> 4243 | BQ60: 27621 | BR60: 10373 | BS60: 156452 | BT60: =BU60+BV60 -> 17340 | BU60: 12226 | BV60: 5114 | BW60: =BK60-BM60-BQ60-BR60-BS60-BT60-BN60-BP60 -> 94357 | BY60: 1975 | BZ60: =BK60 -> 318903 | CA60: =CB60+CE60 -> 72637 | CB60: 68559 | CC60: 63708 | CD60: =CB60-CC60 -> 4851 | CE60: 4078 | CF60: 3985 | CG60: =CE60-CF60 -> 93 | CH60: 219756 | CI60: 29458 | CJ60: =CH60-CI60 -> 190298 | CK60: 26510 | CM60: 1975 | CN60: 531847 | CO60: =C60+AK60+BM60 -> 22065 | CP60: =D60+G60+AN60+AO60+AP60+BQ60+BR60+BS60 -> 477477 | CQ60: =CN60-CO60-CP60 -> 32305 | CS60: 1975 | CT60: =CN60 -> 531847 | CU60: 52262 | CV60: =CW60+CX60 -> 70043 | CW60: 66006 | CX60: =AC60+BC60+CF60 -> 4037 | CY60: 345415 | CZ60: =CT60-CU60-CV60-CY60 -> 64127 | DB60: 1975 | DC60: =DE60-DD60 -> 816 | DD60: =N60 -> 0 | DE60: =J60 -> 816 | DF60: =D60 -> 123409 | DG60: =G60 -> 5056 | DH60: =AN60 -> 4587 | DI60: =AO60+AP60 -> 149979 | DJ60: =AQ60 -> 31216 | DK60: =BQ60 -> 27621 | DL60: =BR60+BS60 -> 166825 | DM60: =BT60 -> 17340 | DN60: =DF60+DH60+DK60 -> 155617 | DO60: =DG60+DI60+DL60 -> 321860 | DP60: =DE60+DF60+DG60 -> 129281 | DQ60: =DH60+DI60+DJ60 -> 185782 | DR60: =DK60+DL60+DM60 -> 211786 | DS60: =DN60+DO60 -> 477477 | DT60: =DE60+DJ60+DM60 -> 49372 | DU60: =DP60+DQ60+DR60 -> 526849 | DW60: 1975 | DX60: ='Rec y Obligaciones'!CU60+'Rec y Obligaciones'!CW60 -> 118268 | DY60: 97150.2 | DZ60: 346100 | EA60: =DE60+DF60+DG60+C60 -> 149434
A61: 1976 | B61: 195038 | C61: 28156 | D61: =E61+F61 -> 122564 | E61: 132843 | F61: -10279 | G61: =H61+I61 -> 11599 | H61: 1857 | I61: 9742 | J61: =K61+L61 -> 20460 | K61: 201 | L61: 20259 | M61: 927 | N61: =L61-M61 -> 19332 | O61: =P61+Q61 -> 12259 | P61: 706 | Q61: 11553 | S61: 1976 | T61: =B61 -> 195038 | U61: =V61+W61 -> 84706 | V61: 79366 | W61: 5340 | X61: =Y61+AB61 -> 4816 | Y61: 1431 | Z61: 560 | AA61: =Y61-Z61 -> 871 | AB61: 3385 | AC61: 89 | AD61: =AB61-AC61 -> 3296 | AE61: 73086 | AF61: 32430 | AH61: 1976 | AI61: 344442 | AJ61: =AK61+AL61+AM61 -> 5954 | AK61: 1354 | AL61: 2551 | AM61: 2049 | AN61: 6188 | AO61: 12183 | AP61: 225493 | AQ61: =AR61+AS61 -> 40685 | AR61: 3629 | AS61: 37056 | AT61: =AI61-AK61-AL61-AM61-AN61-AO61-AP61-AQ61 -> 53939 | AV61: 1976 | AW61: =AI61 -> 344442 | AX61: =AY61+BB61 -> 2296 | AY61: 2110 | AZ61: 2110 | BA61: 0 | BB61: 186 | BC61: 186 | BD61: 0 | BE61: 300272 | BF61: 569 | BG61: =BE61-BF61 -> 299703 | BH61: 41874 | BJ61: 1976 | BK61: 379130 | BL61: 63974 | BM61: 1476 | BN61: 7963 | BO61: 50008 | BP61: =BL61-BM61-BN61-BO61 -> 4527 | BQ61: 85521 | BR61: 12215 | BS61: 182714 | BT61: =BU61+BV61 -> 21720 | BU61: 12450 | BV61: 9270 | BW61: =BK61-BM61-BQ61-BR61-BS61-BT61-BN61-BP61 -> 62994 | BY61: 1976 | BZ61: =BK61 -> 379130 | CA61: =CB61+CE61 -> 88467 | CB61: 76901 | CC61: 72257 | CD61: =CB61-CC61 -> 4644 | CE61: 11566 | CF61: 11132 | CG61: =CE61-CF61 -> 434 | CH61: 258845 | CI61: 34813 | CJ61: =CH61-CI61 -> 224032 | CK61: 31818 | CM61: 1976 | CN61: 768479 | CO61: =C61+AK61+BM61 -> 30986 | CP61: =D61+G61+AN61+AO61+AP61+BQ61+BR61+BS61 -> 658477 | CQ61: =CN61-CO61-CP61 -> 79016 | CS61: 1976 | CT61: =CN61 -> 768479 | CU61: 79873 | CV61: =CW61+CX61 -> 86341 | CW61: 74934 | CX61: =AC61+BC61+CF61 -> 11407 | CY61: 502919 | CZ61: =CT61-CU61-CV61-CY61 -> 99346 | DB61: 1976 | DC61: =DE61-DD61 -> 1128 | DD61: =N61 -> 19332 | DE61: =J61 -> 20460 | DF61: =D61 -> 122564 | DG61: =G61 -> 11599 | DH61: =AN61 -> 6188 | DI61: =AO61+AP61 -> 237676 | DJ61: =AQ61 -> 40685 | DK61: =BQ61 -> 85521 | DL61: =BR61+BS61 -> 194929 | DM61: =BT61 -> 21720 | DN61: =DF61+DH61+DK61 -> 214273 | DO61: =DG61+DI61+DL61 -> 444204 | DP61: =DE61+DF61+DG61 -> 154623 | DQ61: =DH61+DI61+DJ61 -> 284549 | DR61: =DK61+DL61+DM61 -> 302170 | DS61: =DN61+DO61 -> 658477 | DT61: =DE61+DJ61+DM61 -> 82865 | DU61: =DP61+DQ61+DR61 -> 741342 | DW61: 1976 | DX61: ='Rec y Obligaciones'!CU61+'Rec y Obligaciones'!CW61 -> 154807 | DY61: - | DZ61: 395400 | EA61: =DE61+DF61+DG61+C61 -> 182779
A62: 1977 | B62: 278382 | C62: 44159 | D62: =E62+F62 -> 189976 | E62: 193325 | F62: -3349 | G62: =H62+I62 -> 19089 | H62: 1747 | I62: 17342 | J62: =K62+L62 -> 9304 | K62: 202 | L62: 9102 | M62: 402 | N62: =L62-M62 -> 8700 | O62: =P62+Q62 -> 15854 | P62: 829 | Q62: 15025 | S62: 1977 | T62: =B62 -> 278382 | U62: =V62+W62 -> 94512 | V62: 87903 | W62: 6609 | X62: =Y62+AB62 -> 13852 | Y62: 6949 | Z62: 1863 | AA62: =Y62-Z62 -> 5086 | AB62: 6903 | AC62: 485 | AD62: =AB62-AC62 -> 6418 | AE62: 130157 | AF62: 39861 | AH62: 1977 | AI62: 431404 | AJ62: =AK62+AL62+AM62 -> 8356 | AK62: 774 | AL62: 2554 | AM62: 5028 | AN62: 3261 | AO62: 14771 | AP62: 303091 | AQ62: =AR62+AS62 -> 37680 | AR62: 3712 | AS62: 33968 | AT62: =AI62-AK62-AL62-AM62-AN62-AO62-AP62-AQ62 -> 64245 | AV62: 1977 | AW62: =AI62 -> 431404 | AX62: =AY62+BB62 -> 3372 | AY62: 3148 | AZ62: 3148 | BA62: 0 | BB62: 224 | BC62: 224 | BD62: 0 | BE62: 384001 | BF62: 15165 | BG62: =BE62-BF62 -> 368836 | BH62: 44031 | BJ62: 1977 | BK62: 477578 | BL62: 135249 | BM62: 1269 | BN62: 8370 | BO62: 120082 | BP62: =BL62-BM62-BN62-BO62 -> 5528 | BQ62: 66591 | BR62: 12619 | BS62: 229374 | BT62: =BU62+BV62 -> 16541 | BU62: 9769 | BV62: 6772 | BW62: =BK62-BM62-BQ62-BR62-BS62-BT62-BN62-BP62 -> 137286 | BY62: 1977 | BZ62: =BK62 -> 477578 | CA62: =CB62+CE62 -> 119058 | CB62: 105062 | CC62: 102365 | CD62: =CB62-CC62 -> 2697 | CE62: 13996 | CF62: 13660 | CG62: =CE62-CF62 -> 336 | CH62: 324161 | CI62: 97100 | CJ62: =CH62-CI62 -> 227061 | CK62: 34359 | CM62: 1977 | CN62: 983149 | CO62: =C62+AK62+BM62 -> 46202 | CP62: =D62+G62+AN62+AO62+AP62+BQ62+BR62+BS62 -> 838772 | CQ62: =CN62-CO62-CP62 -> 98175 | CS62: 1977 | CT62: =CN62 -> 983149 | CU62: 88632 | CV62: =CW62+CX62 -> 121745 | CW62: 107376 | CX62: =AC62+BC62+CF62 -> 14369 | CY62: 657824 | CZ62: =CT62-CU62-CV62-CY62 -> 114948 | DB62: 1977 | DC62: =DE62-DD62 -> 604 | DD62: =N62 -> 8700 | DE62: =J62 -> 9304 | DF62: =D62 -> 189976 | DG62: =G62 -> 19089 | DH62: =AN62 -> 3261 | DI62: =AO62+AP62 -> 317862 | DJ62: =AQ62 -> 37680 | DK62: =BQ62 -> 66591 | DL62: =BR62+BS62 -> 241993 | DM62: =BT62 -> 16541 | DN62: =DF62+DH62+DK62 -> 259828 | DO62: =DG62+DI62+DL62 -> 578944 | DP62: =DE62+DF62+DG62 -> 218369 | DQ62: =DH62+DI62+DJ62 -> 358803 | DR62: =DK62+DL62+DM62 -> 325125 | DS62: =DN62+DO62 -> 838772 | DT62: =DE62+DJ62+DM62 -> 63525 | DU62: =DP62+DQ62+DR62 -> 902297 | DW62: 1977 | DX62: ='Rec y Obligaciones'!CU62+'Rec y Obligaciones'!CW62 -> 196008 | DY62: - | DZ62: 495200 | EA62: =DE62+DF62+DG62+C62 -> 262528
A63: 1978 | B63: 371929 | C63: 51606 | D63: =E63+F63 -> 258564 | E63: 260803 | F63: -2239 | G63: =H63+I63 -> 21220 | H63: 2132 | I63: 19088 | J63: =K63+L63 -> 8050 | K63: 795 | L63: 7255 | M63: 5106 | N63: =L63-M63 -> 2149 | O63: =P63+Q63 -> 32489 | P63: 984 | Q63: 31505 | S63: 1978 | T63: =B63 -> 371929 | U63: =V63+W63 -> 120876 | V63: 112297 | W63: 8579 | X63: =Y63+AB63 -> 11910 | Y63: 5778 | Z63: 818 | AA63: =Y63-Z63 -> 4960 | AB63: 6132 | AC63: 101 | AD63: =AB63-AC63 -> 6031 | AE63: 192227 | AF63: 46916 | AH63: 1978 | AI63: 470996 | AJ63: =AK63+AL63+AM63 -> 7554 | AK63: 690 | AL63: 2843 | AM63: 4021 | AN63: 3502 | AO63: 16382 | AP63: 333491 | AQ63: =AR63+AS63 -> 35875 | AR63: 2541 | AS63: 33334 | AT63: =AI63-AK63-AL63-AM63-AN63-AO63-AP63-AQ63 -> 74192 | AV63: 1978 | AW63: =AI63 -> 470996 | AX63: =AY63+BB63 -> 4858 | AY63: 4584 | AZ63: 4584 | BA63: 0 | BB63: 274 | BC63: 274 | BD63: 0 | BE63: 414456 | BF63: 23509 | BG63: =BE63-BF63 -> 390947 | BH63: 51682 | BJ63: 1978 | BK63: 627179 | BL63: 215667 | BM63: 3793 | BN63: 13561 | BO63: 192590 | BP63: =BL63-BM63-BN63-BO63 -> 5723 | BQ63: 59628 | BR63: 18386 | BS63: 301031 | BT63: =BU63+BV63 -> 15368 | BU63: 5531 | BV63: 9837 | BW63: =BK63-BM63-BQ63-BR63-BS63-BT63-BN63-BP63 -> 209689 | BY63: 1978 | BZ63: =BK63 -> 627179 | CA63: =CB63+CE63 -> 157479 | CB63: 142052 | CC63: 139788 | CD63: =CB63-CC63 -> 2264 | CE63: 15427 | CF63: 15270 | CG63: =CE63-CF63 -> 157 | CH63: 424890 | CI63: 161187 | CJ63: =CH63-CI63 -> 263703 | CK63: 44810 | CM63: 1978 | CN63: 1211928 | CO63: =C63+AK63+BM63 -> 56089 | CP63: =D63+G63+AN63+AO63+AP63+BQ63+BR63+BS63 -> 1012204 | CQ63: =CN63-CO63-CP63 -> 143635 | CS63: 1978 | CT63: =CN63 -> 1211928 | CU63: 114809 | CV63: =CW63+CX63 -> 160839 | CW63: 145194 | CX63: =AC63+BC63+CF63 -> 15645 | CY63: 798974 | CZ63: =CT63-CU63-CV63-CY63 -> 137306 | DB63: 1978 | DC63: =DE63-DD63 -> 5901 | DD63: =N63 -> 2149 | DE63: =J63 -> 8050 | DF63: =D63 -> 258564 | DG63: =G63 -> 21220 | DH63: =AN63 -> 3502 | DI63: =AO63+AP63 -> 349873 | DJ63: =AQ63 -> 35875 | DK63: =BQ63 -> 59628 | DL63: =BR63+BS63 -> 319417 | DM63: =BT63 -> 15368 | DN63: =DF63+DH63+DK63 -> 321694 | DO63: =DG63+DI63+DL63 -> 690510 | DP63: =DE63+DF63+DG63 -> 287834 | DQ63: =DH63+DI63+DJ63 -> 389250 | DR63: =DK63+DL63+DM63 -> 394413 | DS63: =DN63+DO63 -> 1012204 | DT63: =DE63+DJ63+DM63 -> 59293 | DU63: =DP63+DQ63+DR63 -> 1071497 | DW63: 1978 | DX63: ='Rec y Obligaciones'!CU63+'Rec y Obligaciones'!CW63 -> 260003 | DY63: - | DZ63: 640900 | EA63: =DE63+DF63+DG63+C63 -> 339440
A64: 1979 | B64: ='Fin 1979-1982'!H64 -> 605500 | C64: ='Reservas Int'!G64 -> 63801.24 | D64: ='Fin 1979-1982'!B10 -> 459500 | E64: - | F64: - | G64: ='Fin 1979-1982'!B15 -> 2900 | H64: - | I64: - | J64: =M64+N64 -> 19400 | K64: - | L64: - | M64: ='Fin 1979-1982'!B20 -> 11700 | N64: ='Fin 1979-1982'!B24 -> 7700 | O64: - | P64: - | Q64: - | S64: 1979 | T64: ='Fin 1979-1982'!P64 -> 605500 | U64: - | V64: - | W64: - | X64: - | Y64: - | Z64: - | AA64: - | AB64: - | AC64: - | AD64: - | AE64: - | AF64: - | AH64: 1979 | AI64: ='Fin 1979-1982'!W64 -> 631300 | AJ64: - | AK64: 0 | AL64: - | AM64: - | AN64: ='Fin 1979-1982'!B11 -> 96900 | AO64: 0 | AP64: ='Fin 1979-1982'!B16 -> 349100 | AQ64: ='Fin 1979-1982'!B25 -> 13100 | AR64: - | AS64: - | AT64: - | AV64: 1979 | AW64: ='Fin 1979-1982'!AE64 -> 631300 | AX64: - | AY64: - | AZ64: - | BA64: - | BB64: - | BC64: - | BD64: - | BE64: - | BF64: - | BG64: - | BH64: - | BJ64: 1979 | BK64: ='Fin 1979-1982'!AL64 -> 995200 | BL64: - | BM64: 0 | BN64: - | BO64: - | BP64: - | BQ64: ='Fin 1979-1982'!B12 -> 46400 | BR64: 0 | BS64: ='Fin 1979-1982'!B17 -> 487400 | BT64: ='Fin 1979-1982'!B21 -> 21800 | BU64: - | BV64: - | BW64: - | BY64: 1979 | BZ64: =BK64 -> 995200 | CA64: - | CB64: - | CC64: - | CD64: - | CE64: - | CF64: - | CG64: - | CH64: - | CI64: - | CJ64: - | CK64: - | CM64: 1979 | CN64: - | CO64: - | CP64: - | CQ64: - | CT64: - | CU64: 149550 | CV64: - | CW64: 196850 | CX64: - | CY64: - | CZ64: - | DB64: 1979 | DC64: =DE64-DD64 -> 11700 | DD64: =N64 -> 7700 | DE64: =J64 -> 19400 | DF64: =D64 -> 459500 | DG64: =G64 -> 2900 | DH64: =AN64 -> 96900 | DI64: =AO64+AP64 -> 349100 | DJ64: =AQ64 -> 13100 | DK64: =BQ64 -> 46400 | DL64: =BR64+BS64 -> 487400 | DM64: =BT64 -> 21800 | DN64: =DF64+DH64+DK64 -> 602800 | DO64: =DG64+DI64+DL64 -> 839400 | DP64: =DE64+DF64+DG64 -> 481800 | DQ64: =DH64+DI64+DJ64 -> 459100 | DR64: =DK64+DL64+DM64 -> 555600 | DS64: =DN64+DO64 -> 1442200 | DT64: =DE64+DJ64+DM64 -> 54300 | DU64: =DP64+DQ64+DR64 -> 1496500 | DW64: 1979 | DX64: ='Rec y Obligaciones'!CU64+'Rec y Obligaciones'!CW64 -> 346400 | DY64: - | DZ64: 865100 | EA64: =DE64+DF64+DG64+C64 -> 545601.24
A65: 1980 | B65: ='Fin 1979-1982'!H65 -> 814700 | C65: ='Reservas Int'!G65 -> 91231.68 | D65: ='Fin 1979-1982'!C10 -> 611400 | E65: - | F65: - | G65: ='Fin 1979-1982'!C15 -> 3500 | H65: - | I65: - | J65: =M65+N65 -> 43600 | K65: - | L65: - | M65: ='Fin 1979-1982'!C20 -> 28800 | N65: ='Fin 1979-1982'!C24 -> 14800 | O65: - | P65: - | Q65: - | S65: 1980 | T65: ='Fin 1979-1982'!P65 -> 814700 | U65: - | V65: - | W65: - | X65: - | Y65: - | Z65: - | AA65: - | AB65: - | AC65: - | AD65: - | AE65: - | AF65: - | AH65: 1980 | AI65: ='Fin 1979-1982'!W65 -> 833400 | AJ65: - | AK65: 0 | AL65: - | AM65: - | AN65: ='Fin 1979-1982'!C11 -> 121600 | AO65: 0 | AP65: ='Fin 1979-1982'!C16 -> 462000 | AQ65: ='Fin 1979-1982'!C25 -> 14800 | AR65: - | AS65: - | AT65: - | AV65: 1980 | AW65: ='Fin 1979-1982'!AE65 -> 833400 | AX65: - | AY65: - | AZ65: - | BA65: - | BB65: - | BC65: - | BD65: - | BE65: - | BF65: - | BG65: - | BH65: - | BJ65: 1980 | BK65: ='Fin 1979-1982'!AL65 -> 1435100 | BL65: - | BM65: 0 | BN65: - | BO65: - | BP65: - | BQ65: ='Fin 1979-1982'!C12 -> 62500 | BR65: 0 | BS65: ='Fin 1979-1982'!C17 -> 695500 | BT65: ='Fin 1979-1982'!C21 -> 27500 | BU65: - | BV65: - | BW65: - | BY65: 1980 | BZ65: =BK65 -> 1435100 | CA65: - | CB65: - | CC65: - | CD65: - | CE65: - | CF65: - | CG65: - | CH65: - | CI65: - | CJ65: - | CK65: - | CM65: 1980 | CN65: - | CO65: - | CP65: - | CQ65: - | CT65: - | CU65: 195000 | CV65: - | CW65: 267000 | CX65: - | CY65: - | CZ65: - | DB65: 1980 | DC65: =DE65-DD65 -> 28800 | DD65: =N65 -> 14800 | DE65: =J65 -> 43600 | DF65: =D65 -> 611400 | DG65: =G65 -> 3500 | DH65: =AN65 -> 121600 | DI65: =AO65+AP65 -> 462000 | DJ65: =AQ65 -> 14800 | DK65: =BQ65 -> 62500 | DL65: =BR65+BS65 -> 695500 | DM65: =BT65 -> 27500 | DN65: =DF65+DH65+DK65 -> 795500 | DO65: =DG65+DI65+DL65 -> 1161000 | DP65: =DE65+DF65+DG65 -> 658500 | DQ65: =DH65+DI65+DJ65 -> 598400 | DR65: =DK65+DL65+DM65 -> 785500 | DS65: =DN65+DO65 -> 1956500 | DT65: =DE65+DJ65+DM65 -> 85900 | DU65: =DP65+DQ65+DR65 -> 2042400 | DW65: 1980 | DX65: ='Rec y Obligaciones'!CU65+'Rec y Obligaciones'!CW65 -> 462000 | DY65: - | DZ65: 1246000 | EA65: =DE65+DF65+DG65+C65 -> 749731.68
A66: 1981 | B66: ='Fin 1979-1982'!H66 -> 1157900 | C66: ='Reservas Int'!G66 -> 125850.4 | D66: ='Fin 1979-1982'!D10 -> 900000 | E66: - | F66: - | G66: ='Fin 1979-1982'!D15 -> 4700 | H66: - | I66: - | J66: =M66+N66 -> 46500 | K66: - | L66: - | M66: ='Fin 1979-1982'!D20 -> 35400 | N66: ='Fin 1979-1982'!D24 -> 11100 | O66: - | P66: - | Q66: - | S66: 1981 | T66: ='Fin 1979-1982'!P66 -> 1157900 | U66: - | V66: - | W66: - | X66: - | Y66: - | Z66: - | AA66: - | AB66: - | AC66: - | AD66: - | AE66: - | AF66: - | AH66: 1981 | AI66: ='Fin 1979-1982'!W66 -> 1309600 | AJ66: - | AK66: 0 | AL66: - | AM66: - | AN66: ='Fin 1979-1982'!D11 -> 331500 | AO66: 0 | AP66: ='Fin 1979-1982'!D16 -> 601600 | AQ66: ='Fin 1979-1982'!D25 -> 38200 | AR66: - | AS66: - | AT66: - | AV66: 1981 | AW66: ='Fin 1979-1982'!AE66 -> 1309600 | AX66: - | AY66: - | AZ66: - | BA66: - | BB66: - | BC66: - | BD66: - | BE66: - | BF66: - | BG66: - | BH66: - | BJ66: 1981 | BK66: ='Fin 1979-1982'!AL66 -> 2108400 | BL66: - | BM66: 0 | BN66: - | BO66: - | BP66: - | BQ66: ='Fin 1979-1982'!D12 -> 138400 | BR66: 0 | BS66: ='Fin 1979-1982'!D17 -> 1015400 | BT66: ='Fin 1979-1982'!D21 -> 40300 | BU66: - | BV66: - | BW66: - | BY66: 1981 | BZ66: =BK66 -> 2108400 | CA66: - | CB66: - | CC66: - | CD66: - | CE66: - | CF66: - | CG66: - | CH66: - | CI66: - | CJ66: - | CK66: - | CM66: 1981 | CN66: - | CO66: - | CP66: - | CQ66: - | CT66: - | CU66: 282000 | CV66: - | CW66: 330000 | CX66: - | CY66: - | CZ66: - | DB66: 1981 | DC66: =DE66-DD66 -> 35400 | DD66: =N66 -> 11100 | DE66: =J66 -> 46500 | DF66: =D66 -> 900000 | DG66: =G66 -> 4700 | DH66: =AN66 -> 331500 | DI66: =AO66+AP66 -> 601600 | DJ66: =AQ66 -> 38200 | DK66: =BQ66 -> 138400 | DL66: =BR66+BS66 -> 1015400 | DM66: =BT66 -> 40300 | DN66: =DF66+DH66+DK66 -> 1369900 | DO66: =DG66+DI66+DL66 -> 1621700 | DP66: =DE66+DF66+DG66 -> 951200 | DQ66: =DH66+DI66+DJ66 -> 971300 | DR66: =DK66+DL66+DM66 -> 1194100 | DS66: =DN66+DO66 -> 2991600 | DT66: =DE66+DJ66+DM66 -> 125000 | DU66: =DP66+DQ66+DR66 -> 3116600 | DW66: 1981 | DX66: ='Rec y Obligaciones'!CU66+'Rec y Obligaciones'!CW66 -> 612000 | DY66: - | DZ66: 1907000 | EA66: =DE66+DF66+DG66+C66 -> 1077050.4
A67: 1982 | B67: ='Fin 1979-1982'!H67 -> 2619000 | C67: ='Reservas Int'!G67 -> 141116.5 | D67: ='Fin 1979-1982'!E10 -> 2137400 | E67: - | F67: - | G67: ='Fin 1979-1982'!E15 -> 2000 | H67: - | I67: - | J67: =M67+N67 -> 305900 | K67: - | L67: - | M67: ='Fin 1979-1982'!E20 -> 72200 | N67: ='Fin 1979-1982'!E24 -> 233700 | O67: - | P67: - | Q67: - | S67: 1982 | T67: ='Fin 1979-1982'!P67 -> 2619000 | U67: - | V67: - | W67: - | X67: - | Y67: - | Z67: - | AA67: - | AB67: - | AC67: - | AD67: - | AE67: - | AF67: - | AH67: 1982 | AI67: ='Fin 1979-1982'!W67 -> 3588800 | AJ67: - | AK67: 0 | AL67: - | AM67: - | AN67: ='Fin 1979-1982'!E11 -> 1098900 | AO67: 0 | AP67: ='Fin 1979-1982'!E16 -> 1469700 | AQ67: ='Fin 1979-1982'!E25 -> 41000 | AR67: - | AS67: - | AT67: - | AV67: 1982 | AW67: ='Fin 1979-1982'!AE67 -> 3588800 | AX67: - | AY67: - | AZ67: - | BA67: - | BB67: - | BC67: - | BD67: - | BE67: - | BF67: - | BG67: - | BH67: - | BJ67: 1982 | BK67: ='Fin 1979-1982'!AL67 -> 3972700 | BL67: - | BM67: 0 | BN67: - | BO67: - | BP67: - | BQ67: ='Fin 1979-1982'!E12 -> 770100 | BR67: 0 | BS67: ='Fin 1979-1982'!E17 -> 1254000 | BT67: ='Fin 1979-1982'!E21 -> 71000 | BU67: - | BV67: - | BW67: - | BY67: 1982 | BZ67: =BK67 -> 3972700 | CA67: - | CB67: - | CC67: - | CD67: - | CE67: - | CF67: - | CG67: - | CH67: - | CI67: - | CJ67: - | CK67: - | CM67: 1982 | CN67: - | CO67: - | CP67: - | CQ67: - | CT67: - | CU67: 503500 | CV67: - | CW67: 489500 | CX67: - | CY67: - | CZ67: - | DB67: 1982 | DC67: =DE67-DD67 -> 72200 | DD67: =N67 -> 233700 | DE67: =J67 -> 305900 | DF67: =D67 -> 2137400 | DG67: =G67 -> 2000 | DH67: =AN67 -> 1098900 | DI67: =AO67+AP67 -> 1469700 | DJ67: =AQ67 -> 41000 | DK67: =BQ67 -> 770100 | DL67: =BR67+BS67 -> 1254000 | DM67: =BT67 -> 71000 | DN67: =DF67+DH67+DK67 -> 4006400 | DO67: =DG67+DI67+DL67 -> 2725700 | DP67: =DE67+DF67+DG67 -> 2445300 | DQ67: =DH67+DI67+DJ67 -> 2609600 | DR67: =DK67+DL67+DM67 -> 2095100 | DS67: =DN67+DO67 -> 6732100 | DT67: =DE67+DJ67+DM67 -> 417900 | DU67: =DP67+DQ67+DR67 -> 7150000 | DW67: 1982 | DX67: ='Rec y Obligaciones'!CU67+'Rec y Obligaciones'!CW67 -> 993000 | DY67: - | DZ67: 3265000 | EA67: =DE67+DF67+DG67+C67 -> 2586416.5
B69: Fuente: Banxico (1979) para datos de 1933-1978 e INEGI (2014) para algunos datos de 1979-1982. Esta división se debe realizar por cambios en la metodología. | DK69: =DH64+DK64 -> 143300
U70: 149550 | V70: 196850
U71: 195000 | V71: 267000
U72: 282000 | V72: 330000
U73: 503500 | V73: 489500

Sheet Fin Gob Fed 
C1: Financiamiento al gobierno vía el encaje legal | I1: Base monetaria con ajuste de valores encaje
A2: PIB Nominal | B2: Año | C2: Financiamiento al gobierno Gómez (1981) | D2: Financiamiento al gobierno | E2: Financiamiento al gobierno con valores que van al encaje | F2: Financiamiento al gobierno + valores encaje | G2: Financiamiento al gobierno + valores encaje en % PIB | H2: Financiamiento al gobierno con valores que van al encaje en % del PIB | I2: Base monetaria con ajuste valores encaje | N2: Componente interno con ajuste valores encaje
I3: En m/p | L3: En % del PIB | M3: En t/c | N3: En m/p | O3: En % del PIB | P3: En t/c
A5: - | B5: 1920 | C5: - | D5: - | E5: - | F5: - | G5: - | H5: - | I5: - | J5: - | K5: - | L5: - | M5: - | N5: - | O5: - | P5: -
A6: 5455 | B6: 1921 | C6: - | D6: - | E6: - | F6: - | G6: - | H6: - | I6: - | J6: - | K6: - | L6: - | M6: - | N6: - | O6: - | P6: -
A7: 4590 | B7: 1922 | C7: - | D7: - | E7: - | F7: - | G7: - | H7: - | I7: - | J7: - | K7: - | L7: - | M7: - | N7: - | O7: - | P7: -
A8: 5014 | B8: 1923 | C8: - | D8: - | E8: - | F8: - | G8: - | H8: - | I8: - | J8: - | K8: - | L8: - | M8: - | N8: - | O8: - | P8: -
A9: 4633 | B9: 1924 | C9: - | D9: - | E9: - | F9: - | G9: - | H9: - | I9: - | J9: - | K9: - | L9: - | M9: - | N9: - | O9: - | P9: -
A10: 5239 | B10: 1925 | C10: - | D10: - | E10: - | F10: - | G10: - | H10: - | I10: - | J10: - | K10: - | L10: - | M10: - | N10: - | O10: - | P10: -
A11: 5469 | B11: 1926 | C11: - | D11: - | E11: - | F11: - | G11: - | H11: - | I11: - | J11: - | K11: - | L11: - | M11: - | N11: - | O11: - | P11: -
A12: 4987 | B12: 1927 | C12: - | D12: - | E12: - | F12: - | G12: - | H12: - | I12: - | J12: - | K12: - | L12: - | M12: - | N12: - | O12: - | P12: -
A13: 5018 | B13: 1928 | C13: - | D13: - | E13: - | F13: - | G13: - | H13: - | I13: - | J13: - | K13: - | L13: - | M13: - | N13: - | O13: - | P13: -
A14: 4863 | B14: 1929 | C14: - | D14: - | E14: - | F14: - | G14: - | H14: - | I14: - | J14: - | K14: - | L14: - | M14: - | N14: - | O14: - | P14: -
A15: 4668 | B15: 1930 | C15: - | D15: - | E15: - | F15: - | G15: - | H15: - | I15: - | J15: - | K15: - | L15: - | M15: - | N15: - | O15: - | P15: -
A16: 4218 | B16: 1931 | C16: - | D16: - | E16: - | F16: - | G16: - | H16: - | I16: - | J16: - | K16: - | L16: - | M16: - | N16: - | O16: - | P16: -
A17: 3206 | B17: 1932 | C17: - | D17: - | E17: - | F17: - | G17: - | H17: - | I17: - | J17: - | K17: - | L17: - | M17: - | N17: - | O17: - | P17: -
... A30: 20566 | B30: 1945 | C30: - | D30: - | E30: - | F30: - | G30: - | H30: - | I30: - | J30: - | K30: - | L30: - | M30: - | N30: - | O30: - | P30: -
A31: 27930 | B31: 1946 | C31: Coef de correlación | D31: Gómez (1981) realiza un cálculo muy cercano al nuestro con un coeficiente de correlación prácticamente perfecto | G31: - | H31: - | I31: - | J31: - | K31: - | L31: - | M31: - | N31: - | O31: - | P31: -
A32: 31023 | B32: 1947 | C32: =CORREL(C33:C61,F33:F61) -> 0.99804904 | G32: - | H32: - | I32: - | J32: - | K32: - | L32: - | M32: - | N32: - | O32: - | P32: -
A33: 33101 | B33: 1948 | C33: 1611 | D33: ='Rec y Obligaciones'!DF33 -> 1424 | E33: ='Rec y Obligaciones'!DH33+'Rec y Obligaciones'!DK33 -> 353 | F33: =D33+E33 -> 1777 | G33: =(F33/A33)*100 -> 5.3684179 | H33: =(E33/A33)*100 -> 1.066433 | I33: ='Rec y Obligaciones'!EA33+E33 -> 3796 | J33: ='Rec y Obligaciones'!EA33 -> 3443 | K33: =E33 -> 353 | L33: =(I33/A33)*100 -> 11.467931 | N33: ='Rec y Obligaciones'!DE33+'Rec y Obligaciones'!DF33+'Rec y Obligaciones'!DG33+E33 -> 2972 | O33: =(N33/A33)*100 -> 8.9785807
A34: 36412 | B34: 1949 | C34: 2053 | D34: ='Rec y Obligaciones'!DF34 -> 1910 | E34: ='Rec y Obligaciones'!DH34+'Rec y Obligaciones'!DK34 -> 315 | F34: =D34+E34 -> 2225 | G34: =(F34/A34)*100 -> 6.1106229 | H34: =(E34/A34)*100 -> 0.86509942 | I34: ='Rec y Obligaciones'!EA34+E34 -> 4355 | J34: ='Rec y Obligaciones'!EA34 -> 4040 | K34: =E34 -> 315 | L34: =(I34/A34)*100 -> 11.960343 | M34: =((I34/I33)-1)*100 -> 14.726027 | N34: ='Rec y Obligaciones'!DE34+'Rec y Obligaciones'!DF34+'Rec y Obligaciones'!DG34+E34 -> 2953 | O34: =(N34/A34)*100 -> 8.1099637 | P34: =((N34/N33)-1)*100 -> -0.63930013
A35: 42163 | B35: 1950 | C35: 1909.5 | D35: ='Rec y Obligaciones'!DF35 -> 1421 | E35: ='Rec y Obligaciones'!DH35+'Rec y Obligaciones'!DK35 -> 598 | F35: =D35+E35 -> 2019 | G35: =(F35/A35)*100 -> 4.7885587 | H35: =(E35/A35)*100 -> 1.4183051 | I35: ='Rec y Obligaciones'!EA35+E35 -> 5782 | J35: ='Rec y Obligaciones'!EA35 -> 5184 | K35: =E35 -> 598 | L35: =(I35/A35)*100 -> 13.713445 | M35: =((I35/I34)-1)*100 -> 32.766935 | N35: ='Rec y Obligaciones'!DE35+'Rec y Obligaciones'!DF35+'Rec y Obligaciones'!DG35+E35 -> 2936 | O35: =(N35/A35)*100 -> 6.9634514 | P35: =((N35/N34)-1)*100 -> -0.57568574
A36: 54375 | B36: 1951 | C36: 1793.3 | D36: ='Rec y Obligaciones'!DF36 -> 1433 | E36: ='Rec y Obligaciones'!DH36+'Rec y Obligaciones'!DK36 -> 342 | F36: =D36+E36 -> 1775 | G36: =(F36/A36)*100 -> 3.2643678 | H36: =(E36/A36)*100 -> 0.62896552 | I36: ='Rec y Obligaciones'!EA36+E36 -> 5711 | J36: ='Rec y Obligaciones'!EA36 -> 5369 | K36: =E36 -> 342 | L36: =(I36/A36)*100 -> 10.502989 | M36: =((I36/I35)-1)*100 -> -1.2279488 | N36: ='Rec y Obligaciones'!DE36+'Rec y Obligaciones'!DF36+'Rec y Obligaciones'!DG36+E36 -> 3064 | O36: =(N36/A36)*100 -> 5.6349425 | P36: =((N36/N35)-1)*100 -> 4.359673
A37: 60993 | B37: 1952 | C37: 1910.8 | D37: ='Rec y Obligaciones'!DF37 -> 1539 | E37: ='Rec y Obligaciones'!DH37+'Rec y Obligaciones'!DK37 -> 351 | F37: =D37+E37 -> 1890 | G37: =(F37/A37)*100 -> 3.0987162 | H37: =(E37/A37)*100 -> 0.57547587 | I37: ='Rec y Obligaciones'!EA37+E37 -> 6021 | J37: ='Rec y Obligaciones'!EA37 -> 5670 | K37: =E37 -> 351 | L37: =(I37/A37)*100 -> 9.8716246 | M37: =((I37/I36)-1)*100 -> 5.4281212 | N37: ='Rec y Obligaciones'!DE37+'Rec y Obligaciones'!DF37+'Rec y Obligaciones'!DG37+E37 -> 3458 | O37: =(N37/A37)*100 -> 5.6695031 | P37: =((N37/N36)-1)*100 -> 12.859008
A38: 60664 | B38: 1953 | C38: 2211.7 | D38: ='Rec y Obligaciones'!DF38 -> 1761 | E38: ='Rec y Obligaciones'!DH38+'Rec y Obligaciones'!DK38 -> 584 | F38: =D38+E38 -> 2345 | G38: =(F38/A38)*100 -> 3.8655545 | H38: =(E38/A38)*100 -> 0.96267968 | I38: ='Rec y Obligaciones'!EA38+E38 -> 6582 | J38: ='Rec y Obligaciones'!EA38 -> 5998 | K38: =E38 -> 584 | L38: =(I38/A38)*100 -> 10.849927 | M38: =((I38/I37)-1)*100 -> 9.3173891 | N38: ='Rec y Obligaciones'!DE38+'Rec y Obligaciones'!DF38+'Rec y Obligaciones'!DG38+E38 -> 4245 | O38: =(N38/A38)*100 -> 6.9975603 | P38: =((N38/N37)-1)*100 -> 22.75882
A39: 73936 | B39: 1954 | C39: 2853 | D39: ='Rec y Obligaciones'!DF39 -> 2334 | E39: ='Rec y Obligaciones'!DH39+'Rec y Obligaciones'!DK39 -> 585 | F39: =D39+E39 -> 2919 | G39: =(F39/A39)*100 -> 3.9480091 | H39: =(E39/A39)*100 -> 0.79122484 | I39: ='Rec y Obligaciones'!EA39+E39 -> 7691 | J39: ='Rec y Obligaciones'!EA39 -> 7106 | K39: =E39 -> 585 | L39: =(I39/A39)*100 -> 10.40224 | M39: =((I39/I38)-1)*100 -> 16.848982 | N39: ='Rec y Obligaciones'!DE39+'Rec y Obligaciones'!DF39+'Rec y Obligaciones'!DG39+E39 -> 4778 | O39: =(N39/A39)*100 -> 6.4623458 | P39: =((N39/N38)-1)*100 -> 12.555948
A40: 90053 | B40: 1955 | C40: 3067.4 | D40: ='Rec y Obligaciones'!DF40 -> 1818 | E40: ='Rec y Obligaciones'!DH40+'Rec y Obligaciones'!DK40 -> 1123 | F40: =D40+E40 -> 2941 | G40: =(F40/A40)*100 -> 3.2658546 | H40: =(E40/A40)*100 -> 1.2470434 | I40: ='Rec y Obligaciones'!EA40+E40 -> 9399 | J40: ='Rec y Obligaciones'!EA40 -> 8276 | K40: =E40 -> 1123 | L40: =(I40/A40)*100 -> 10.437187 | M40: =((I40/I39)-1)*100 -> 22.207775 | N40: ='Rec y Obligaciones'!DE40+'Rec y Obligaciones'!DF40+'Rec y Obligaciones'!DG40+E40 -> 3778 | O40: =(N40/A40)*100 -> 4.1953072 | P40: =((N40/N39)-1)*100 -> -20.929259
A41: 102920 | B41: 1956 | C41: 2900.1 | D41: ='Rec y Obligaciones'!DF41 -> 1266 | E41: ='Rec y Obligaciones'!DH41+'Rec y Obligaciones'!DK41 -> 1432 | F41: =D41+E41 -> 2698 | G41: =(F41/A41)*100 -> 2.6214536 | H41: =(E41/A41)*100 -> 1.3913719 | I41: ='Rec y Obligaciones'!EA41+E41 -> 10540 | J41: ='Rec y Obligaciones'!EA41 -> 9108 | K41: =E41 -> 1432 | L41: =(I41/A41)*100 -> 10.240964 | M41: =((I41/I40)-1)*100 -> 12.139589 | N41: ='Rec y Obligaciones'!DE41+'Rec y Obligaciones'!DF41+'Rec y Obligaciones'!DG41+E41 -> 4184 | O41: =(N41/A41)*100 -> 4.0652934 | P41: =((N41/N40)-1)*100 -> 10.746427
A42: 118206 | B42: 1957 | C42: 3605.1 | D42: ='Rec y Obligaciones'!DF42 -> 1552 | E42: ='Rec y Obligaciones'!DH42+'Rec y Obligaciones'!DK42 -> 1804 | F42: =D42+E42 -> 3356 | G42: =(F42/A42)*100 -> 2.8391114 | H42: =(E42/A42)*100 -> 1.5261493 | I42: ='Rec y Obligaciones'!EA42+E42 -> 11128 | J42: ='Rec y Obligaciones'!EA42 -> 9324 | K42: =E42 -> 1804 | L42: =(I42/A42)*100 -> 9.4140737 | M42: =((I42/I41)-1)*100 -> 5.5787476 | N42: ='Rec y Obligaciones'!DE42+'Rec y Obligaciones'!DF42+'Rec y Obligaciones'!DG42+E42 -> 5006 | O42: =(N42/A42)*100 -> 4.2349796 | P42: =((N42/N41)-1)*100 -> 19.646272
A43: 131377 | B43: 1958 | C43: 4566 | D43: ='Rec y Obligaciones'!DF43 -> 2383 | E43: ='Rec y Obligaciones'!DH43+'Rec y Obligaciones'!DK43 -> 2116 | F43: =D43+E43 -> 4499 | G43: =(F43/A43)*100 -> 3.4244959 | H43: =(E43/A43)*100 -> 1.610632 | I43: ='Rec y Obligaciones'!EA43+E43 -> 12326 | J43: ='Rec y Obligaciones'!EA43 -> 10210 | K43: =E43 -> 2116 | L43: =(I43/A43)*100 -> 9.3821597 | M43: =((I43/I42)-1)*100 -> 10.765636 | N43: ='Rec y Obligaciones'!DE43+'Rec y Obligaciones'!DF43+'Rec y Obligaciones'!DG43+E43 -> 7198 | O43: =(N43/A43)*100 -> 5.478889 | P43: =((N43/N42)-1)*100 -> 43.787455
A44: 140772 | B44: 1959 | C44: 4256.8 | D44: ='Rec y Obligaciones'!DF44 -> 1479 | E44: ='Rec y Obligaciones'!DH44+'Rec y Obligaciones'!DK44 -> 2668 | F44: =D44+E44 -> 4147 | G44: =(F44/A44)*100 -> 2.9458983 | H44: =(E44/A44)*100 -> 1.8952633 | I44: ='Rec y Obligaciones'!EA44+E44 -> 14051 | J44: ='Rec y Obligaciones'!EA44 -> 11383 | K44: =E44 -> 2668 | L44: =(I44/A44)*100 -> 9.9813883 | M44: =((I44/I43)-1)*100 -> 13.994808 | N44: ='Rec y Obligaciones'!DE44+'Rec y Obligaciones'!DF44+'Rec y Obligaciones'!DG44+E44 -> 8140 | O44: =(N44/A44)*100 -> 5.7823999 | P44: =((N44/N43)-1)*100 -> 13.086969
A45: 159703 | B45: 1960 | C45: 5587.2 | D45: ='Rec y Obligaciones'!DF45 -> 1713 | E45: ='Rec y Obligaciones'!DH45+'Rec y Obligaciones'!DK45 -> 3699 | F45: =D45+E45 -> 5412 | G45: =(F45/A45)*100 -> 3.3887904 | H45: =(E45/A45)*100 -> 2.3161744 | I45: ='Rec y Obligaciones'!EA45+E45 -> 15605 | J45: ='Rec y Obligaciones'!EA45 -> 11906 | K45: =E45 -> 3699 | L45: =(I45/A45)*100 -> 9.7712629 | M45: =((I45/I44)-1)*100 -> 11.059711 | N45: ='Rec y Obligaciones'!DE45+'Rec y Obligaciones'!DF45+'Rec y Obligaciones'!DG45+E45 -> 9855 | O45: =(N45/A45)*100 -> 6.1708296 | P45: =((N45/N44)-1)*100 -> 21.068796
... A61: 1370968 | B61: 1976 | C61: 197503 | D61: ='Rec y Obligaciones'!DF61 -> 122564 | E61: ='Rec y Obligaciones'!DH61+'Rec y Obligaciones'!DK61 -> 91709 | F61: =D61+E61 -> 214273 | G61: =(F61/A61)*100 -> 15.629322 | H61: =(E61/A61)*100 -> 6.6893611 | I61: ='Rec y Obligaciones'!EA61+E61 -> 274488 | J61: ='Rec y Obligaciones'!EA61 -> 182779 | K61: =E61 -> 91709 | L61: =(I61/A61)*100 -> 20.021474 | M61: =((I61/I60)-1)*100 -> 51.11483 | N61: ='Rec y Obligaciones'!DE61+'Rec y Obligaciones'!DF61+'Rec y Obligaciones'!DG61+E61 -> 246332 | O61: =(N61/A61)*100 -> 17.967743 | P61: =((N61/N60)-1)*100 -> 52.537944
A62: 1849263 | B62: 1977 | C62: - | D62: ='Rec y Obligaciones'!DF62 -> 189976 | E62: ='Rec y Obligaciones'!DH62+'Rec y Obligaciones'!DK62 -> 69852 | F62: =D62+E62 -> 259828 | G62: =(F62/A62)*100 -> 14.050354 | H62: =(E62/A62)*100 -> 3.7772886 | I62: ='Rec y Obligaciones'!EA62+E62 -> 332380 | J62: ='Rec y Obligaciones'!EA62 -> 262528 | K62: =E62 -> 69852 | L62: =(I62/A62)*100 -> 17.973647 | M62: =((I62/I61)-1)*100 -> 21.090904 | N62: ='Rec y Obligaciones'!DE62+'Rec y Obligaciones'!DF62+'Rec y Obligaciones'!DG62+E62 -> 288221 | O62: =(N62/A62)*100 -> 15.585723 | P62: =((N62/N61)-1)*100 -> 17.005099
A63: 2337398 | B63: 1978 | C63: - | D63: ='Rec y Obligaciones'!DF63 -> 258564 | E63: ='Rec y Obligaciones'!DH63+'Rec y Obligaciones'!DK63 -> 63130 | F63: =D63+E63 -> 321694 | G63: =(F63/A63)*100 -> 13.762911 | H63: =(E63/A63)*100 -> 2.7008665 | I63: ='Rec y Obligaciones'!EA63+E63 -> 402570 | J63: ='Rec y Obligaciones'!EA63 -> 339440 | K63: =E63 -> 63130 | L63: =(I63/A63)*100 -> 17.222998 | M63: =((I63/I62)-1)*100 -> 21.117396 | N63: ='Rec y Obligaciones'!DE63+'Rec y Obligaciones'!DF63+'Rec y Obligaciones'!DG63+E63 -> 350964 | O63: =(N63/A63)*100 -> 15.015158 | P63: =((N63/N62)-1)*100 -> 21.769059
A64: 3067526 | B64: 1979 | C64: - | D64: ='Rec y Obligaciones'!DF64 -> 459500 | E64: ='Rec y Obligaciones'!DH64+'Rec y Obligaciones'!DK64 -> 143300 | F64: =D64+E64 -> 602800 | G64: =(F64/A64)*100 -> 19.651015 | H64: =(E64/A64)*100 -> 4.671517 | I64: ='Rec y Obligaciones'!EA64+E64 -> 688901.24 | J64: ='Rec y Obligaciones'!EA64 -> 545601.24 | K64: =E64 -> 143300 | L64: =(I64/A64)*100 -> 22.457878 | M64: =((I64/I63)-1)*100 -> 71.125827 | N64: ='Rec y Obligaciones'!DE64+'Rec y Obligaciones'!DF64+'Rec y Obligaciones'!DG64+E64 -> 625100 | O64: =(N64/A64)*100 -> 20.377985 | P64: =((N64/N63)-1)*100 -> 78.109436
A65: 4391907 | B65: 1980 | C65: - | D65: ='Rec y Obligaciones'!DF65 -> 611400 | E65: ='Rec y Obligaciones'!DH65+'Rec y Obligaciones'!DK65 -> 184100 | F65: =D65+E65 -> 795500 | G65: =(F65/A65)*100 -> 18.112861 | H65: =(E65/A65)*100 -> 4.191801 | I65: ='Rec y Obligaciones'!EA65+E65 -> 933831.68 | J65: ='Rec y Obligaciones'!EA65 -> 749731.68 | K65: =E65 -> 184100 | L65: =(I65/A65)*100 -> 21.262556 | M65: =((I65/I64)-1)*100 -> 35.553781 | N65: ='Rec y Obligaciones'!DE65+'Rec y Obligaciones'!DF65+'Rec y Obligaciones'!DG65+E65 -> 842600 | O65: =(N65/A65)*100 -> 19.185288 | P65: =((N65/N64)-1)*100 -> 34.794433
A66: 6032265.5 | B66: 1981 | C66: - | D66: ='Rec y Obligaciones'!DF66 -> 900000 | E66: ='Rec y Obligaciones'!DH66+'Rec y Obligaciones'!DK66 -> 469900 | F66: =D66+E66 -> 1369900 | G66: =(F66/A66)*100 -> 22.709544 | H66: =(E66/A66)*100 -> 7.7897765 | I66: ='Rec y Obligaciones'!EA66+E66 -> 1546950.4 | J66: ='Rec y Obligaciones'!EA66 -> 1077050.4 | K66: =E66 -> 469900 | L66: =(I66/A66)*100 -> 25.644601 | M66: =((I66/I65)-1)*100 -> 65.656235 | N66: ='Rec y Obligaciones'!DE66+'Rec y Obligaciones'!DF66+'Rec y Obligaciones'!DG66+E66 -> 1421100 | O66: =(N66/A66)*100 -> 23.558313 | P66: =((N66/N65)-1)*100 -> 68.656539
A67: 9595751.5 | B67: 1982 | C67: - | D67: ='Rec y Obligaciones'!DF67 -> 2137400 | E67: ='Rec y Obligaciones'!DH67+'Rec y Obligaciones'!DK67 -> 1869000 | F67: =D67+E67 -> 4006400 | G67: =(F67/A67)*100 -> 41.751811 | H67: =(E67/A67)*100 -> 19.47737 | I67: ='Rec y Obligaciones'!EA67+E67 -> 4455416.5 | J67: ='Rec y Obligaciones'!EA67 -> 2586416.5 | K67: =E67 -> 1869000 | L67: =(I67/A67)*100 -> 46.431137 | M67: =((I67/I66)-1)*100 -> 188.01289 | N67: ='Rec y Obligaciones'!DE67+'Rec y Obligaciones'!DF67+'Rec y Obligaciones'!DG67+E67 -> 4314300 | O67: =(N67/A67)*100 -> 44.960522 | P67: =((N67/N66)-1)*100 -> 203.58877
A68: 17493312 | B68: 1983 | C68: - | D68: - | E68: - | F68: - | G68: - | H68: - | I68: - | J68: - | K68: - | L68: - | M68: - | N68: - | O68: - | P68: -
A69: 28659770 | B69: 1984 | C69: - | D69: - | E69: - | F69: - | G69: - | H69: - | I69: - | J69: - | K69: - | L69: - | M69: - | N69: - | O69: - | P69: -
A70: 45940612 | B70: 1985 | C70: - | D70: - | E70: - | F70: - | G70: - | H70: - | I70: - | J70: - | K70: - | L70: - | M70: - | N70: - | O70: - | P70: -
A71: 76306561 | B71: 1986 | C71: - | D71: - | E71: - | F71: - | G71: - | H71: - | I71: - | J71: - | K71: - | L71: - | M71: - | N71: - | O71: - | P71: -
A72: 185542049 | B72: 1987 | C72: - | D72: - | E72: - | F72: - | G72: - | H72: - | I72: - | J72: - | K72: - | L72: - | M72: - | N72: - | O72: - | P72: -
A73: 3.7897915e+08 | B73: 1988 | C73: - | D73: - | E73: - | F73: - | G73: - | H73: - | I73: - | J73: - | K73: - | L73: - | M73: - | N73: - | O73: - | P73: -
A74: 4.9943565e+08 | B74: 1989 | C74: - | D74: - | E74: - | F74: - | G74: - | H74: - | I74: - | J74: - | K74: - | L74: - | M74: - | N74: - | O74: - | P74: -
A75: 6.7200005e+08 | B75: 1990 | C75: - | D75: - | E75: - | F75: - | G75: - | H75: - | I75: - | J75: - | K75: - | L75: - | M75: - | N75: - | O75: - | P75: -

Sheet Captación banca
B1: Obligaciones Banca comercial Cheques y depositos (Captación)
A2: Año | B2: Obligaciones Banca comercial Cheques y depositos
B3: En millones de pesos | C3: En % | D3: En flujos
A5: 1920 | B5: - | C5: - | D5: -
A6: 1921 | B6: - | C6: - | D6: -
A7: 1922 | B7: - | C7: - | D7: -
A8: 1923 | B8: - | C8: - | D8: -
A9: 1924 | B9: - | C9: - | D9: -
A10: 1925 | B10: - | C10: - | D10: -
A11: 1926 | B11: - | C11: - | D11: -
A12: 1927 | B12: - | C12: - | D12: -
A13: 1928 | B13: - | C13: - | D13: -
A14: 1929 | B14: - | C14: - | D14: -
A15: 1930 | B15: - | C15: - | D15: -
A16: 1931 | B16: - | C16: - | D16: -
A17: 1932 | B17: - | C17: - | D17: -
A18: 1933 | B18: ='Rec y Obligaciones'!CA18+'Rec y Obligaciones'!CH18 -> 325 | C18: - | D18: -
A19: 1934 | B19: ='Rec y Obligaciones'!CA19+'Rec y Obligaciones'!CH19 -> 339 | C19: =((B19/B18)-1)*100 -> 4.3076923 | D19: =B19-B18 -> 14
A20: 1935 | B20: ='Rec y Obligaciones'!CA20+'Rec y Obligaciones'!CH20 -> 382 | C20: =((B20/B19)-1)*100 -> 12.684366 | D20: =B20-B19 -> 43
A21: 1936 | B21: ='Rec y Obligaciones'!CA21+'Rec y Obligaciones'!CH21 -> 427 | C21: =((B21/B20)-1)*100 -> 11.780105 | D21: =B21-B20 -> 45
A22: 1937 | B22: ='Rec y Obligaciones'!CA22+'Rec y Obligaciones'!CH22 -> 411 | C22: =((B22/B21)-1)*100 -> -3.7470726 | D22: =B22-B21 -> -16
A23: 1938 | B23: ='Rec y Obligaciones'!CA23+'Rec y Obligaciones'!CH23 -> 394 | C23: =((B23/B22)-1)*100 -> -4.136253 | D23: =B23-B22 -> -17
A24: 1939 | B24: ='Rec y Obligaciones'!CA24+'Rec y Obligaciones'!CH24 -> 508 | C24: =((B24/B23)-1)*100 -> 28.93401 | D24: =B24-B23 -> 114
A25: 1940 | B25: ='Rec y Obligaciones'!CA25+'Rec y Obligaciones'!CH25 -> 656 | C25: =((B25/B24)-1)*100 -> 29.133858 | D25: =B25-B24 -> 148
A26: 1941 | B26: ='Rec y Obligaciones'!CA26+'Rec y Obligaciones'!CH26 -> 813 | C26: =((B26/B25)-1)*100 -> 23.932927 | D26: =B26-B25 -> 157
A27: 1942 | B27: ='Rec y Obligaciones'!CA27+'Rec y Obligaciones'!CH27 -> 1227 | C27: =((B27/B26)-1)*100 -> 50.922509 | D27: =B27-B26 -> 414
A28: 1943 | B28: ='Rec y Obligaciones'!CA28+'Rec y Obligaciones'!CH28 -> 1930 | C28: =((B28/B27)-1)*100 -> 57.294214 | D28: =B28-B27 -> 703
A29: 1944 | B29: ='Rec y Obligaciones'!CA29+'Rec y Obligaciones'!CH29 -> 2536 | C29: =((B29/B28)-1)*100 -> 31.398964 | D29: =B29-B28 -> 606
A30: 1945 | B30: ='Rec y Obligaciones'!CA30+'Rec y Obligaciones'!CH30 -> 3238 | C30: =((B30/B29)-1)*100 -> 27.681388 | D30: =B30-B29 -> 702
... A63: 1978 | B63: ='Rec y Obligaciones'!CA63+'Rec y Obligaciones'!CH63 -> 582369 | C63: =((B63/B62)-1)*100 -> 31.395315 | D63: =B63-B62 -> 139150
A64: 1979
A65: 1980
A66: 1981
A67: 1982
A68: 1983
A69: 1984
A70: 1985
A71: 1986
A72: 1987
A73: 1988
A74: 1989
A75: 1990

Sheet Fin 1979-1982
A2: Financiamiento de la instituciones de crédito, 1979-1982 | G2: Año | H2: Recursos Banxico | I2: 1. Disponibilidades | J2: 2. Cartera | K2: a. Valores | L2: b. Crédito | M2: 3. Otros | O2: Año | P2: Obligaciones Banxico | Q2: 1. Pasivos Monetarios | R2: 2. Pasivos No Monetarios | S2: 3. Otras Obligaciones | T2: 4. Capital, Resultados y Reservas | V2: Año | W2: Recursos totales de la Banca Nacional | X2: 1. Disponibilidades | Y2: 2. Cartera | Z2: a. Valores | AA2: b. Crédito | AB2: 8. Otros Recursos | AD2: Año | AE2: Obligaciones Banca Nacional | AF2: 1. Pasivos Monetarios | AG2: 2. Pasivos No Monetarios | AH2: 3. Otras Obligaciones | AI2: 4. Capital, Resultados y Reservado | AK2: Año | AL2: Recursos Banca Privada | AM2: 1. Disponibilidades | AN2: 2. Cartera | AO2: a. Valores | AP2: b. Crédito | AQ2: 8. Otros Recursos | AS2: Año | AT2: Obligaciones Banca Privada | AU2: 1. Pasivos Monetarios | AV2: 2. Pasivos No Monetarios | AW2: 3. Otras Obligaciones | AX2: 4. Capital, Resultados y Reservado | AZ2: Año | BA2: Recursos Inst. de Crédito | BB2: 1. Disponibilidades | BC2: 2. Cartera | BD2: a. Valores | BE2: b. Crédito | BF2: 8. Otros Recursos | BH2: Año | BI2: Obligaciones Inst. de Crédito | BJ2: 1. Pasivos Monetarios | BK2: 2. Pasivos No Monetarios | BL2: 3. Otras Obligaciones | BM2: 4. Capital, Resultados y Reservado
B5: 1979 | C5: 1980 | D5: 1981 | E5: 1982 | G5: 1920 | H5: - | I5: - | J5: - | K5: - | L5: - | M5: - | O5: 1920 | P5: - | Q5: - | R5: - | S5: - | T5: - | V5: 1920 | W5: - | X5: - | Y5: - | Z5: - | AA5: - | AB5: - | AD5: 1920 | AE5: - | AF5: - | AG5: - | AH5: - | AI5: - | AK5: 1920 | AL5: - | AM5: - | AN5: - | AO5: - | AP5: - | AQ5: - | AS5: 1920 | AT5: - | AU5: - | AV5: - | AW5: - | AX5: - | AZ5: 1920 | BA5: - | BB5: - | BC5: - | BD5: - | BE5: - | BF5: - | BH5: 1920 | BI5: - | BJ5: - | BK5: - | BL5: - | BM5: -
A6: Financiamiento total | B6: =B14+B19+B23+B9 -> 1496500 | C6: =C14+C19+C23+C9 -> 2042400 | D6: =D14+D19+D23+D9 -> 3116600 | E6: =E14+E19+E23+E9 -> 7150000 | G6: 1921 | H6: - | I6: - | J6: - | K6: - | L6: - | M6: - | O6: 1921 | P6: - | Q6: - | R6: - | S6: - | T6: - | V6: 1921 | W6: - | X6: - | Y6: - | Z6: - | AA6: - | AB6: - | AD6: 1921 | AE6: - | AF6: - | AG6: - | AH6: - | AI6: - | AK6: 1921 | AL6: - | AM6: - | AN6: - | AO6: - | AP6: - | AQ6: - | AS6: 1921 | AT6: - | AU6: - | AV6: - | AW6: - | AX6: - | AZ6: 1921 | BA6: - | BB6: - | BC6: - | BD6: - | BE6: - | BF6: - | BH6: 1921 | BI6: - | BJ6: - | BK6: - | BL6: - | BM6: -
A7: Sin operaciones interbancarias | B7: 1442200 | C7: 1956500 | D7: 2991600 | E7: 6732100 | G7: 1922 | H7: - | I7: - | J7: - | K7: - | L7: - | M7: - | O7: 1922 | P7: - | Q7: - | R7: - | S7: - | T7: - | V7: 1922 | W7: - | X7: - | Y7: - | Z7: - | AA7: - | AB7: - | AD7: 1922 | AE7: - | AF7: - | AG7: - | AH7: - | AI7: - | AK7: 1922 | AL7: - | AM7: - | AN7: - | AO7: - | AP7: - | AQ7: - | AS7: 1922 | AT7: - | AU7: - | AV7: - | AW7: - | AX7: - | AZ7: 1922 | BA7: - | BB7: - | BC7: - | BD7: - | BE7: - | BF7: - | BH7: 1922 | BI7: - | BJ7: - | BK7: - | BL7: - | BM7: -
A8: Financiamiento al sector público no bancario | G8: 1923 | H8: - | I8: - | J8: - | K8: - | L8: - | M8: - | O8: 1923 | P8: - | Q8: - | R8: - | S8: - | T8: - | V8: 1923 | W8: - | X8: - | Y8: - | Z8: - | AA8: - | AB8: - | AD8: 1923 | AE8: - | AF8: - | AG8: - | AH8: - | AI8: - | AK8: 1923 | AL8: - | AM8: - | AN8: - | AO8: - | AP8: - | AQ8: - | AS8: 1923 | AT8: - | AU8: - | AV8: - | AW8: - | AX8: - | AZ8: 1923 | BA8: - | BB8: - | BC8: - | BD8: - | BE8: - | BF8: - | BH8: 1923 | BI8: - | BJ8: - | BK8: - | BL8: - | BM8: -
A9: Instituciones de crédito | B9: =B10+B11+B12 -> 602800 | C9: =C10+C11+C12 -> 795500 | D9: =D10+D11+D12 -> 1369900 | E9: =E10+E11+E12 -> 4006400 | G9: 1924 | H9: - | I9: - | J9: - | K9: - | L9: - | M9: - | O9: 1924 | P9: - | Q9: - | R9: - | S9: - | T9: - | V9: 1924 | W9: - | X9: - | Y9: - | Z9: - | AA9: - | AB9: - | AD9: 1924 | AE9: - | AF9: - | AG9: - | AH9: - | AI9: - | AK9: 1924 | AL9: - | AM9: - | AN9: - | AO9: - | AP9: - | AQ9: - | AS9: 1924 | AT9: - | AU9: - | AV9: - | AW9: - | AX9: - | AZ9: 1924 | BA9: - | BB9: - | BC9: - | BD9: - | BE9: - | BF9: - | BH9: 1924 | BI9: - | BJ9: - | BK9: - | BL9: - | BM9: -
A10: Banco de México | B10: 459500 | C10: 611400 | D10: 900000 | E10: 2137400 | G10: 1925 | H10: - | I10: - | J10: - | K10: - | L10: - | M10: - | O10: 1925 | P10: - | Q10: - | R10: - | S10: - | T10: - | V10: 1925 | W10: - | X10: - | Y10: - | Z10: - | AA10: - | AB10: - | AD10: 1925 | AE10: - | AF10: - | AG10: - | AH10: - | AI10: - | AK10: 1925 | AL10: - | AM10: - | AN10: - | AO10: - | AP10: - | AQ10: - | AS10: 1925 | AT10: - | AU10: - | AV10: - | AW10: - | AX10: - | AZ10: 1925 | BA10: - | BB10: - | BC10: - | BD10: - | BE10: - | BF10: - | BH10: 1925 | BI10: - | BJ10: - | BK10: - | BL10: - | BM10: -
A11: Banca Nacional | B11: 96900 | C11: 121600 | D11: 331500 | E11: 1098900 | G11: 1926 | H11: - | I11: - | J11: - | K11: - | L11: - | M11: - | O11: 1926 | P11: - | Q11: - | R11: - | S11: - | T11: - | V11: 1926 | W11: - | X11: - | Y11: - | Z11: - | AA11: - | AB11: - | AD11: 1926 | AE11: - | AF11: - | AG11: - | AH11: - | AI11: - | AK11: 1926 | AL11: - | AM11: - | AN11: - | AO11: - | AP11: - | AQ11: - | AS11: 1926 | AT11: - | AU11: - | AV11: - | AW11: - | AX11: - | AZ11: 1926 | BA11: - | BB11: - | BC11: - | BD11: - | BE11: - | BF11: - | BH11: 1926 | BI11: - | BJ11: - | BK11: - | BL11: - | BM11: -
A12: Banca Privada | B12: 46400 | C12: 62500 | D12: 138400 | E12: 770100 | G12: 1927 | H12: - | I12: - | J12: - | K12: - | L12: - | M12: - | O12: 1927 | P12: - | Q12: - | R12: - | S12: - | T12: - | V12: 1927 | W12: - | X12: - | Y12: - | Z12: - | AA12: - | AB12: - | AD12: 1927 | AE12: - | AF12: - | AG12: - | AH12: - | AI12: - | AK12: 1927 | AL12: - | AM12: - | AN12: - | AO12: - | AP12: - | AQ12: - | AS12: 1927 | AT12: - | AU12: - | AV12: - | AW12: - | AX12: - | AZ12: 1927 | BA12: - | BB12: - | BC12: - | BD12: - | BE12: - | BF12: - | BH12: 1927 | BI12: - | BJ12: - | BK12: - | BL12: - | BM12: -
A13: Financiamiento al sector privado no bancario | G13: 1928 | H13: - | I13: - | J13: - | K13: - | L13: - | M13: - | O13: 1928 | P13: - | Q13: - | R13: - | S13: - | T13: - | V13: 1928 | W13: - | X13: - | Y13: - | Z13: - | AA13: - | AB13: - | AD13: 1928 | AE13: - | AF13: - | AG13: - | AH13: - | AI13: - | AK13: 1928 | AL13: - | AM13: - | AN13: - | AO13: - | AP13: - | AQ13: - | AS13: 1928 | AT13: - | AU13: - | AV13: - | AW13: - | AX13: - | AZ13: 1928 | BA13: - | BB13: - | BC13: - | BD13: - | BE13: - | BF13: - | BH13: 1928 | BI13: - | BJ13: - | BK13: - | BL13: - | BM13: -
A14: Instituciones de crédito | B14: =B15+B16+B17 -> 839400 | C14: =C15+C16+C17 -> 1161000 | D14: =D15+D16+D17 -> 1621700 | E14: =E15+E16+E17 -> 2725700 | G14: 1929 | H14: - | I14: - | J14: - | K14: - | L14: - | M14: - | O14: 1929 | P14: - | Q14: - | R14: - | S14: - | T14: - | V14: 1929 | W14: - | X14: - | Y14: - | Z14: - | AA14: - | AB14: - | AD14: 1929 | AE14: - | AF14: - | AG14: - | AH14: - | AI14: - | AK14: 1929 | AL14: - | AM14: - | AN14: - | AO14: - | AP14: - | AQ14: - | AS14: 1929 | AT14: - | AU14: - | AV14: - | AW14: - | AX14: - | AZ14: 1929 | BA14: - | BB14: - | BC14: - | BD14: - | BE14: - | BF14: - | BH14: 1929 | BI14: - | BJ14: - | BK14: - | BL14: - | BM14: -
A15: Banco de México | B15: 2900 | C15: 3500 | D15: 4700 | E15: 2000 | G15: 1930 | H15: - | I15: - | J15: - | K15: - | L15: - | M15: - | O15: 1930 | P15: - | Q15: - | R15: - | S15: - | T15: - | V15: 1930 | W15: - | X15: - | Y15: - | Z15: - | AA15: - | AB15: - | AD15: 1930 | AE15: - | AF15: - | AG15: - | AH15: - | AI15: - | AK15: 1930 | AL15: - | AM15: - | AN15: - | AO15: - | AP15: - | AQ15: - | AS15: 1930 | AT15: - | AU15: - | AV15: - | AW15: - | AX15: - | AZ15: 1930 | BA15: - | BB15: - | BC15: - | BD15: - | BE15: - | BF15: - | BH15: 1930 | BI15: - | BJ15: - | BK15: - | BL15: - | BM15: -
A16: Banca Nacional | B16: 349100 | C16: 462000 | D16: 601600 | E16: 1469700 | G16: 1931 | H16: - | I16: - | J16: - | K16: - | L16: - | M16: - | O16: 1931 | P16: - | Q16: - | R16: - | S16: - | T16: - | V16: 1931 | W16: - | X16: - | Y16: - | Z16: - | AA16: - | AB16: - | AD16: 1931 | AE16: - | AF16: - | AG16: - | AH16: - | AI16: - | AK16: 1931 | AL16: - | AM16: - | AN16: - | AO16: - | AP16: - | AQ16: - | AS16: 1931 | AT16: - | AU16: - | AV16: - | AW16: - | AX16: - | AZ16: 1931 | BA16: - | BB16: - | BC16: - | BD16: - | BE16: - | BF16: - | BH16: 1931 | BI16: - | BJ16: - | BK16: - | BL16: - | BM16: -
A17: Banca Privada | B17: 487400 | C17: 695500 | D17: 1015400 | E17: 1254000 | G17: 1932 | H17: - | I17: - | J17: - | K17: - | L17: - | M17: - | O17: 1932 | P17: - | Q17: - | R17: - | S17: - | T17: - | V17: 1932 | W17: - | X17: - | Y17: - | Z17: - | AA17: - | AB17: - | AD17: 1932 | AE17: - | AF17: - | AG17: - | AH17: - | AI17: - | AK17: 1932 | AL17: - | AM17: - | AN17: - | AO17: - | AP17: - | AQ17: - | AS17: 1932 | AT17: - | AU17: - | AV17: - | AW17: - | AX17: - | AZ17: 1932 | BA17: - | BB17: - | BC17: - | BD17: - | BE17: - | BF17: - | BH17: 1932 | BI17: - | BJ17: - | BK17: - | BL17: - | BM17: -
A18: Financiamiento a la Banca Nacional | G18: 1933 | H18: - | I18: - | J18: - | K18: - | L18: - | M18: - | O18: 1933 | P18: - | Q18: - | R18: - | S18: - | T18: - | V18: 1933 | W18: - | X18: - | Y18: - | Z18: - | AA18: - | AB18: - | AD18: 1933 | AE18: - | AF18: - | AG18: - | AH18: - | AI18: - | AK18: 1933 | AL18: - | AM18: - | AN18: - | AO18: - | AP18: - | AQ18: - | AS18: 1933 | AT18: - | AU18: - | AV18: - | AW18: - | AX18: - | AZ18: 1933 | BA18: - | BB18: - | BC18: - | BD18: - | BE18: - | BF18: - | BH18: 1933 | BI18: - | BJ18: - | BK18: - | BL18: - | BM18: -
A19: Instituciones de crédito | B19: =B20+B21 -> 33500 | C19: =C20+C21 -> 56300 | D19: =D20+D21 -> 75700 | E19: =E20+E21 -> 143200 | G19: 1934 | H19: - | I19: - | J19: - | K19: - | L19: - | M19: - | O19: 1934 | P19: - | Q19: - | R19: - | S19: - | T19: - | V19: 1934 | W19: - | X19: - | Y19: - | Z19: - | AA19: - | AB19: - | AD19: 1934 | AE19: - | AF19: - | AG19: - | AH19: - | AI19: - | AK19: 1934 | AL19: - | AM19: - | AN19: - | AO19: - | AP19: - | AQ19: - | AS19: 1934 | AT19: - | AU19: - | AV19: - | AW19: - | AX19: - | AZ19: 1934 | BA19: - | BB19: - | BC19: - | BD19: - | BE19: - | BF19: - | BH19: 1934 | BI19: - | BJ19: - | BK19: - | BL19: - | BM19: -
A20: Banco de México | B20: 11700 | C20: 28800 | D20: 35400 | E20: 72200 | G20: 1935 | H20: - | I20: - | J20: - | K20: - | L20: - | M20: - | O20: 1935 | P20: - | Q20: - | R20: - | S20: - | T20: - | V20: 1935 | W20: - | X20: - | Y20: - | Z20: - | AA20: - | AB20: - | AD20: 1935 | AE20: - | AF20: - | AG20: - | AH20: - | AI20: - | AK20: 1935 | AL20: - | AM20: - | AN20: - | AO20: - | AP20: - | AQ20: - | AS20: 1935 | AT20: - | AU20: - | AV20: - | AW20: - | AX20: - | AZ20: 1935 | BA20: - | BB20: - | BC20: - | BD20: - | BE20: - | BF20: - | BH20: 1935 | BI20: - | BJ20: - | BK20: - | BL20: - | BM20: -
A21: Banca Privada | B21: 21800 | C21: 27500 | D21: 40300 | E21: 71000 | G21: 1936 | H21: - | I21: - | J21: - | K21: - | L21: - | M21: - | O21: 1936 | P21: - | Q21: - | R21: - | S21: - | T21: - | V21: 1936 | W21: - | X21: - | Y21: - | Z21: - | AA21: - | AB21: - | AD21: 1936 | AE21: - | AF21: - | AG21: - | AH21: - | AI21: - | AK21: 1936 | AL21: - | AM21: - | AN21: - | AO21: - | AP21: - | AQ21: - | AS21: 1936 | AT21: - | AU21: - | AV21: - | AW21: - | AX21: - | AZ21: 1936 | BA21: - | BB21: - | BC21: - | BD21: - | BE21: - | BF21: - | BH21: 1936 | BI21: - | BJ21: - | BK21: - | BL21: - | BM21: -
A22: Financiamiento a la Banca Privada | G22: 1937 | H22: - | I22: - | J22: - | K22: - | L22: - | M22: - | O22: 1937 | P22: - | Q22: - | R22: - | S22: - | T22: - | V22: 1937 | W22: - | X22: - | Y22: - | Z22: - | AA22: - | AB22: - | AD22: 1937 | AE22: - | AF22: - | AG22: - | AH22: - | AI22: - | AK22: 1937 | AL22: - | AM22: - | AN22: - | AO22: - | AP22: - | AQ22: - | AS22: 1937 | AT22: - | AU22: - | AV22: - | AW22: - | AX22: - | AZ22: 1937 | BA22: - | BB22: - | BC22: - | BD22: - | BE22: - | BF22: - | BH22: 1937 | BI22: - | BJ22: - | BK22: - | BL22: - | BM22: -
A23: Instituciones de crédito | B23: =B24+B25 -> 20800 | C23: =C24+C25 -> 29600 | D23: =D24+D25 -> 49300 | E23: =E24+E25 -> 274700 | G23: 1938 | H23: - | I23: - | J23: - | K23: - | L23: - | M23: - | O23: 1938 | P23: - | Q23: - | R23: - | S23: - | T23: - | V23: 1938 | W23: - | X23: - | Y23: - | Z23: - | AA23: - | AB23: - | AD23: 1938 | AE23: - | AF23: - | AG23: - | AH23: - | AI23: - | AK23: 1938 | AL23: - | AM23: - | AN23: - | AO23: - | AP23: - | AQ23: - | AS23: 1938 | AT23: - | AU23: - | AV23: - | AW23: - | AX23: - | AZ23: 1938 | BA23: - | BB23: - | BC23: - | BD23: - | BE23: - | BF23: - | BH23: 1938 | BI23: - | BJ23: - | BK23: - | BL23: - | BM23: -
A24: Banco de México | B24: 7700 | C24: 14800 | D24: 11100 | E24: 233700 | G24: 1939 | H24: - | I24: - | J24: - | K24: - | L24: - | M24: - | O24: 1939 | P24: - | Q24: - | R24: - | S24: - | T24: - | V24: 1939 | W24: - | X24: - | Y24: - | Z24: - | AA24: - | AB24: - | AD24: 1939 | AE24: - | AF24: - | AG24: - | AH24: - | AI24: - | AK24: 1939 | AL24: - | AM24: - | AN24: - | AO24: - | AP24: - | AQ24: - | AS24: 1939 | AT24: - | AU24: - | AV24: - | AW24: - | AX24: - | AZ24: 1939 | BA24: - | BB24: - | BC24: - | BD24: - | BE24: - | BF24: - | BH24: 1939 | BI24: - | BJ24: - | BK24: - | BL24: - | BM24: -
A25: Banca Nacional | B25: 13100 | C25: 14800 | D25: 38200 | E25: 41000 | G25: 1940 | H25: - | I25: - | J25: - | K25: - | L25: - | M25: - | O25: 1940 | P25: - | Q25: - | R25: - | S25: - | T25: - | V25: 1940 | W25: - | X25: - | Y25: - | Z25: - | AA25: - | AB25: - | AD25: 1940 | AE25: - | AF25: - | AG25: - | AH25: - | AI25: - | AK25: 1940 | AL25: - | AM25: - | AN25: - | AO25: - | AP25: - | AQ25: - | AS25: 1940 | AT25: - | AU25: - | AV25: - | AW25: - | AX25: - | AZ25: 1940 | BA25: - | BB25: - | BC25: - | BD25: - | BE25: - | BF25: - | BH25: 1940 | BI25: - | BJ25: - | BK25: - | BL25: - | BM25: -
A26: Financiamiento por institución | G26: 1941 | H26: - | I26: - | J26: - | K26: - | L26: - | M26: - | O26: 1941 | P26: - | Q26: - | R26: - | S26: - | T26: - | V26: 1941 | W26: - | X26: - | Y26: - | Z26: - | AA26: - | AB26: - | AD26: 1941 | AE26: - | AF26: - | AG26: - | AH26: - | AI26: - | AK26: 1941 | AL26: - | AM26: - | AN26: - | AO26: - | AP26: - | AQ26: - | AS26: 1941 | AT26: - | AU26: - | AV26: - | AW26: - | AX26: - | AZ26: 1941 | BA26: - | BB26: - | BC26: - | BD26: - | BE26: - | BF26: - | BH26: 1941 | BI26: - | BJ26: - | BK26: - | BL26: - | BM26: -
A27: Total | B27: =B28+B29+B30 -> 1496500 | C27: =C28+C29+C30 -> 2042400 | D27: =D28+D29+D30 -> 3116600 | E27: =E28+E29+E30 -> 7150000 | G27: 1942 | H27: - | I27: - | J27: - | K27: - | L27: - | M27: - | O27: 1942 | P27: - | Q27: - | R27: - | S27: - | T27: - | V27: 1942 | W27: - | X27: - | Y27: - | Z27: - | AA27: - | AB27: - | AD27: 1942 | AE27: - | AF27: - | AG27: - | AH27: - | AI27: - | AK27: 1942 | AL27: - | AM27: - | AN27: - | AO27: - | AP27: - | AQ27: - | AS27: 1942 | AT27: - | AU27: - | AV27: - | AW27: - | AX27: - | AZ27: 1942 | BA27: - | BB27: - | BC27: - | BD27: - | BE27: - | BF27: - | BH27: 1942 | BI27: - | BJ27: - | BK27: - | BL27: - | BM27: -
A28: Banco de México | B28: =B15+B20+B24+B10 -> 481800 | C28: =C15+C20+C24+C10 -> 658500 | D28: =D15+D20+D24+D10 -> 951200 | E28: =E15+E20+E24+E10 -> 2445300 | G28: 1943 | H28: - | I28: - | J28: - | K28: - | L28: - | M28: - | O28: 1943 | P28: - | Q28: - | R28: - | S28: - | T28: - | V28: 1943 | W28: - | X28: - | Y28: - | Z28: - | AA28: - | AB28: - | AD28: 1943 | AE28: - | AF28: - | AG28: - | AH28: - | AI28: - | AK28: 1943 | AL28: - | AM28: - | AN28: - | AO28: - | AP28: - | AQ28: - | AS28: 1943 | AT28: - | AU28: - | AV28: - | AW28: - | AX28: - | AZ28: 1943 | BA28: - | BB28: - | BC28: - | BD28: - | BE28: - | BF28: - | BH28: 1943 | BI28: - | BJ28: - | BK28: - | BL28: - | BM28: -
A29: Banca Nacional | B29: =B16+B25+B11 -> 459100 | C29: =C16+C25+C11 -> 598400 | D29: =D16+D25+D11 -> 971300 | E29: =E16+E25+E11 -> 2609600 | G29: 1944 | H29: - | I29: - | J29: - | K29: - | L29: - | M29: - | O29: 1944 | P29: - | Q29: - | R29: - | S29: - | T29: - | V29: 1944 | W29: - | X29: - | Y29: - | Z29: - | AA29: - | AB29: - | AD29: 1944 | AE29: - | AF29: - | AG29: - | AH29: - | AI29: - | AK29: 1944 | AL29: - | AM29: - | AN29: - | AO29: - | AP29: - | AQ29: - | AS29: 1944 | AT29: - | AU29: - | AV29: - | AW29: - | AX29: - | AZ29: 1944 | BA29: - | BB29: - | BC29: - | BD29: - | BE29: - | BF29: - | BH29: 1944 | BI29: - | BJ29: - | BK29: - | BL29: - | BM29: -
A30: Banca Privada | B30: =B17+B21+B12 -> 555600 | C30: =C17+C21+C12 -> 785500 | D30: =D17+D21+D12 -> 1194100 | E30: =E17+E21+E12 -> 2095100 | G30: 1945 | H30: - | I30: - | J30: - | K30: - | L30: - | M30: - | O30: 1945 | P30: - | Q30: - | R30: - | S30: - | T30: - | V30: 1945 | W30: - | X30: - | Y30: - | Z30: - | AA30: - | AB30: - | AD30: 1945 | AE30: - | AF30: - | AG30: - | AH30: - | AI30: - | AK30: 1945 | AL30: - | AM30: - | AN30: - | AO30: - | AP30: - | AQ30: - | AS30: 1945 | AT30: - | AU30: - | AV30: - | AW30: - | AX30: - | AZ30: 1945 | BA30: - | BB30: - | BC30: - | BD30: - | BE30: - | BF30: - | BH30: 1945 | BI30: - | BJ30: - | BK30: - | BL30: - | BM30: -
A31: Financiamiento por institución sin operaciones interbancarias | G31: 1946 | H31: - | I31: - | J31: - | K31: - | L31: - | M31: - | O31: 1946 | P31: - | Q31: - | R31: - | S31: - | T31: - | V31: 1946 | W31: - | X31: - | Y31: - | Z31: - | AA31: - | AB31: - | AD31: 1946 | AE31: - | AF31: - | AG31: - | AH31: - | AI31: - | AK31: 1946 | AL31: - | AM31: - | AN31: - | AO31: - | AP31: - | AQ31: - | AS31: 1946 | AT31: - | AU31: - | AV31: - | AW31: - | AX31: - | AZ31: 1946 | BA31: - | BB31: - | BC31: - | BD31: - | BE31: - | BF31: - | BH31: 1946 | BI31: - | BJ31: - | BK31: - | BL31: - | BM31: -
A32: Total | B32: =B33+B34+B35 -> 1442200 | C32: =C33+C34+C35 -> 1956500 | D32: =D33+D34+D35 -> 2991600 | E32: =E33+E34+E35 -> 6732100 | G32: 1947 | H32: - | I32: - | J32: - | K32: - | L32: - | M32: - | O32: 1947 | P32: - | Q32: - | R32: - | S32: - | T32: - | V32: 1947 | W32: - | X32: - | Y32: - | Z32: - | AA32: - | AB32: - | AD32: 1947 | AE32: - | AF32: - | AG32: - | AH32: - | AI32: - | AK32: 1947 | AL32: - | AM32: - | AN32: - | AO32: - | AP32: - | AQ32: - | AS32: 1947 | AT32: - | AU32: - | AV32: - | AW32: - | AX32: - | AZ32: 1947 | BA32: - | BB32: - | BC32: - | BD32: - | BE32: - | BF32: - | BH32: 1947 | BI32: - | BJ32: - | BK32: - | BL32: - | BM32: -
A33: Banco de México | B33: =B15+B10 -> 462400 | C33: =C15+C10 -> 614900 | D33: =D15+D10 -> 904700 | E33: =E15+E10 -> 2139400 | G33: 1948 | H33: - | I33: - | J33: - | K33: - | L33: - | M33: - | O33: 1948 | P33: - | Q33: - | R33: - | S33: - | T33: - | V33: 1948 | W33: - | X33: - | Y33: - | Z33: - | AA33: - | AB33: - | AD33: 1948 | AE33: - | AF33: - | AG33: - | AH33: - | AI33: - | AK33: 1948 | AL33: - | AM33: - | AN33: - | AO33: - | AP33: - | AQ33: - | AS33: 1948 | AT33: - | AU33: - | AV33: - | AW33: - | AX33: - | AZ33: 1948 | BA33: - | BB33: - | BC33: - | BD33: - | BE33: - | BF33: - | BH33: 1948 | BI33: - | BJ33: - | BK33: - | BL33: - | BM33: -
A34: Banca Nacional | B34: =B16+B11 -> 446000 | C34: =C16+C11 -> 583600 | D34: =D16+D11 -> 933100 | E34: =E16+E11 -> 2568600 | G34: 1949 | H34: - | I34: - | J34: - | K34: - | L34: - | M34: - | O34: 1949 | P34: - | Q34: - | R34: - | S34: - | T34: - | V34: 1949 | W34: - | X34: - | Y34: - | Z34: - | AA34: - | AB34: - | AD34: 1949 | AE34: - | AF34: - | AG34: - | AH34: - | AI34: - | AK34: 1949 | AL34: - | AM34: - | AN34: - | AO34: - | AP34: - | AQ34: - | AS34: 1949 | AT34: - | AU34: - | AV34: - | AW34: - | AX34: - | AZ34: 1949 | BA34: - | BB34: - | BC34: - | BD34: - | BE34: - | BF34: - | BH34: 1949 | BI34: - | BJ34: - | BK34: - | BL34: - | BM34: -
A35: Banca Privada | B35: =B17+B12 -> 533800 | C35: =C17+C12 -> 758000 | D35: =D17+D12 -> 1153800 | E35: =E17+E12 -> 2024100 | G35: 1950 | H35: - | I35: - | J35: - | K35: - | L35: - | M35: - | O35: 1950 | P35: - | Q35: - | R35: - | S35: - | T35: - | V35: 1950 | W35: - | X35: - | Y35: - | Z35: - | AA35: - | AB35: - | AD35: 1950 | AE35: - | AF35: - | AG35: - | AH35: - | AI35: - | AK35: 1950 | AL35: - | AM35: - | AN35: - | AO35: - | AP35: - | AQ35: - | AS35: 1950 | AT35: - | AU35: - | AV35: - | AW35: - | AX35: - | AZ35: 1950 | BA35: - | BB35: - | BC35: - | BD35: - | BE35: - | BF35: - | BH35: 1950 | BI35: - | BJ35: - | BK35: - | BL35: - | BM35: -
A36: Fuente: Banco de México (1925-1985) | G36: 1951 | H36: - | I36: - | J36: - | K36: - | L36: - | M36: - | O36: 1951 | P36: - | Q36: - | R36: - | S36: - | T36: - | V36: 1951 | W36: - | X36: - | Y36: - | Z36: - | AA36: - | AB36: - | AD36: 1951 | AE36: - | AF36: - | AG36: - | AH36: - | AI36: - | AK36: 1951 | AL36: - | AM36: - | AN36: - | AO36: - | AP36: - | AQ36: - | AS36: 1951 | AT36: - | AU36: - | AV36: - | AW36: - | AX36: - | AZ36: 1951 | BA36: - | BB36: - | BC36: - | BD36: - | BE36: - | BF36: - | BH36: 1951 | BI36: - | BJ36: - | BK36: - | BL36: - | BM36: -
G37: 1952 | H37: - | I37: - | J37: - | K37: - | L37: - | M37: - | O37: 1952 | P37: - | Q37: - | R37: - | S37: - | T37: - | V37: 1952 | W37: - | X37: - | Y37: - | Z37: - | AA37: - | AB37: - | AD37: 1952 | AE37: - | AF37: - | AG37: - | AH37: - | AI37: - | AK37: 1952 | AL37: - | AM37: - | AN37: - | AO37: - | AP37: - | AQ37: - | AS37: 1952 | AT37: - | AU37: - | AV37: - | AW37: - | AX37: - | AZ37: 1952 | BA37: - | BB37: - | BC37: - | BD37: - | BE37: - | BF37: - | BH37: 1952 | BI37: - | BJ37: - | BK37: - | BL37: - | BM37: -
A38: Financiamiento de las instituciones de crédito en % del PIB, 1979-1982 | G38: 1953 | H38: - | I38: - | J38: - | K38: - | L38: - | M38: - | O38: 1953 | P38: - | Q38: - | R38: - | S38: - | T38: - | V38: 1953 | W38: - | X38: - | Y38: - | Z38: - | AA38: - | AB38: - | AD38: 1953 | AE38: - | AF38: - | AG38: - | AH38: - | AI38: - | AK38: 1953 | AL38: - | AM38: - | AN38: - | AO38: - | AP38: - | AQ38: - | AS38: 1953 | AT38: - | AU38: - | AV38: - | AW38: - | AX38: - | AZ38: 1953 | BA38: - | BB38: - | BC38: - | BD38: - | BE38: - | BF38: - | BH38: 1953 | BI38: - | BJ38: - | BK38: - | BL38: - | BM38: -
B39: 1979 | C39: 1980 | D39: 1981 | E39: 1982 | G39: 1954 | H39: - | I39: - | J39: - | K39: - | L39: - | M39: - | O39: 1954 | P39: - | Q39: - | R39: - | S39: - | T39: - | V39: 1954 | W39: - | X39: - | Y39: - | Z39: - | AA39: - | AB39: - | AD39: 1954 | AE39: - | AF39: - | AG39: - | AH39: - | AI39: - | AK39: 1954 | AL39: - | AM39: - | AN39: - | AO39: - | AP39: - | AQ39: - | AS39: 1954 | AT39: - | AU39: - | AV39: - | AW39: - | AX39: - | AZ39: 1954 | BA39: - | BB39: - | BC39: - | BD39: - | BE39: - | BF39: - | BH39: 1954 | BI39: - | BJ39: - | BK39: - | BL39: - | BM39: -
A40: Financiamiento total | B40: 45.192813 | C40: 41.733996 | D40: 45.810537 | E40: 64.991245 | G40: 1955 | H40: - | I40: - | J40: - | K40: - | L40: - | M40: - | O40: 1955 | P40: - | Q40: - | R40: - | S40: - | T40: - | V40: 1955 | W40: - | X40: - | Y40: - | Z40: - | AA40: - | AB40: - | AD40: 1955 | AE40: - | AF40: - | AG40: - | AH40: - | AI40: - | AK40: 1955 | AL40: - | AM40: - | AN40: - | AO40: - | AP40: - | AQ40: - | AS40: 1955 | AT40: - | AU40: - | AV40: - | AW40: - | AX40: - | AZ40: 1955 | BA40: - | BB40: - | BC40: - | BD40: - | BE40: - | BF40: - | BH40: 1955 | BI40: - | BJ40: - | BK40: - | BL40: - | BM40: -
A41: Sin operaciones interbancarias | B41: 43.553007 | C41: 39.978732 | D41: 43.973177 | E41: 61.192666 | G41: 1956 | H41: - | I41: - | J41: - | K41: - | L41: - | M41: - | O41: 1956 | P41: - | Q41: - | R41: - | S41: - | T41: - | V41: 1956 | W41: - | X41: - | Y41: - | Z41: - | AA41: - | AB41: - | AD41: 1956 | AE41: - | AF41: - | AG41: - | AH41: - | AI41: - | AK41: 1956 | AL41: - | AM41: - | AN41: - | AO41: - | AP41: - | AQ41: - | AS41: 1956 | AT41: - | AU41: - | AV41: - | AW41: - | AX41: - | AZ41: 1956 | BA41: - | BB41: - | BC41: - | BD41: - | BE41: - | BF41: - | BH41: 1956 | BI41: - | BJ41: - | BK41: - | BL41: - | BM41: -
A42: Financiamiento al sector público no bancario | G42: 1957 | H42: - | I42: - | J42: - | K42: - | L42: - | M42: - | O42: 1957 | P42: - | Q42: - | R42: - | S42: - | T42: - | V42: 1957 | W42: - | X42: - | Y42: - | Z42: - | AA42: - | AB42: - | AD42: 1957 | AE42: - | AF42: - | AG42: - | AH42: - | AI42: - | AK42: 1957 | AL42: - | AM42: - | AN42: - | AO42: - | AP42: - | AQ42: - | AS42: 1957 | AT42: - | AU42: - | AV42: - | AW42: - | AX42: - | AZ42: 1957 | BA42: - | BB42: - | BC42: - | BD42: - | BE42: - | BF42: - | BH42: 1957 | BI42: - | BJ42: - | BK42: - | BL42: - | BM42: -
A43: Instituciones de crédito | B43: 18.203961 | C43: 16.255089 | D43: 20.135999 | E43: 36.416912 | G43: 1958 | H43: - | I43: - | J43: - | K43: - | L43: - | M43: - | O43: 1958 | P43: - | Q43: - | R43: - | S43: - | T43: - | V43: 1958 | W43: - | X43: - | Y43: - | Z43: - | AA43: - | AB43: - | AD43: 1958 | AE43: - | AF43: - | AG43: - | AH43: - | AI43: - | AK43: 1958 | AL43: - | AM43: - | AN43: - | AO43: - | AP43: - | AQ43: - | AS43: 1958 | AT43: - | AU43: - | AV43: - | AW43: - | AX43: - | AZ43: 1958 | BA43: - | BB43: - | BC43: - | BD43: - | BE43: - | BF43: - | BH43: 1958 | BI43: - | BJ43: - | BK43: - | BL43: - | BM43: -
A44: Banco de México | B44: 13.876443 | C44: 12.493226 | D44: 13.228994 | E44: 19.428292 | G44: 1959 | H44: - | I44: - | J44: - | K44: - | L44: - | M44: - | O44: 1959 | P44: - | Q44: - | R44: - | S44: - | T44: - | V44: 1959 | W44: - | X44: - | Y44: - | Z44: - | AA44: - | AB44: - | AD44: 1959 | AE44: - | AF44: - | AG44: - | AH44: - | AI44: - | AK44: 1959 | AL44: - | AM44: - | AN44: - | AO44: - | AP44: - | AQ44: - | AS44: 1959 | AT44: - | AU44: - | AV44: - | AW44: - | AX44: - | AZ44: 1959 | BA44: - | BB44: - | BC44: - | BD44: - | BE44: - | BF44: - | BH44: 1959 | BI44: - | BJ44: - | BK44: - | BL44: - | BM44: -
A45: Banca Nacional | B45: 2.9262837 | C45: 2.4847503 | D45: 4.8726795 | E45: 9.9886544 | G45: 1960 | H45: - | I45: - | J45: - | K45: - | L45: - | M45: - | O45: 1960 | P45: - | Q45: - | R45: - | S45: - | T45: - | V45: 1960 | W45: - | X45: - | Y45: - | Z45: - | AA45: - | AB45: - | AD45: 1960 | AE45: - | AF45: - | AG45: - | AH45: - | AI45: - | AK45: 1960 | AL45: - | AM45: - | AN45: - | AO45: - | AP45: - | AQ45: - | AS45: 1960 | AT45: - | AU45: - | AV45: - | AW45: - | AX45: - | AZ45: 1960 | BA45: - | BB45: - | BC45: - | BD45: - | BE45: - | BF45: - | BH45: 1960 | BI45: - | BJ45: - | BK45: - | BL45: - | BM45: -
A46: Banca Privada | B46: 1.4012339 | C46: 1.2771126 | D46: 2.0343253 | E46: 6.9999661 | G46: 1961 | H46: - | I46: - | J46: - | K46: - | L46: - | M46: - | O46: 1961 | P46: - | Q46: - | R46: - | S46: - | T46: - | V46: 1961 | W46: - | X46: - | Y46: - | Z46: - | AA46: - | AB46: - | AD46: 1961 | AE46: - | AF46: - | AG46: - | AH46: - | AI46: - | AK46: 1961 | AL46: - | AM46: - | AN46: - | AO46: - | AP46: - | AQ46: - | AS46: 1961 | AT46: - | AU46: - | AV46: - | AW46: - | AX46: - | AZ46: 1961 | BA46: - | BB46: - | BC46: - | BD46: - | BE46: - | BF46: - | BH46: 1961 | BI46: - | BJ46: - | BK46: - | BL46: - | BM46: -
A47: Financiamiento al sector privado no bancario | G47: 1962 | H47: - | I47: - | J47: - | K47: - | L47: - | M47: - | O47: 1962 | P47: - | Q47: - | R47: - | S47: - | T47: - | V47: 1962 | W47: - | X47: - | Y47: - | Z47: - | AA47: - | AB47: - | AD47: 1962 | AE47: - | AF47: - | AG47: - | AH47: - | AI47: - | AK47: 1962 | AL47: - | AM47: - | AN47: - | AO47: - | AP47: - | AQ47: - | AS47: 1962 | AT47: - | AU47: - | AV47: - | AW47: - | AX47: - | AZ47: 1962 | BA47: - | BB47: - | BC47: - | BD47: - | BE47: - | BF47: - | BH47: 1962 | BI47: - | BJ47: - | BK47: - | BL47: - | BM47: -
A48: Instituciones de crédito | B48: 25.349046 | C48: 23.723643 | D48: 23.837178 | E48: 24.775753 | G48: 1963 | H48: - | I48: - | J48: - | K48: - | L48: - | M48: - | O48: 1963 | P48: - | Q48: - | R48: - | S48: - | T48: - | V48: 1963 | W48: - | X48: - | Y48: - | Z48: - | AA48: - | AB48: - | AD48: 1963 | AE48: - | AF48: - | AG48: - | AH48: - | AI48: - | AK48: 1963 | AL48: - | AM48: - | AN48: - | AO48: - | AP48: - | AQ48: - | AS48: 1963 | AT48: - | AU48: - | AV48: - | AW48: - | AX48: - | AZ48: 1963 | BA48: - | BB48: - | BC48: - | BD48: - | BE48: - | BF48: - | BH48: 1963 | BI48: - | BJ48: - | BK48: - | BL48: - | BM48: -
A49: Banco de México | B49: 0.087577118 | C49: 0.071518305 | D49: 0.069084747 | E49: 0.018179369 | G49: 1964 | H49: - | I49: - | J49: - | K49: - | L49: - | M49: - | O49: 1964 | P49: - | Q49: - | R49: - | S49: - | T49: - | V49: 1964 | W49: - | X49: - | Y49: - | Z49: - | AA49: - | AB49: - | AD49: 1964 | AE49: - | AF49: - | AG49: - | AH49: - | AI49: - | AK49: 1964 | AL49: - | AM49: - | AN49: - | AO49: - | AP49: - | AQ49: - | AS49: 1964 | AT49: - | AU49: - | AV49: - | AW49: - | AX49: - | AZ49: 1964 | BA49: - | BB49: - | BC49: - | BD49: - | BE49: - | BF49: - | BH49: 1964 | BI49: - | BJ49: - | BK49: - | BL49: - | BM49: -
A50: Banca Nacional | B50: 10.542473 | C50: 9.4404163 | D50: 8.8428477 | E50: 13.359109 | G50: 1965 | H50: - | I50: - | J50: - | K50: - | L50: - | M50: - | O50: 1965 | P50: - | Q50: - | R50: - | S50: - | T50: - | V50: 1965 | W50: - | X50: - | Y50: - | Z50: - | AA50: - | AB50: - | AD50: 1965 | AE50: - | AF50: - | AG50: - | AH50: - | AI50: - | AK50: 1965 | AL50: - | AM50: - | AN50: - | AO50: - | AP50: - | AQ50: - | AS50: 1965 | AT50: - | AU50: - | AV50: - | AW50: - | AX50: - | AZ50: 1965 | BA50: - | BB50: - | BC50: - | BD50: - | BE50: - | BF50: - | BH50: 1965 | BI50: - | BJ50: - | BK50: - | BL50: - | BM50: -
A51: Banca Privada | B51: 14.718996 | C51: 14.211709 | D51: 14.925245 | E51: 11.398464 | G51: 1966 | H51: - | I51: - | J51: - | K51: - | L51: - | M51: - | O51: 1966 | P51: - | Q51: - | R51: - | S51: - | T51: - | V51: 1966 | W51: - | X51: - | Y51: - | Z51: - | AA51: - | AB51: - | AD51: 1966 | AE51: - | AF51: - | AG51: - | AH51: - | AI51: - | AK51: 1966 | AL51: - | AM51: - | AN51: - | AO51: - | AP51: - | AQ51: - | AS51: 1966 | AT51: - | AU51: - | AV51: - | AW51: - | AX51: - | AZ51: 1966 | BA51: - | BB51: - | BC51: - | BD51: - | BE51: - | BF51: - | BH51: 1966 | BI51: - | BJ51: - | BK51: - | BL51: - | BM51: -
A52: Financiamiento a la Banca Nacional | G52: 1967 | H52: - | I52: - | J52: - | K52: - | L52: - | M52: - | O52: 1967 | P52: - | Q52: - | R52: - | S52: - | T52: - | V52: 1967 | W52: - | X52: - | Y52: - | Z52: - | AA52: - | AB52: - | AD52: 1967 | AE52: - | AF52: - | AG52: - | AH52: - | AI52: - | AK52: 1967 | AL52: - | AM52: - | AN52: - | AO52: - | AP52: - | AQ52: - | AS52: 1967 | AT52: - | AU52: - | AV52: - | AW52: - | AX52: - | AZ52: 1967 | BA52: - | BB52: - | BC52: - | BD52: - | BE52: - | BF52: - | BH52: 1967 | BI52: - | BJ52: - | BK52: - | BL52: - | BM52: -
A53: Instituciones de crédito | B53: 1.0116667 | C53: 1.150423 | D53: 1.1127054 | E53: 1.3016428 | G53: 1968 | H53: - | I53: - | J53: - | K53: - | L53: - | M53: - | O53: 1968 | P53: - | Q53: - | R53: - | S53: - | T53: - | V53: 1968 | W53: - | X53: - | Y53: - | Z53: - | AA53: - | AB53: - | AD53: 1968 | AE53: - | AF53: - | AG53: - | AH53: - | AI53: - | AK53: 1968 | AL53: - | AM53: - | AN53: - | AO53: - | AP53: - | AQ53: - | AS53: 1968 | AT53: - | AU53: - | AV53: - | AW53: - | AX53: - | AZ53: 1968 | BA53: - | BB53: - | BC53: - | BD53: - | BE53: - | BF53: - | BH53: 1968 | BI53: - | BJ53: - | BK53: - | BL53: - | BM53: -
A54: Banco de México | B54: 0.35332837 | C54: 0.58849348 | D54: 0.52034044 | E54: 0.65627523 | G54: 1969 | H54: - | I54: - | J54: - | K54: - | L54: - | M54: - | O54: 1969 | P54: - | Q54: - | R54: - | S54: - | T54: - | V54: 1969 | W54: - | X54: - | Y54: - | Z54: - | AA54: - | AB54: - | AD54: 1969 | AE54: - | AF54: - | AG54: - | AH54: - | AI54: - | AK54: 1969 | AL54: - | AM54: - | AN54: - | AO54: - | AP54: - | AQ54: - | AS54: 1969 | AT54: - | AU54: - | AV54: - | AW54: - | AX54: - | AZ54: 1969 | BA54: - | BB54: - | BC54: - | BD54: - | BE54: - | BF54: - | BH54: 1969 | BI54: - | BJ54: - | BK54: - | BL54: - | BM54: -
A55: Banca Privada | B55: 0.65833833 | C55: 0.56192954 | D55: 0.59236496 | E55: 0.64536761 | G55: 1970 | H55: - | I55: - | J55: - | K55: - | L55: - | M55: - | O55: 1970 | P55: - | Q55: - | R55: - | S55: - | T55: - | V55: 1970 | W55: - | X55: - | Y55: - | Z55: - | AA55: - | AB55: - | AD55: 1970 | AE55: - | AF55: - | AG55: - | AH55: - | AI55: - | AK55: 1970 | AL55: - | AM55: - | AN55: - | AO55: - | AP55: - | AQ55: - | AS55: 1970 | AT55: - | AU55: - | AV55: - | AW55: - | AX55: - | AZ55: 1970 | BA55: - | BB55: - | BC55: - | BD55: - | BE55: - | BF55: - | BH55: 1970 | BI55: - | BJ55: - | BK55: - | BL55: - | BM55: -
A56: Financiamiento a la Banca Privada | G56: 1971 | H56: - | I56: - | J56: - | K56: - | L56: - | M56: - | O56: 1971 | P56: - | Q56: - | R56: - | S56: - | T56: - | V56: 1971 | W56: - | X56: - | Y56: - | Z56: - | AA56: - | AB56: - | AD56: 1971 | AE56: - | AF56: - | AG56: - | AH56: - | AI56: - | AK56: 1971 | AL56: - | AM56: - | AN56: - | AO56: - | AP56: - | AQ56: - | AS56: 1971 | AT56: - | AU56: - | AV56: - | AW56: - | AX56: - | AZ56: 1971 | BA56: - | BB56: - | BC56: - | BD56: - | BE56: - | BF56: - | BH56: 1971 | BI56: - | BJ56: - | BK56: - | BL56: - | BM56: -
A57: Instituciones de crédito | B57: 0.62813933 | C57: 0.60484052 | D57: 0.7246549 | E57: 2.4969364 | G57: 1972 | H57: - | I57: - | J57: - | K57: - | L57: - | M57: - | O57: 1972 | P57: - | Q57: - | R57: - | S57: - | T57: - | V57: 1972 | W57: - | X57: - | Y57: - | Z57: - | AA57: - | AB57: - | AD57: 1972 | AE57: - | AF57: - | AG57: - | AH57: - | AI57: - | AK57: 1972 | AL57: - | AM57: - | AN57: - | AO57: - | AP57: - | AQ57: - | AS57: 1972 | AT57: - | AU57: - | AV57: - | AW57: - | AX57: - | AZ57: 1972 | BA57: - | BB57: - | BC57: - | BD57: - | BE57: - | BF57: - | BH57: 1972 | BI57: - | BJ57: - | BK57: - | BL57: - | BM57: -
A58: Banco de México | B58: 0.23253235 | C58: 0.30242026 | D58: 0.16315759 | E58: 2.1242593 | G58: 1973 | H58: - | I58: - | J58: - | K58: - | L58: - | M58: - | O58: 1973 | P58: - | Q58: - | R58: - | S58: - | T58: - | V58: 1973 | W58: - | X58: - | Y58: - | Z58: - | AA58: - | AB58: - | AD58: 1973 | AE58: - | AF58: - | AG58: - | AH58: - | AI58: - | AK58: 1973 | AL58: - | AM58: - | AN58: - | AO58: - | AP58: - | AQ58: - | AS58: 1973 | AT58: - | AU58: - | AV58: - | AW58: - | AX58: - | AZ58: 1973 | BA58: - | BB58: - | BC58: - | BD58: - | BE58: - | BF58: - | BH58: 1973 | BI58: - | BJ58: - | BK58: - | BL58: - | BM58: -
A59: Banca Nacional | B59: 0.39560698 | C59: 0.30242026 | D59: 0.56149731 | E59: 0.37267707 | G59: 1974 | H59: - | I59: - | J59: - | K59: - | L59: - | M59: - | O59: 1974 | P59: - | Q59: - | R59: - | S59: - | T59: - | V59: 1974 | W59: - | X59: - | Y59: - | Z59: - | AA59: - | AB59: - | AD59: 1974 | AE59: - | AF59: - | AG59: - | AH59: - | AI59: - | AK59: 1974 | AL59: - | AM59: - | AN59: - | AO59: - | AP59: - | AQ59: - | AS59: 1974 | AT59: - | AU59: - | AV59: - | AW59: - | AX59: - | AZ59: 1974 | BA59: - | BB59: - | BC59: - | BD59: - | BE59: - | BF59: - | BH59: 1974 | BI59: - | BJ59: - | BK59: - | BL59: - | BM59: -
A60: Financiamiento por institución | G60: 1975 | H60: - | I60: - | J60: - | K60: - | L60: - | M60: - | O60: 1975 | P60: - | Q60: - | R60: - | S60: - | T60: - | V60: 1975 | W60: - | X60: - | Y60: - | Z60: - | AA60: - | AB60: - | AD60: 1975 | AE60: - | AF60: - | AG60: - | AH60: - | AI60: - | AK60: 1975 | AL60: - | AM60: - | AN60: - | AO60: - | AP60: - | AQ60: - | AS60: 1975 | AT60: - | AU60: - | AV60: - | AW60: - | AX60: - | AZ60: 1975 | BA60: - | BB60: - | BC60: - | BD60: - | BE60: - | BF60: - | BH60: 1975 | BI60: - | BJ60: - | BK60: - | BL60: - | BM60: -
A61: Total | B61: 45.192813 | C61: 41.733996 | D61: 45.810537 | E61: 64.991245 | G61: 1976 | H61: - | I61: - | J61: - | K61: - | L61: - | M61: - | O61: 1976 | P61: - | Q61: - | R61: - | S61: - | T61: - | V61: 1976 | W61: - | X61: - | Y61: - | Z61: - | AA61: - | AB61: - | AD61: 1976 | AE61: - | AF61: - | AG61: - | AH61: - | AI61: - | AK61: 1976 | AL61: - | AM61: - | AN61: - | AO61: - | AP61: - | AQ61: - | AS61: 1976 | AT61: - | AU61: - | AV61: - | AW61: - | AX61: - | AZ61: 1976 | BA61: - | BB61: - | BC61: - | BD61: - | BE61: - | BF61: - | BH61: 1976 | BI61: - | BJ61: - | BK61: - | BL61: - | BM61: -
A62: Banco de México | B62: 14.549881 | C62: 13.455658 | D62: 13.981577 | E62: 22.227006 | G62: 1977 | H62: - | I62: - | J62: - | K62: - | L62: - | M62: - | O62: 1977 | P62: - | Q62: - | R62: - | S62: - | T62: - | V62: 1977 | W62: - | X62: - | Y62: - | Z62: - | AA62: - | AB62: - | AD62: 1977 | AE62: - | AF62: - | AG62: - | AH62: - | AI62: - | AK62: 1977 | AL62: - | AM62: - | AN62: - | AO62: - | AP62: - | AQ62: - | AS62: 1977 | AT62: - | AU62: - | AV62: - | AW62: - | AX62: - | AZ62: 1977 | BA62: - | BB62: - | BC62: - | BD62: - | BE62: - | BF62: - | BH62: 1977 | BI62: - | BJ62: - | BK62: - | BL62: - | BM62: -
A63: Banca Nacional | B63: 13.864364 | C63: 12.227587 | D63: 14.277025 | E63: 23.720441 | G63: 1978 | H63: - | I63: - | J63: - | K63: - | L63: - | M63: - | O63: 1978 | P63: - | Q63: - | R63: - | S63: - | T63: - | V63: 1978 | W63: - | X63: - | Y63: - | Z63: - | AA63: - | AB63: - | AD63: 1978 | AE63: - | AF63: - | AG63: - | AH63: - | AI63: - | AK63: 1978 | AL63: - | AM63: - | AN63: - | AO63: - | AP63: - | AQ63: - | AS63: 1978 | AT63: - | AU63: - | AV63: - | AW63: - | AX63: - | AZ63: 1978 | BA63: - | BB63: - | BC63: - | BD63: - | BE63: - | BF63: - | BH63: 1978 | BI63: - | BJ63: - | BK63: - | BL63: - | BM63: -
A64: Banca Privada | B64: 16.778568 | C64: 16.050751 | D64: 17.551936 | E64: 19.043798 | G64: 1979 | H64: 605500 | I64: 71875 | J64: =K64+L64 -> 481000 | K64: 453100 | L64: 27900 | M64: =H64-I64-J64 -> 52625 | O64: 1979 | P64: =H64 -> 605500 | Q64: 159152 | R64: 385100 | S64: 60800 | T64: =P64-Q64-R64-S64 -> 448 | V64: 1979 | W64: =X64+Y64+AB64 -> 631300 | X64: 21700 | Y64: =Z64+AA64 -> 509900 | Z64: 25600 | AA64: 484300 | AB64: 99700 | AD64: 1979 | AE64: =W64 -> 631300 | AF64: 6700 | AG64: 559200 | AH64: 45800 | AI64: =AE64-AF64-AG64-AH64 -> 19600 | AK64: 1979 | AL64: 995200 | AM64: 389800 | AN64: =AO64+AP64 -> 576700 | AO64: 31500 | AP64: 545200 | AQ64: =AL64-AM64-AN64 -> 28700 | AS64: 1979 | AT64: =AL64 -> 995200 | AU64: 197000 | AV64: 749800 | AW64: 20600 | AX64: =AT64-AU64-AV64-AW64 -> 27800 | AZ64: 1979 | BA64: =H64+W64+AL64 -> 2232000 | BB64: =I64+X64+AM64 -> 483375 | BC64: =J64+Y64+AN64 -> 1567600 | BD64: =K64+Z64+AO64 -> 510200 | BE64: =L64+AA64+AP64 -> 1057400 | BF64: =M64+AB64+AQ64 -> 181025 | BH64: 1979 | BI64: =P64+AE64+AT64 -> 2232000 | BJ64: =Q64+AF64+AU64 -> 362852 | BK64: =R64+AG64+AV64 -> 1694100 | BL64: =S64+AH64+AW64 -> 127200 | BM64: =T64+AI64+AX64 -> 47848
A65: Financiamiento por institución sin operaciones interbancarias | G65: 1980 | H65: 814700 | I65: 94000 | J65: =K65+L65 -> 658600 | K65: 583800 | L65: 74800 | M65: =H65-I65-J65 -> 62100 | O65: 1980 | P65: =H65 -> 814700 | Q65: 211700 | R65: 543300 | S65: 59200 | T65: =P65-Q65-R65-S65 -> 500 | V65: 1980 | W65: =X65+Y65+AB65 -> 833400 | X65: 28200 | Y65: =Z65+AA65 -> 708900 | Z65: 38100 | AA65: 670800 | AB65: 96300 | AD65: 1980 | AE65: =W65 -> 833400 | AF65: 8400 | AG65: 754800 | AH65: 49700 | AI65: =AE65-AF65-AG65-AH65 -> 20500 | AK65: 1980 | AL65: 1435100 | AM65: 568500 | AN65: =AO65+AP65 -> 812700 | AO65: 46700 | AP65: 766000 | AQ65: =AL65-AM65-AN65 -> 53900 | AS65: 1980 | AT65: =AL65 -> 1435100 | AU65: 259500 | AV65: 1101800 | AW65: 34500 | AX65: =AT65-AU65-AV65-AW65 -> 39300 | AZ65: 1980 | BA65: =H65+W65+AL65 -> 3083200 | BB65: =I65+X65+AM65 -> 690700 | BC65: =J65+Y65+AN65 -> 2180200 | BD65: =K65+Z65+AO65 -> 668600 | BE65: =L65+AA65+AP65 -> 1511600 | BF65: =M65+AB65+AQ65 -> 212300 | BH65: 1980 | BI65: =P65+AE65+AT65 -> 3083200 | BJ65: =Q65+AF65+AU65 -> 479600 | BK65: =R65+AG65+AV65 -> 2399900 | BL65: =S65+AH65+AW65 -> 143400 | BM65: =T65+AI65+AX65 -> 60300
A66: Total | B66: 43.553007 | C66: 39.978732 | D66: 43.973177 | E66: 61.192666 | G66: 1981 | H66: 1157900 | I66: 133000 | J66: =K66+L66 -> 951200 | K66: 871000 | L66: 80200 | M66: =H66-I66-J66 -> 73700 | O66: 1981 | P66: =H66 -> 1157900 | Q66: 305900 | R66: 791200 | S66: 60300 | T66: =P66-Q66-R66-S66 -> 500 | V66: 1981 | W66: =X66+Y66+AB66 -> 1309600 | X66: 54000 | Y66: =Z66+AA66 -> 1130000 | Z66: 59100 | AA66: 1070900 | AB66: 125600 | AD66: 1981 | AE66: =W66 -> 1309600 | AF66: 16200 | AG66: 1192800 | AH66: 59800 | AI66: =AE66-AF66-AG66-AH66 -> 40800 | AK66: 1981 | AL66: 2108400 | AM66: 798100 | AN66: =AO66+AP66 -> 1218700 | AO66: 89300 | AP66: 1129400 | AQ66: =AL66-AM66-AN66 -> 91600 | AS66: 1981 | AT66: =AL66 -> 2108400 | AU66: 314800 | AV66: 1695000 | AW66: 45400 | AX66: =AT66-AU66-AV66-AW66 -> 53200 | AZ66: 1981 | BA66: =H66+W66+AL66 -> 4575900 | BB66: =I66+X66+AM66 -> 985100 | BC66: =J66+Y66+AN66 -> 3299900 | BD66: =K66+Z66+AO66 -> 1019400 | BE66: =L66+AA66+AP66 -> 2280500 | BF66: =M66+AB66+AQ66 -> 290900 | BH66: 1981 | BI66: =P66+AE66+AT66 -> 4575900 | BJ66: =Q66+AF66+AU66 -> 636900 | BK66: =R66+AG66+AV66 -> 3679000 | BL66: =S66+AH66+AW66 -> 165500 | BM66: =T66+AI66+AX66 -> 94500
A67: Banco de México | B67: 13.96402 | C67: 12.564744 | D67: 13.298079 | E67: 19.446471 | G67: 1982 | H67: 2619000 | I67: 177000 | J67: =K67+L67 -> 2460300 | K67: 2125000 | L67: 335300 | M67: =H67-I67-J67 -> -18300 | O67: 1982 | P67: =H67 -> 2619000 | Q67: 537300 | R67: 1788900 | S67: 292400 | T67: =P67-Q67-R67-S67 -> 400 | V67: 1982 | W67: =X67+Y67+AB67 -> 3588800 | X67: 106500 | Y67: =Z67+AA67 -> 2752700 | Z67: 89600 | AA67: 2663100 | AB67: 729600 | AD67: 1982 | AE67: =W67 -> 3588800 | AF67: 20900 | AG67: 3418100 | AH67: 63500 | AI67: =AE67-AF67-AG67-AH67 -> 86300 | AK67: 1982 | AL67: 3972700 | AM67: 1594200 | AN67: =AO67+AP67 -> 2186400 | AO67: 191200 | AP67: 1995200 | AQ67: =AL67-AM67-AN67 -> 192100 | AS67: 1982 | AT67: =AL67 -> 3972700 | AU67: 468700 | AV67: 3318300 | AW67: 117600 | AX67: =AT67-AU67-AV67-AW67 -> 68100 | AZ67: 1982 | BA67: =H67+W67+AL67 -> 10180500 | BB67: =I67+X67+AM67 -> 1877700 | BC67: =J67+Y67+AN67 -> 7399400 | BD67: =K67+Z67+AO67 -> 2405800 | BE67: =L67+AA67+AP67 -> 4993600 | BF67: =M67+AB67+AQ67 -> 903400 | BH67: 1982 | BI67: =P67+AE67+AT67 -> 10180500 | BJ67: =Q67+AF67+AU67 -> 1026900 | BK67: =R67+AG67+AV67 -> 8525300 | BL67: =S67+AH67+AW67 -> 473500 | BM67: =T67+AI67+AX67 -> 154800
A68: Banca Nacional | B68: 13.468757 | C68: 11.925167 | D68: 13.715527 | E68: 23.347764
A69: Banca Privada | B69: 16.120229 | C69: 15.488821 | D69: 16.959571 | E69: 18.398431 | G69: Fuente: NAFINSA (1986)
A70: Fuente: Banco de México (1925-1985)

Sheet Reservas Int
A2: Tipo de cambio Pesos por dólar | B2: Año | C2: Reservas Internacionales (md) | D2: Reservas Internacionales (mp) | E2: Variación de las Reservas Internacionales (md) | G2: Disponibilidades BdeM (mp) | H2: Diferencia con las RI reportadas | I2: Disponibilidades BdeM (md) | J2: Diferencia con las RI reportadas
B5: 1920 | C5: - | D5: - | E5: - | G5: - | H5: - | I5: - | J5: -
A6: 2.04 | B6: 1921 | C6: - | D6: - | E6: - | G6: - | H6: - | I6: - | J6: -
A7: 2.045 | B7: 1922 | C7: - | D7: - | E7: - | G7: - | H7: - | I7: - | J7: -
A8: 2.055 | B8: 1923 | C8: - | D8: - | E8: - | G8: - | H8: - | I8: - | J8: -
A9: 2.065 | B9: 1924 | C9: - | D9: - | E9: - | G9: - | H9: - | I9: - | J9: -
A10: 2.07 | B10: 1925 | C10: 27.4 | D10: =C10*A10 -> 56.718 | G10: 52 | H10: =D10-G10 -> 4.718 | I10: =G10/A10 -> 25.120773 | J10: =C10-I10 -> 2.2792271
A11: 2.32 | B11: 1926 | C11: 17.7 | D11: =C11*A11 -> 41.064 | E11: =C11-C10 -> -9.7 | G11: 36 | H11: =D11-G11 -> 5.064 | I11: =G11/A11 -> 15.517241 | J11: =C11-I11 -> 2.1827586
A12: 2.19 | B12: 1927 | C12: 16.2 | D12: =C12*A12 -> 35.478 | E12: =C12-C11 -> -1.5 | G12: 32 | H12: =D12-G12 -> 3.478 | I12: =G12/A12 -> 14.611872 | J12: =C12-I12 -> 1.5881279
A13: 2.16 | B13: 1928 | C13: 19.8 | D13: =C13*A13 -> 42.768 | E13: =C13-C12 -> 3.6 | G13: 41 | H13: =D13-G13 -> 1.768 | I13: =G13/A13 -> 18.981481 | J13: =C13-I13 -> 0.81851852
A14: 2.16 | B14: 1929 | C14: 25 | D14: =C14*A14 -> 54 | E14: =C14-C13 -> 5.2 | G14: 52 | H14: =D14-G14 -> 2 | I14: =G14/A14 -> 24.074074 | J14: =C14-I14 -> 0.92592593
A15: 2.5 | B15: 1930 | C15: 13.6 | D15: =C15*A15 -> 34 | E15: =C15-C14 -> -11.4 | G15: 31 | H15: =D15-G15 -> 3 | I15: =G15/A15 -> 12.4 | J15: =C15-I15 -> 1.2
A16: 2.57 | B16: 1931 | C16: 9.7 | D16: =C16*A16 -> 24.929 | E16: =C16-C15 -> -3.9 | G16: 27 | H16: =D16-G16 -> -2.071 | I16: =G16/A16 -> 10.505837 | J16: =C16-I16 -> -0.80583658
A17: 3.09 | B17: 1932 | C17: 31.2 | D17: =C17*A17 -> 96.408 | E17: =C17-C16 -> 21.5 | G17: 76 | H17: =D17-G17 -> 20.408 | I17: =G17/A17 -> 24.595469 | J17: =C17-I17 -> 6.6045307
A18: 3.6 | B18: 1933 | C18: 36.8 | D18: =C18*A18 -> 132.48 | E18: =C18-C17 -> 5.6 | G18: ='Rec y Obligaciones'!C18 -> 131 | H18: =D18-G18 -> 1.48 | I18: =G18/A18 -> 36.388889 | J18: =C18-I18 -> 0.41111111
A19: 3.6 | B19: 1934 | C19: 52.9 | D19: =C19*A19 -> 190.44 | E19: =C19-C18 -> 16.1 | G19: ='Rec y Obligaciones'!C19 -> 191 | H19: =D19-G19 -> -0.56 | I19: =G19/A19 -> 53.055556 | J19: =C19-I19 -> -0.15555556
A20: 3.6 | B20: 1935 | C20: 93.2 | D20: =C20*A20 -> 335.52 | E20: =C20-C19 -> 40.3 | G20: ='Rec y Obligaciones'!C20 -> 335 | H20: =D20-G20 -> 0.52 | I20: =G20/A20 -> 93.055556 | J20: =C20-I20 -> 0.14444444
A21: 3.6 | B21: 1936 | C21: 89 | D21: =C21*A21 -> 320.4 | E21: =C21-C20 -> -4.2 | G21: ='Rec y Obligaciones'!C21 -> 322 | H21: =D21-G21 -> -1.6 | I21: =G21/A21 -> 89.444444 | J21: =C21-I21 -> -0.44444444
A22: 3.6 | B22: 1937 | C22: 55.4 | D22: =C22*A22 -> 199.44 | E22: =C22-C21 -> -33.6 | G22: ='Rec y Obligaciones'!C22 -> 202 | H22: =D22-G22 -> -2.56 | I22: =G22/A22 -> 56.111111 | J22: =C22-I22 -> -0.71111111
A23: 4.91 | B23: 1938 | C23: 43.2 | D23: =C23*A23 -> 212.112 | E23: =C23-C22 -> -12.2 | G23: ='Rec y Obligaciones'!C23 -> 212 | H23: =D23-G23 -> 0.112 | I23: =G23/A23 -> 43.177189 | J23: =C23-I23 -> 0.022810591
A24: 4.85 | B24: 1939 | C24: 41.4 | D24: =C24*A24 -> 200.79 | E24: =C24-C23 -> -1.8 | G24: ='Rec y Obligaciones'!C24 -> 210 | H24: =D24-G24 -> -9.21 | I24: =G24/A24 -> 43.298969 | J24: =C24-I24 -> -1.8989691
A25: 4.86 | B25: 1940 | C25: 63.4 | D25: =C25*A25 -> 308.124 | E25: =C25-C24 -> 22 | G25: ='Rec y Obligaciones'!C25 -> 310 | H25: =D25-G25 -> -1.876 | I25: =G25/A25 -> 63.786008 | J25: =C25-I25 -> -0.38600823
A26: 4.85 | B26: 1941 | C26: 62.3 | D26: =C26*A26 -> 302.155 | E26: =C26-C25 -> -1.1 | G26: ='Rec y Obligaciones'!C26 -> 300 | H26: =D26-G26 -> 2.155 | I26: =G26/A26 -> 61.85567 | J26: =C26-I26 -> 0.4443299
A27: 4.85 | B27: 1942 | C27: 108.3 | D27: =C27*A27 -> 525.255 | E27: =C27-C26 -> 46 | G27: ='Rec y Obligaciones'!C27 -> 493 | H27: =D27-G27 -> 32.255 | I27: =G27/A27 -> 101.64948 | J27: =C27-I27 -> 6.6505155
A28: 4.86 | B28: 1943 | C28: 242.5 | D28: =C28*A28 -> 1178.55 | E28: =C28-C27 -> 134.2 | G28: ='Rec y Obligaciones'!C28 -> 1174 | H28: =D28-G28 -> 4.55 | I28: =G28/A28 -> 241.56379 | J28: =C28-I28 -> 0.93621399
A29: 4.85 | B29: 1944 | C29: 279.5 | D29: =C29*A29 -> 1355.575 | E29: =C29-C28 -> 37 | G29: ='Rec y Obligaciones'!C29 -> 1357 | H29: =D29-G29 -> -1.425 | I29: =G29/A29 -> 279.79381 | J29: =C29-I29 -> -0.29381443
... A63: 22.7 | B63: 1978 | C63: 2379.3 | D63: =C63*A63 -> 54010.11 | E63: =C63-C62 -> 434.2 | G63: ='Rec y Obligaciones'!C63 -> 51606 | H63: =D63-G63 -> 2404.11 | I63: =G63/A63 -> 2273.3921 | J63: =C63-I63 -> 105.90793
A64: 22.8 | B64: 1979 | C64: 2798.3 | D64: =C64*A64 -> 63801.24 | E64: =C64-C63 -> 419 | G64: =D64 -> 63801.24 | H64: =D64-G64 -> 0 | I64: =G64/A64 -> 2798.3 | J64: =C64-I64 -> 0
A65: 23.2 | B65: 1980 | C65: 3932.4 | D65: =C65*A65 -> 91231.68 | E65: =C65-C64 -> 1134.1 | G65: =D65 -> 91231.68 | H65: =D65-G65 -> 0 | I65: =G65/A65 -> 3932.4 | J65: =C65-I65 -> 0
A66: 26 | B66: 1981 | C66: 4840.4 | D66: =C66*A66 -> 125850.4 | E66: =C66-C65 -> 908 | G66: =D66 -> 125850.4 | H66: =D66-G66 -> 0 | I66: =G66/A66 -> 4840.4 | J66: =C66-I66 -> 0
A67: 80.5 | B67: 1982 | C67: 1753 | D67: =C67*A67 -> 141116.5 | E67: =C67-C66 -> -3087.4 | G67: =D67 -> 141116.5 | H67: =D67-G67 -> 0 | I67: =G67/A67 -> 1753 | J67: =C67-I67 -> 0
A68: 142 | B68: 1983 | C68: 4933.1 | D68: =C68*A68 -> 700500.2 | E68: =C68-C67 -> 3180.1 | G68: =D68 -> 700500.2 | H68: =D68-G68 -> 0 | I68: =G68/A68 -> 4933.1 | J68: =C68-I68 -> 0
A69: 190 | B69: 1984 | C69: 8134 | D69: =C69*A69 -> 1545460 | E69: =C69-C68 -> 3200.9 | G69: =D69 -> 1545460 | H69: =D69-G69 -> 0 | I69: =G69/A69 -> 8134 | J69: =C69-I69 -> 0
A70: 354.9 | B70: 1985 | C70: 5598.3 | D70: =C70*A70 -> 1986836.7 | E70: =C70-C69 -> -2535.7 | G70: =D70 -> 1986836.7 | H70: =D70-G70 -> 0 | I70: =G70/A70 -> 5598.3 | J70: =C70-I70 -> 0
A71: 889.8 | B71: 1986 | C71: 6588.6 | D71: =C71*A71 -> 5862536.3 | E71: =C71-C70 -> 990.3 | G71: =D71 -> 5862536.3 | H71: =D71-G71 -> 0 | I71: =G71/A71 -> 6588.6 | J71: =C71-I71 -> 0
A72: 2007.4 | B72: 1987 | C72: 13039.8 | D72: =C72*A72 -> 26176095 | E72: =C72-C71 -> 6451.2 | G72: =D72 -> 26176095 | H72: =D72-G72 -> 0 | I72: =G72/A72 -> 13039.8 | J72: =C72-I72 -> 0
A73: 2281 | B73: 1988 | C73: 6379.4 | D73: =C73*A73 -> 14551411 | E73: =C73-C72 -> -6660.4 | G73: =D73 -> 14551411 | H73: =D73-G73 -> 0 | I73: =G73/A73 -> 6379.4 | J73: =C73-I73 -> 0
A74: 2629.8 | B74: 1989 | C74: 6620.4 | D74: =C74*A74 -> 17410328 | E74: =C74-C73 -> 241 | G74: =D74 -> 17410328 | H74: =D74-G74 -> 0 | I74: =G74/A74 -> 6620.4 | J74: =C74-I74 -> 0
A75: 2940.9 | B75: 1990 | C75: 10168.3 | D75: =C75*A75 -> 29903953 | E75: =C75-C74 -> 3547.9 | G75: =D75 -> 29903953 | H75: =D75-G75 -> 0 | I75: =G75/A75 -> 10168.3 | J75: =C75-I75 -> 0
B77: Fuente: Fernandez (1976) para 1925-1975; Banco de México, Informe Anual (1976-1990)
B78: Nota: La variable relevante es la reserva primaria bruta, no la reserva secundaria.
B80: "Como complemento de la reserva primaria bruta antes indicada, el Banco de México, S.A., cuenta con apoyos secundarios, provenientes de convenios de cooperación monetaria con bancos centrales y de las disponibilidades en el Fondo Monetario Internacional. Al 31 de diciembre de 1980, las reservas secundarias del Banco Central ascendieron a 3 240 millones de dólares, que representaron un incremento de 576 millones de dólares respecto al nivel en diciembre del año anterior."
B84: Fuentes de datos para 1980-1984
B85: Informe Anual, 1980, p. 29
B86: Informe Anual, 1981

Sheet Redescuentos
A2: Período | B2: Redescuentos | D2: Año | E2: Redescuentos Fin | F2: Redescuentos promedio
A5: 01 - 32 | B5: 1512 | D5: 1920 | E5: - | F5: -
A6: 02 - 32 | B6: 3085 | D6: 1921 | E6: - | F6: -
A7: 03 - 32 | B7: 6726 | D7: 1922 | E7: - | F7: -
A8: 04 - 32 | B8: 11214 | D8: 1923 | E8: - | F8: -
A9: 05 - 32 | B9: 14613 | D9: 1924 | E9: - | F9: -
A10: 06 - 32 | B10: 15912 | D10: 1925 | E10: - | F10: -
A11: 07 - 32 | B11: 16819 | D11: 1926 | E11: - | F11: -
A12: 08 - 32 | B12: 18241 | D12: 1927 | E12: - | F12: -
A13: 09 - 32 | B13: 17251 | D13: 1928 | E13: - | F13: -
A14: 10 - 32 | B14: 16205 | D14: 1929 | E14: - | F14: -
A15: 11 - 32 | B15: 16193 | D15: 1930 | E15: - | F15: -
A16: 12 - 32 | B16: 22988 | D16: 1931 | E16: - | F16: -
A17: 01 - 33 | B17: 25768 | D17: 1932 | E17: =B16 -> 22988 | F17: =AVERAGE(B5:B16) -> 13396.583
A18: 02 - 33 | B18: 25957 | D18: 1933 | E18: =B28 -> 25021 | F18: =AVERAGE(B17:B28) -> 26163.417
A19: 03 - 33 | B19: 27893 | D19: 1934 | E19: =B40 -> 34205 | F19: =AVERAGE(B29:B40) -> 31670
A20: 04 - 33 | B20: 25298 | D20: 1935 | E20: =B52 -> 41024 | F20: =AVERAGE(B41:B52) -> 40145.25
A21: 05 - 33 | B21: 24790 | D21: 1936 | E21: =B64 -> 49536 | F21: =AVERAGE(B53:B64) -> 52726.167
A22: 06 - 33 | B22: 24082 | D22: 1937 | E22: =B76 -> 15112 | F22: =AVERAGE(B65:B76) -> 40739.083
A23: 07 - 33 | B23: 23910 | D23: 1938 | E23: =B88 -> 60965 | F23: =AVERAGE(B77:B88) -> 41572.25
A24: 08 - 33 | B24: 25307 | D24: 1939 | E24: =B100 -> 77486 | F24: =AVERAGE(B89:B100) -> 66395.583
A25: 09 - 33 | B25: 28479 | D25: 1940 | E25: =B112 -> 61992 | F25: =AVERAGE(B101:B112) -> 80581
A26: 10 - 33 | B26: 29468
A27: 11 - 33 | B27: 27988
A28: 12 - 33 | B28: 25021
A29: 01 - 34 | B29: 26473
A30: 02 - 34 | B30: 28541
A31: 03 - 34 | B31: 31299
A32: 04 - 34 | B32: 30106
A33: 05 - 34 | B33: 31873
A34: 06 - 34 | B34: 33847
A35: 07 - 34 | B35: 32931
A36: 08 - 34 | B36: 31267
A37: 09 - 34 | B37: 31340
... A112: 12 - 40 | B112: 61992

Sheet Inf-Oferta
A1: Periodo | B1: IPC 1950=100 | C1: Medio circulante mp | D1: Inflación tasa anual | E1: Medio circulante %
A6: 12785 | B6: 24.219639 | C6: 510.2
A7: 12816 | B7: 24.041554 | C7: 517.5
A8: 12844 | B8: 24.066995 | C8: 522.7
A9: 12875 | B9: 23.761705 | C9: 586
A10: 12905 | B10: 23.685383 | C10: 554.7
A11: 12936 | B11: 23.812587 | C11: 556.4
A12: 12966 | B12: 24.041554 | C12: 528.2
A13: 12997 | B13: 24.117876 | C13: 524.7
A14: 13028 | B14: 24.499488 | C14: 528.7
A15: 13058 | B15: 24.24508 | C15: 528.4
A16: 13089 | B16: 23.990672 | C16: 535.3 | E16: =CORREL(D18:D581,E18:E581) -> 0.67231738
A17: 13119 | B17: 23.863468 | C17: 537.7 | D17: Inf | E17: OM
A18: 13150 | B18: 23.761705 | C18: 540.4 | D18: =((B18/B6)-1)*100 -> -1.8907563 | E18: =((C18/C6)-1)*100 -> 5.9192474
A19: 13181 | B19: 23.888909 | C19: 548.4 | D19: =((B19/B7)-1)*100 -> -0.63492063 | E19: =((C19/C7)-1)*100 -> 5.9710145
A20: 13210 | B20: 24.066995 | C20: 548.4 | D20: =((B20/B8)-1)*100 -> 0 | E20: =((C20/C8)-1)*100 -> 4.9167783
A21: 13241 | B21: 24.55037 | C21: 573 | D21: =((B21/B9)-1)*100 -> 3.3190578 | E21: =((C21/C9)-1)*100 -> -2.21843
A22: 13271 | B22: 24.855659 | C22: 578 | D22: =((B22/B10)-1)*100 -> 4.9409237 | E22: =((C22/C10)-1)*100 -> 4.2004687
A23: 13302 | B23: 24.982863 | C23: 589.1 | D23: =((B23/B11)-1)*100 -> 4.9145299 | E23: =((C23/C11)-1)*100 -> 5.8770669
A24: 13332 | B24: 25.669765 | C24: 596.9 | D24: =((B24/B12)-1)*100 -> 6.7724868 | E24: =((C24/C12)-1)*100 -> 13.006437
A25: 13363 | B25: 26.178581 | C25: 606.5 | D25: =((B25/B13)-1)*100 -> 8.5443038 | E25: =((C25/C13)-1)*100 -> 15.589861
A26: 13394 | B26: 27.09445 | C26: 640.7 | D26: =((B26/B14)-1)*100 -> 10.5919 | E26: =((C26/C14)-1)*100 -> 21.184036
A27: 13424 | B27: 27.170772 | C27: 628 | D27: =((B27/B15)-1)*100 -> 12.067156 | E27: =((C27/C15)-1)*100 -> 18.849357
A28: 13455 | B28: 27.42518 | C28: 638.7 | D28: =((B28/B16)-1)*100 -> 14.316013 | E28: =((C28/C16)-1)*100 -> 19.316271
A29: 13485 | B29: 26.840042 | C29: 659.3 | D29: =((B29/B17)-1)*100 -> 12.473348 | E29: =((C29/C17)-1)*100 -> 22.614841
... A556: 29526 | B556: 1193.8078 | C556: 406900 | D556: =((B556/B544)-1)*100 -> 28.766633 | E556: =((C556/C544)-1)*100 -> 36.334182
A557: 29556 | B557: 1225.119 | C557: 461200 | D557: =((B557/B545)-1)*100 -> 29.846681 | E557: =((C557/C545)-1)*100 -> 33.083249 | H557: .
A558: 29587 | B558: 1264.5899 | C558: 439400 | D558: =((B558/B546)-1)*100 -> 27.79952 | E558: =((C558/C546)-1)*100 -> 34.620098
A559: 29618 | B559: 1295.6521 | C559: 444300 | D559: =((B559/B547)-1)*100 -> 27.980114 | E559: =((C559/C547)-1)*100 -> 34.189067
A560: 29646 | B560: 1323.3674 | C560: 458200 | D560: =((B560/B548)-1)*100 -> 28.08266 | E560: =((C560/C548)-1)*100 -> 34.330108
A561: 29677 | B561: 1353.2127 | C561: 470300 | D561: =((B561/B549)-1)*100 -> 28.721028 | E561: =((C561/C549)-1)*100 -> 39.762259
A562: 29707 | B562: 1373.6811 | C562: 482700 | D562: =((B562/B550)-1)*100 -> 28.570681 | E562: =((C562/C550)-1)*100 -> 39.831981
A563: 29738 | B563: 1392.8772 | C563: 487800 | D563: =((B563/B551)-1)*100 -> 27.832352 | E563: =((C563/C551)-1)*100 -> 33.643836
A564: 29768 | B564: 1417.4116 | C564: 483000 | D564: =((B564/B552)-1)*100 -> 26.550265 | E564: =((C564/C552)-1)*100 -> 32.838284
A565: 29799 | B565: 1446.6207 | C565: 484800 | D565: =((B565/B553)-1)*100 -> 26.536345 | E565: =((C565/C553)-1)*100 -> 32.134096
A566: 29830 | B566: 1473.5339 | C566: 481500 | D566: =((B566/B554)-1)*100 -> 27.474811 | E566: =((C566/C554)-1)*100 -> 30.629409
A567: 29860 | B567: 1506.2281 | C567: 503900 | D567: =((B567/B555)-1)*100 -> 28.358954 | E567: =((C567/C555)-1)*100 -> 31.70413
A568: 29891 | B568: 1535.2158 | C568: 534600 | D568: =((B568/B556)-1)*100 -> 28.598232 | E568: =((C568/C556)-1)*100 -> 31.383632
A569: 29921 | B569: 1576.5399 | C569: 612400 | D569: =((B569/B557)-1)*100 -> 28.684633 | E569: =((C569/C557)-1)*100 -> 32.784042
... A581: 30286 | B581: 3134.8518 | C581: 991500 | D581: =((B581/B569)-1)*100 -> 98.843803 | E581: =((C581/C569)-1)*100 -> 61.903984
B582: Fuente: Banco de México (1925-1985)
